Workbook
Name _____________ANX1: #REF!
Name _____________ANX1: #REF!
Name _____________ANX1: #REF!
Name _____________ANX2: #REF!
Name _____________ANX2: #REF!
Name _____________ANX2: #REF!
Name _____________ANX3: #REF!
Name _____________ANX3: #REF!
Name _____________ANX3: #REF!
Name _____________SCH11: #REF!
Name _____________SCH11: #REF!
Name ____________ANX1: #REF!
Name ____________ANX1: #REF!
Name ____________ANX2: #REF!
Name ____________ANX2: #REF!
Name ____________ANX3: #REF!
Name ____________ANX3: #REF!
Name ____________SCH11: #REF!
Name ____________SCH11: #REF!
Name ___________ANX1: #REF!
Name ___________ANX1: #REF!
Name ___________ANX2: #REF!
Name ___________ANX2: #REF!
Name ___________ANX3: #REF!
Name ___________ANX3: #REF!
Name ___________SCH11: #REF!
Name ___________SCH11: #REF!
Name __________ANX1: #REF!
Name __________ANX1: #REF!
Name __________ANX2: #REF!
Name __________ANX2: #REF!
Name __________ANX3: #REF!
Name __________ANX3: #REF!
Name __________SCH11: #REF!
Name __________SCH11: #REF!
Name _________ANX1: #REF!
Name _________ANX1: #REF!
Name _________ANX2: #REF!
Name _________ANX2: #REF!
Name _________ANX3: #REF!
Name _________ANX3: #REF!
Name _________SCH11: #REF!
Name _________SCH11: #REF!
Name ________ANX1: #REF!
Name ________ANX1: #REF!
Name ________ANX2: #REF!
Name ________ANX2: #REF!
Name ________ANX3: #REF!
Name ________ANX3: #REF!
Name ________SCH11: #REF!
Name ________SCH11: #REF!
Name _______ANX1: #REF!
Name _______ANX1: #REF!
Name _______ANX2: #REF!
Name _______ANX2: #REF!
Name _______ANX3: #REF!
Name _______ANX3: #REF!
Name _______SCH11: #REF!
Name _______SCH11: #REF!
Name ______ANX1: #REF!

Sheet GEN INFO(MBBS & PG)
C2: APPENDIX - I
C3: GENERAL INFORMATION OF THE SOCIETY / INSTITUTION
D5: PLEASE NOTE THAT YOU SHOULD FILL IN PARTICULARS FOR ONLY THOSE PROGRAMMES WHICH ARE OFFERED IN THE COLLEGE AND DELETE THOSE WHICH ARE NOT OFFERED IN ALL THE SCHEDULES WHERE APPLICABLE
D8: NAME OF THE SOCIETY /TRUST : | F8: PRATHIMA EDUCATIONAL SOCIETY
D10: ADDRESS OF THE TRUST | I10: PRATHIMA , PLOT NO.213 , ROAD NO.1 , FILM NAGAR , HYDERABAD-96
D12: NO. OF INSTITUTIONS UNDER THE SOCIETY | I12: 3
D14: NAMES OF THE INSTITUTIONS UNDER THE SOCIETY
D16: S.No. | E16: NAME | I16: PROGRAMMES
D18: A | E18: PRATHIMA INSTITUTE OF MEDICAL SCIENCES | I18: MBBS & PG
D19: B | E19: PRATHIMA COLLEGE OF NURSING | I19: B.SC(N) , M.Sc(N) and GNM
D20: C | E20: PRATHIMA INSTITUTE OF MEDICAL SCIENCES | I20: B.Sc(MLT) , B.Sc(Allied) & Para Medical
D22: ADDRESS OF THE INSTITUTION | I22: VILLAGE NAGUNURU , DIST KARIMNAGAR, TELANGANA STATE
D24: DETAILS OF SANCTIONED PROGRAMMES, INTAKE & STUDENTS ADMITTED FOR THE YEAR 2024-25
D26: S.NO. | E26: SANCTIONED | I26: STUDENTS ADMITTED | K26: FEE PROPOSAL FOR THE BLOCK PERIOD 2026-27 to 2028-29
E27: COURSE | F27: YEAR | G27: BRANCH | H27: INTAKE | I27: CATEGORY | J27: INTAKE
D28: Under Graduate Course:
D29: 1 | E29: M.B.B.S | F29: 1ST YEAR | G29: ECE-1 | H29: 125 | I29: A | J29: 125 | K29: Fee proposed for thee Block Period Rs.9.76 Lakshs per instalment. Old existing students continue to pay at respective rates
H30: 87 | I30: B | J30: 87
H31: 38 | I31: C | J31: 38
F32: Sub Total | H32: =SUM(H29:H31) -> 250 | J32: =SUM(J29:J31) -> 250
F33: 2ND YEAR | G33: ECE-2 | H33: 125 | I33: A | J33: 125
H34: 87 | I34: B | J34: 87
H35: 38 | I35: C | J35: 38
F36: Sub Total | H36: =SUM(H33:H35) -> 250 | J36: =SUM(J33:J35) -> 250
F37: 3RD YEAR | G37: EEE | H37: 100 | I37: A | J37: 100
H38: 70 | I38: B | J38: 69
H39: 30 | I39: C | J39: 30
F40: Sub Total | H40: =SUM(H37:H39) -> 200 | J40: =SUM(J37:J39) -> 199
F41: 4TH YEAR | G41: MECH | H41: 113 | I41: A | J41: 113
H42: 77 | I42: B | J42: 77
H43: 38 | I43: C | J43: 38
F44: Sub Total | H44: =SUM(H41:H43) -> 228 | J44: =SUM(J41:J43) -> 228
F45: 5TH YEAR | G45: MECH | H45: 100 | I45: A | J45: 100
H46: 70 | I46: B | J46: 69
H47: 30 | I47: C | J47: 30
F48: Sub Total | H48: =SUM(H45:H47) -> 200 | J48: =SUM(J45:J47) -> 199
D49: TOTAL | H49: =+H44+H40+H36+H32+H48 -> 1128 | J49: =+J44+J40+J36+J32+J48 -> 1126
D50: Post Graduate Courses:
D51: 2 | E51: CLINICAL DEGREE | F51: YEAR | G51: INTAKE | H51: INTAKE | I51: CATEGORY | J51: INTAKE | K51: Fee proposed for thee Block Period Rs.17.32 Lakshs per student. Old existing students continue to pay at respective rates
E53: ENT | F53: IST YEAR | H53: 1 | I53: Competent Authourity | J53: 1
H54: 1 | I54: Management seats | J54: 1
F56: 2ND YEAR | H56: 1 | I56: Competent Authourity | J56: 1
H57: 1 | I57: Management seats | J57: 1
F59: 3RD YEAR | H59: 1 | I59: Competent Authourity | J59: 1
H60: 1 | I60: Management seats | J60: 1
E62: Opthalmology | F62: IST YEAR | H62: 3 | I62: Competent Authourity | J62: 3
H63: 3 | I63: Management seats | J63: 3
F65: 2ND YEAR | H65: 3 | I65: Competent Authourity | J65: 3
H66: 3 | I66: Management seats | J66: 3
F68: 3RD YEAR | H68: 3 | I68: Competent Authourity | J68: 3
H69: 3 | I69: Management seats | J69: 3
E71: General Medicine | F71: IST YEAR | H71: 11 | I71: Competent Authourity | J71: 11
H72: 10 | I72: Management seats | J72: 10
F74: 2ND YEAR | H74: 10 | I74: Competent Authourity | J74: 10
H75: 11 | I75: Management seats | J75: 11
F77: 3RD YEAR | H77: 11 | I77: Competent Authourity | J77: 11
H78: 10 | I78: Management seats | J78: 10
E80: General Surgery | F80: IST YEAR | H80: 10 | I80: Competent Authourity | J80: 10
H81: 10 | I81: Management seats | J81: 10
F83: 2ND YEAR | H83: 10 | I83: Competent Authourity | J83: 10
H84: 10 | I84: Management seats | J84: 10
F86: 3RD YEAR | H86: 10 | I86: Competent Authourity | J86: 10
H87: 10 | I87: Management seats | J87: 10
E89: Obstestrics & Gynaecology | F89: IST YEAR | H89: 6 | I89: Competent Authourity | J89: 6
H90: 6 | I90: Management seats | J90: 6
F92: 2ND YEAR | H92: 6 | I92: Competent Authourity | J92: 6
H93: 6 | I93: Management seats | J93: 6
F95: 3RD YEAR | H95: 6 | I95: Competent Authourity | J95: 6
H96: 6 | I96: Management seats | J96: 6
E98: Paedritics | F98: IST YEAR | H98: 5 | I98: Competent Authourity | J98: 5
H99: 5 | I99: Management seats | J99: 5
F101: 2ND YEAR | H101: 6 | I101: Competent Authourity | J101: 6
H102: 6 | I102: Management seats | J102: 6
F104: 3RD YEAR | H104: 6 | I104: Competent Authourity | J104: 6
H105: 6 | I105: Management seats | J105: 6
E107: Orthopaedics | F107: IST YEAR | H107: 6 | I107: Competent Authourity | J107: 6
H108: 6 | I108: Management seats | J108: 6
F110: 2ND YEAR | H110: 6 | I110: Competent Authourity | J110: 6
H111: 6 | I111: Management seats | J111: 6
F113: 3RD YEAR | H113: 6 | I113: Competent Authourity | J113: 6
H114: 6 | I114: Management seats | J114: 6
E116: Dermatology | F116: IST YEAR | H116: 2 | I116: Competent Authourity | J116: 2
H117: 1 | I117: Management seats | J117: 1
F119: 2ND YEAR | H119: 1 | I119: Competent Authourity | J119: 1
H120: 2 | I120: Management seats | J120: 2
F122: 3RD YEAR | H122: 2 | I122: Competent Authourity | J122: 2
H123: 1 | I123: Management seats | J123: 1
E125: Pulmonology | F125: IST YEAR | H125: 2 | I125: Competent Authourity | J125: 2
H126: 1 | I126: Management seats | J126: 1
F128: 2ND YEAR | H128: 1 | I128: Competent Authourity | J128: 1
H129: 2 | I129: Management seats | J129: 2
F131: 3RD YEAR | H131: 2 | I131: Competent Authourity | J131: 2
H132: 1 | I132: Management seats | J132: 1
E134: Radiology | F134: IST YEAR | H134: 5 | I134: Competent Authourity | J134: 5
H135: 5 | I135: Management seats | J135: 5
F137: 2ND YEAR | H137: 5 | I137: Competent Authourity | J137: 5
H138: 5 | I138: Management seats | J138: 5
F140: 3RD YEAR | H140: 5 | I140: Competent Authourity | J140: 5
H141: 5 | I141: Management seats | J141: 5
E143: Anaesthesiology | F143: IST YEAR | H143: 10 | I143: Competent Authourity | J143: 10
...

Sheet Statement1(MBBS&PG)
B2: PRATHIMA INSTITUTE OF MEDICAL SCIENCES STATEMENT-1
J3: Amount in Rs.
B4: INCOME & EXPENDITURE STATEMENT OF THE INSTITUTION FOR THE FINANCIAL YEAR 2023-24 & 2024-25
B5: PARTICULARS | F5: MBBS | H5: PG | J5: CONSOLIDATED
F6: FOR THE PERIOD FROM 01/04/2023 TO 31/03/2024 | G6: FOR THE PERIOD FROM 01/04/2024 TO 31/03/2025 | H6: FOR THE PERIOD FROM 01/04/2023 TO 31/03/2024 | I6: FOR THE PERIOD FROM 01/04/2024 TO 31/03/2025 | J6: FOR THE PERIOD FROM 01/04/2023 TO 31/03/2024 | K6: FOR THE PERIOD FROM 01/04/2024 TO 31/03/2025
B7: INCOME:
C8: Fee Collection | F8: 683555000 | G8: 729335000 | H8: 420482325 | I8: 563673100 | J8: 1104037325 | K8: 1293008100
E9: Less Development Fund (NRI) | F9: 0 | G9: 0 | H9: 0 | I9: 0 | J9: 0 | K9: 0
E10: Net Collection : (Fee Collection - Development Fund) | F10: 683555000 | G10: 729335000 | H10: 420482325 | I10: 563673100 | J10: 1104037325 | K10: 1293008100
E11: Special fee | F11: 0 | G11: 0 | H11: 0 | I11: 0 | J11: 0 | K11: 0
C12: OTHER INCOME
D13: Income from Patients | F13: 1.6676711e+08 | G13: 1.9691301e+08 | H13: 59924671 | I13: 67677919 | J13: 2.2669178e+08 | K13: 2.6459093e+08
D14: Interest Received | F14: 0 | G14: 0 | H14: 0 | I14: 0 | J14: 0 | K14: 0
D15: College Bus FeeCollections | F15: 0 | G15: 0 | H15: 0 | I15: 0 | J15: 0 | K15: 0
D16: Interest on AICTE FDRs | F16: 21844019 | G16: 24172336 | H16: 7849243.4 | I16: 8307898.8 | J16: 29693262 | K16: 32480235
D17: Interest on Electricity Deposits | F17: 23988.998 | G17: 629072.31 | H17: 8620.002 | I17: 216208.69 | J17: 32609 | K17: 845281
D18: Surplus from Seminars | F18: 0 | G18: 0 | H18: 0 | I18: 0 | J18: 0 | K18: 0
D19: Miscellaneous Income | F19: 22906887 | G19: 1408031.4 | H19: 8231165.4 | I19: 483932.64 | J19: 31138052 | K19: 1891964.1
D20: Any other Income (specify Head-wise)
E21: Pharmacy Sales | F21: 8701670.7 | G21: 11074378 | H21: 3126784.2 | I21: 3806202.6 | J21: 11828455 | K21: 14880580
E22: Hostel / Other Fee | F22: 99747235 | G22: 1.0834883e+08 | H22: 35842321 | I22: 37238898 | J22: 1.3558956e+08 | K22: 1.4558773e+08
C23: Revenue Grants
C24: Donations & Contributions
B25: TOTAL INCOME | F25: =+SUM(F10:F24) -> 1.0035459e+09 | G25: =+SUM(G10:G24) -> 1.0718807e+09 | H25: =+SUM(H10:H24) -> 5.3546513e+08 | I25: =+SUM(I10:I24) -> 6.8140416e+08 | J25: =+SUM(J10:J24) -> 1.539011e+09 | K25: =+SUM(K10:K24) -> 1.7532848e+09
B27: EXPENDITURE
C28: SALARIES
D29: Department wise Staff (Clinical) Salaries | F29: 1.0472825e+08 | G29: 90802469 | H29: 1.3677051e+08 | I29: 1.2220851e+08 | J29: 241498762 | K29: 213010978
E30: Eligible Staff
D31: Department wise Staff (Non-Clinical) Salaries | F31: 33000794 | G31: 39151228 | H31: 45210181 | I31: 51773703 | J31: 78210975 | K31: 90924931
E32: Eligible Staff
D33: Ancillary Serivices Staff Salaries | F33: 45480317 | G33: 52572026 | H33: 45480317 | I33: 52572026 | J33: 90960634 | K33: 1.0514405e+08
E34: Eligible Staff
C36: Administrative & Other Expenses | F36: 5.0803487e+08 | G36: 5.2045875e+08 | H36: 3.8096767e+08 | I36: 3.9012858e+08 | J36: 8.8900253e+08 | K36: 9.1058733e+08
C37: Finance Costs | F37: 30890897 | G37: 32521821 | H37: 0 | I37: 0 | J37: 30890897 | K37: 32521821
C38: Depreciation | F38: 91418208 | G38: 96149551 | H38: 8285241 | I38: 5381900.6 | J38: 99703449 | K38: 1.0153145e+08
C39: Utilisation of Revenue Grants | F39: 0 | G39: 0 | H39: 0 | I39: 0 | J39: 0 | K39: 0
B40: TOTAL EXPENDITURE | F40: =+SUM(F27:F39) -> 8.1355333e+08 | G40: =+SUM(G27:G39) -> 8.3165585e+08 | H40: =+SUM(H27:H39) -> 6.1671392e+08 | I40: =+SUM(I27:I39) -> 6.2206472e+08 | J40: =+SUM(J27:J39) -> 1.4302673e+09 | K40: =+SUM(K27:K39) -> 1.4537206e+09
C41: Surplus/ (Deficit) | F41: =F25-F40 -> 1.8999257e+08 | G41: =G25-G40 -> 2.4022482e+08 | H41: =H25-H40 -> -81248786 | I41: =I25-I40 -> 59339440 | J41: =J25-J40 -> 1.0874379e+08 | K41: =K25-K40 -> 2.9956426e+08
B42: SANCTIONED INTAKE / APPROVED BY UNIVERSITY | F42: 1077 | G42: 1126 | H42: 387 | I42: 387 | J42: 1464 | K42: 1513
B43: AVERAGE EXPENDITURE PER STUDENT | F43: =F40/F42 -> 755388.43 | G43: =G40/G42 -> 738593.11 | H43: =H40/H42 -> 1593576 | I43: =I40/I42 -> 1607402.4 | J43: =J40/J42 -> 976958.51 | K43: =K40/K42 -> 960819.94

Sheet Statement2(PIMS MBBS&PG)
B2: NAME OF THE SOCIETY | F2: PRATHIMA EDUCATION SOCIETY | J2: STATEMENT - 2
J3: Amount in Rs.
B4: INCOME & EXPENDITURE STATEMENT OF THE SOCIETY FOR THE FINANCIAL YEAR 2023-24 & 2024-25 FOR THE FINANCIAL YEAR 2020-21 , 2021-22 & 2022-23
B5: PARTICULARS | F5: SOCIETY | H5: PIMS (MBBS & PG) | J5: NURSING & BSC(MLT) , BSC(AHS) & PARA MEDICAL
F6: FOR THE PERIOD FROM 01/04/2023 TO 31/03/2024 | G6: FOR THE PERIOD FROM 01/04/2024 TO 31/03/2025 | H6: FOR THE PERIOD FROM 01/04/2023 TO 31/03/2024 | I6: FOR THE PERIOD FROM 01/04/2024 TO 31/03/2025 | J6: FOR THE PERIOD FROM 01/04/2023 TO 31/03/2024 | K6: FOR THE PERIOD FROM 01/04/2024 TO 31/03/2025
B7: INCOME:
C8: Fee Collection | F8: 1132356825 | G8: 1335340600 | H8: 1104037325 | I8: 1293008100 | J8: 28319500 | K8: 42332500
E9: Less Development Fund (NRI) | F9: 0 | G9: 0 | H9: 0 | I9: 0 | J9: 0 | K9: 0
E10: Net Collection : (Fee Collection - Development Fund) | F10: 1132356825 | G10: 1335340600 | H10: 1104037325 | I10: 1293008100 | J10: 28319500 | K10: 42332500
E11: Special fee | F11: 0 | G11: 0 | H11: 0 | I11: 0 | J11: 0 | K11: 0
C12: OTHER INCOME
D13: Income from Patients | F13: 2.2669178e+08 | G13: 2.6459093e+08 | H13: 2.2669178e+08 | I13: 2.6459093e+08 | J13: 0 | K13: 0
D14: Interest Received | F14: 0 | G14: 0 | H14: 0 | I14: 0 | J14: 0 | K14: 0
D15: College Bus FeeCollections | F15: 0 | G15: 0 | H15: 0 | I15: 0 | J15: 0 | K15: 0
D16: Interest on AICTE FDRs | F16: 29693262 | G16: 32480235 | H16: 29693262 | I16: 32480235 | J16: 0 | K16: 0
D17: Interest on Electricity Deposits | F17: 32609 | G17: 845281 | H17: 32609 | I17: 845281 | J17: 0 | K17: 0
D18: Surplus from Seminars | F18: 0 | G18: 0 | H18: 0 | I18: 0 | J18: 0 | K18: 0
D19: Miscellaneous Income | F19: 31138052 | G19: 1891964.1 | H19: 31138052 | I19: 1891964.1 | J19: 0 | K19: 0
D20: Any other Income (specify Head-wise)
E21: Pharmacy Sales | F21: 11828455 | G21: 14880580 | H21: 11828455 | I21: 14880580 | J21: 0 | K21: 0
E22: Hostel / Other Fee | F22: 1.3558956e+08 | G22: 1.4558773e+08 | H22: 1.3558956e+08 | I22: 1.4558773e+08 | J22: 0 | K22: 0
C23: Revenue Grants
C24: Donations & Contributions
B25: TOTAL INCOME | F25: =+SUM(F10:F24) -> 1.5673305e+09 | G25: =+SUM(G10:G24) -> 1.7956173e+09 | H25: =+SUM(H10:H24) -> 1.539011e+09 | I25: =+SUM(I10:I24) -> 1.7532848e+09 | J25: =+SUM(J10:J24) -> 28319500 | K25: =+SUM(K10:K24) -> 42332500
B27: EXPENDITURE
C28: SALARIES
D29: Department wise Staff (Clinical) Salaries | F29: 241498762 | G29: 213010978 | H29: 241498762 | I29: 213010978 | J29: 13352339 | K29: 24158653
E30: Eligible Staff
D31: Department wise Staff (Non-Clinical) Salaries | F31: 78210975 | G31: 90924931 | H31: 78210975 | I31: 90924931 | J31: 0 | K31: 0
E32: Eligible Staff
D33: Ancillary Serivices Staff Salaries | F33: 121199093 | G33: 147603759 | H33: 90960634 | I33: 1.0514405e+08 | J33: 16886120 | K33: 18301053
E34: Eligible Staff
C36: Administrative & Other Expenses | F36: 8.8900253e+08 | G36: 9.1058733e+08 | H36: 8.8900253e+08 | I36: 9.1058733e+08 | J36: 0 | K36: 0
C37: Finance Costs | F37: 30890897 | G37: 32521821 | H37: 30890897 | I37: 32521821 | J37: 0 | K37: 0
C38: Depreciation | F38: 1.0006939e+08 | G38: 1.0189739e+08 | H38: 99703449 | I38: 1.0153145e+08 | J38: 365936.82 | K38: 365936.82
C39: Utilisation of Revenue Grants | F39: 0 | G39: 0 | H39: 0 | I39: 0 | J39: 0 | K39: 0
B40: TOTAL EXPENDITURE | F40: =+SUM(F27:F39) -> 1.4608716e+09 | G40: =+SUM(G27:G39) -> 1.4965462e+09 | H40: =+SUM(H27:H39) -> 1.4302673e+09 | I40: =+SUM(I27:I39) -> 1.4537206e+09 | J40: =+SUM(J27:J39) -> 30604396 | K40: =+SUM(K27:K39) -> 42825643
C41: Surplus/ (Deficit) | F41: =F25-F40 -> 1.0645889e+08 | G41: =G25-G40 -> 2.9907112e+08 | H41: =H25-H40 -> 1.0874379e+08 | I41: =I25-I40 -> 2.9956426e+08 | J41: =J25-J40 -> -2284895.8 | K41: =K25-K40 -> -493142.82
B42: SANCTIONED INTAKE / APPROVED BY UNIVERSITY | F42: 2249 | G42: 2500 | H42: 1464 | I42: 1513 | J42: 785 | K42: 987
B43: AVERAGE EXPENDITURE PER STUDENT | F43: =F40/F42 -> 649564.98 | G43: =G40/G42 -> 598618.48 | H43: =H40/H42 -> 976958.51 | I43: =I40/I42 -> 960819.94 | J43: =J40/J42 -> 38986.491 | K43: =K40/K42 -> 43389.709

Sheet SCH-1(MBBS & PG)
C3: NAME OF THE INSTITUTION PRATHIMA INSTITUTE OF MEDICAL SCIENCES
C5: CODE OF THE INSTITUTION | L5: SCHEDULE - 1
C7: DETAILS OF FEE COLLECTIONS FOR ALL THE PROGRAMMES IN THE INSTITUTION FOR THE FINANCIAL YEAR 2024-25 , 2023-24 , 2022-23 & 2021-22
V8: AMOUNT IN Rs.
C9: S.No. | D9: PROGRAMME | E9: YEAR | F9: SANCTIONED | G9: FEE COLLECTIONS | K9: SANCTIONED | L9: FEE COLLECTIONS | P9: SANCTIONED | Q9: FEE COLLECTIONS | U9: SANCTIONED | V9: FEE COLLECTIONS
G10: CATEGORY | H10: ACADEMIC YEAR 2024-25 | L10: CATEGORY | M10: ACADEMIC YEAR 2023-24 | Q10: CATEGORY | R10: ACADEMIC YEAR 2022-23 | V10: CATEGORY | W10: ACADEMIC YEAR 2021-22
F11: INTAKE | H11: ADMITTED | I11: FEE | J11: TOTAL FEE | K11: INTAKE | M11: ADMITTED | N11: FEE | O11: TOTAL FEE | P11: INTAKE | R11: ADMITTED | S11: FEE | T11: TOTAL FEE | U11: INTAKE | W11: ADMITTED | X11: FEE | Y11: TOTAL FEE
C12: UNDER-GRADUATE COURSE:
I13: 1 | J13: 3=(1+2)
C14: 1 | D14: =+'[1]GEN INFO'!E35 -> M.B.B.S | E14: IST YEAR | F14: 125 | G14: A | H14: 125 | I14: 60000 | J14: =I14*H14 -> 7500000 | K14: 125 | L14: A | M14: 125 | N14: 60000 | O14: =N14*M14 -> 7500000 | P14: 100 | Q14: A | R14: 100 | S14: 60000 | T14: =S14*R14 -> 6000000 | U14: 113 | V14: A | W14: 113 | X14: 60000 | Y14: =X14*W14 -> 6780000
F15: 87 | G15: B | H15: 87 | I15: 1200000 | J15: =I15*H15 -> 104400000 | K15: 87 | L15: B | M15: 87 | N15: 1200000 | O15: =N15*M15 -> 104400000 | P15: 70 | Q15: B | R15: 70 | S15: 1155000 | T15: =S15*R15 -> 80850000 | U15: 77 | V15: B | W15: 77 | X15: 1155000 | Y15: =X15*W15 -> 88935000
F16: 26 | G16: C1 | H16: 26 | I16: 1200000 | J16: =I16*H16 -> 31200000 | K16: 20 | L16: C1 | M16: 20 | N16: 1200000 | O16: =N16*M16 -> 24000000 | P16: 27 | Q16: C1 | R16: 27 | S16: 1155000 | T16: =S16*R16 -> 31185000 | U16: 30 | V16: C1 | W16: 30 | X16: 1155000 | Y16: =X16*W16 -> 34650000
F17: 12 | G17: C2 | H17: 12 | I17: 2400000 | J17: =I17*H17 -> 28800000 | K17: 18 | L17: C2 | M17: 18 | N17: =O17/M17 -> 1777777.8 | O17: 32000000 | P17: 3 | Q17: C2 | R17: 3 | S17: 2310000 | T17: =S17*R17 -> 6930000 | U17: 8 | V17: C2 | W17: 8 | X17: 2310000 | Y17: =X17*W17 -> 18480000
E18: Sub Total | F18: =SUM(F14:F17) -> 250 | G18: TOTAL | H18: =SUM(H14:H17) -> 250 | J18: =SUM(J14:J17) -> 171900000 | K18: =SUM(K14:K17) -> 250 | L18: TOTAL | M18: =SUM(M14:M17) -> 250 | O18: =SUM(O14:O17) -> 167900000 | P18: =SUM(P14:P17) -> 200 | Q18: TOTAL | R18: =SUM(R14:R17) -> 200 | T18: =SUM(T14:T17) -> 124965000 | U18: =SUM(U14:U17) -> 228 | V18: TOTAL | W18: =SUM(W14:W17) -> 228 | Y18: =SUM(Y14:Y17) -> 148845000
E19: 2ND YEAR | F19: 125 | G19: A | H19: 125 | I19: 60000 | J19: =I19*H19 -> 7500000 | K19: 100 | L19: A | M19: 100 | N19: 60000 | O19: =N19*M19 -> 6000000 | P19: 113 | Q19: A | R19: 113 | S19: 60000 | T19: =S19*R19 -> 6780000 | U19: 100 | V19: A | W19: 100 | X19: 60000 | Y19: =X19*W19 -> 6000000
F20: 87 | G20: B | H20: 87 | I20: 1200000 | J20: =I20*H20 -> 104400000 | K20: 70 | L20: B | M20: 70 | N20: 1155000 | O20: =N20*M20 -> 80850000 | P20: 77 | Q20: B | R20: 77 | S20: 1155000 | T20: =S20*R20 -> 88935000 | U20: 70 | V20: B | W20: 70 | X20: 1155000 | Y20: =X20*W20 -> 80850000
F21: 20 | G21: C1 | H21: 20 | I21: 1200000 | J21: =I21*H21 -> 24000000 | K21: 27 | L21: C1 | M21: 27 | N21: 1155000 | O21: =N21*M21 -> 31185000 | P21: 30 | Q21: C1 | R21: 30 | S21: 1155000 | T21: =S21*R21 -> 34650000 | U21: 30 | V21: C | W21: 30 | X21: 1155000 | Y21: =X21*W21 -> 34650000
F22: 18 | G22: C2 | H22: 18 | I22: =J22/H22 -> 1777777.8 | J22: 32000000 | K22: 3 | L22: C2 | M22: 3 | N22: 2310000 | O22: =N22*M22 -> 6930000 | P22: 8 | Q22: C2 | R22: 8 | S22: 2310000 | T22: =S22*R22 -> 18480000
E23: Sub Total | F23: =SUM(F19:F22) -> 250 | G23: TOTAL | H23: =SUM(H19:H22) -> 250 | J23: =SUM(J19:J22) -> 167900000 | K23: =SUM(K19:K22) -> 200 | L23: TOTAL | M23: =SUM(M19:M22) -> 200 | O23: =SUM(O19:O22) -> 124965000 | P23: =SUM(P19:P22) -> 228 | Q23: TOTAL | R23: =SUM(R19:R22) -> 228 | T23: =SUM(T19:T22) -> 148845000 | U23: =SUM(U19:U22) -> 200 | V23: TOTAL | W23: =SUM(W19:W22) -> 200 | Y23: =SUM(Y19:Y22) -> 121500000
E24: 3RD YEAR | F24: 100 | G24: A | H24: 100 | I24: 60000 | J24: =I24*H24 -> 6000000 | K24: 113 | L24: A | M24: 113 | N24: 60000 | O24: =N24*M24 -> 6780000 | P24: 100 | Q24: A | R24: 100 | S24: 60000 | T24: =S24*R24 -> 6000000 | U24: 100 | V24: A | W24: 100 | X24: 60000 | Y24: =W24*X24 -> 6000000
F25: 70 | G25: B | H25: 69 | I25: 1155000 | J25: =I25*H25 -> 79695000 | K25: 77 | L25: B | M25: 77 | N25: 1155000 | O25: =N25*M25 -> 88935000 | P25: 70 | Q25: B | R25: 70 | S25: 1155000 | T25: =S25*R25 -> 80850000 | U25: 69 | V25: B | W25: 69 | X25: 1155000 | Y25: =W25*X25 -> 79695000
F26: 27 | G26: C1 | H26: 27 | I26: 1155000 | J26: =I26*H26 -> 31185000 | K26: 30 | L26: C1 | M26: 30 | N26: 1155000 | O26: =N26*M26 -> 34650000 | P26: 30 | Q26: C | R26: 30 | S26: 1155000 | T26: =S26*R26 -> 34650000 | U26: 31 | V26: C | W26: 30 | X26: 1155000 | Y26: =W26*X26 -> 34650000
F27: 3 | G27: C2 | H27: 3 | I27: 2310000 | J27: =I27*H27 -> 6930000 | K27: 8 | L27: C2 | M27: 8 | N27: 2310000 | O27: =N27*M27 -> 18480000
E28: Sub Total | F28: =SUM(F24:F27) -> 200 | G28: TOTAL | H28: =SUM(H24:H27) -> 199 | J28: =SUM(J24:J27) -> 123810000 | K28: =SUM(K24:K27) -> 228 | L28: TOTAL | M28: =SUM(M24:M27) -> 228 | O28: =SUM(O24:O27) -> 148845000 | P28: =SUM(P24:P27) -> 200 | Q28: TOTAL | R28: =SUM(R24:R27) -> 200 | T28: =SUM(T24:T27) -> 121500000 | U28: =SUM(U24:U27) -> 200 | V28: TOTAL | W28: =SUM(W24:W27) -> 199 | Y28: =SUM(Y24:Y27) -> 120345000
E29: 4TH YEAR | F29: 113 | G29: A | H29: 113 | I29: 60000 | J29: =I29*H29 -> 6780000 | K29: 100 | L29: A | M29: 100 | N29: 60000 | O29: =N29*M29 -> 6000000 | P29: 100 | Q29: A | R29: 100 | S29: 60000 | T29: =S29*R29 -> 6000000 | U29: 100 | V29: A | W29: 100 | X29: 60000 | Y29: =W29*X29 -> 6000000
F30: 77 | G30: B | H30: 77 | I30: 1155000 | J30: =I30*H30 -> 88935000 | K30: 70 | L30: B | M30: 70 | N30: 1155000 | O30: =N30*M30 -> 80850000 | P30: 69 | Q30: B | R30: 69 | S30: 1155000 | T30: =S30*R30 -> 79695000 | U30: 70 | V30: B | W30: 70 | X30: 1155000 | Y30: =W30*X30 -> 80850000
F31: 30 | G31: C1 | H31: 30 | I31: 1155000 | J31: =I31*H31 -> 34650000 | K31: 30 | L31: C | M31: 30 | N31: 1155000 | O31: =N31*M31 -> 34650000 | P31: 31 | Q31: C | R31: 30 | S31: 1155000 | T31: =S31*R31 -> 34650000 | U31: 23 | V31: C1 | W31: 23 | X31: 1155000 | Y31: =W31*X31 -> 26565000
F32: 8 | G32: C2 | H32: 8 | I32: 2310000 | J32: =I32*H32 -> 18480000 | U32: 7 | V32: C2 | W32: 7 | X32: 2310000 | Y32: =W32*X32 -> 16170000
E33: Sub Total | F33: =SUM(F29:F32) -> 228 | G33: TOTAL | H33: =SUM(H29:H32) -> 228 | J33: =SUM(J29:J32) -> 148845000 | K33: =SUM(K29:K32) -> 200 | L33: TOTAL | M33: =SUM(M29:M32) -> 200 | O33: =SUM(O29:O32) -> 121500000 | P33: =SUM(P29:P32) -> 200 | Q33: TOTAL | R33: =SUM(R29:R32) -> 199 | T33: =SUM(T29:T32) -> 120345000 | U33: =SUM(U29:U32) -> 200 | V33: TOTAL | W33: =SUM(W29:W32) -> 200 | Y33: =SUM(Y29:Y32) -> 129585000
E34: 5TH YEAR | F34: 100 | G34: A | H34: 100 | I34: 60000 | J34: =I34*H34 -> 6000000 | K34: 100 | L34: A | M34: 100 | N34: 60000 | O34: =N34*M34 -> 6000000 | P34: 100 | Q34: A | R34: 100 | S34: 60000 | T34: =S34*R34 -> 6000000 | U34: 100 | V34: A | W34: 100 | X34: 60000 | Y34: =W34*X34 -> 6000000
F35: 70 | G35: B | H35: 69 | I35: 1155000 | J35: =I35*H35 -> 79695000 | K35: 69 | L35: B | M35: 69 | N35: 1155000 | O35: =N35*M35 -> 79695000 | P35: 70 | Q35: B | R35: 70 | S35: 1155000 | T35: =S35*R35 -> 80850000 | U35: 70 | V35: B | W35: 70 | X35: 1155000 | Y35: =W35*X35 -> 80850000
F36: 30 | G36: C | H36: 30 | I36: 1155000 | J36: =I36*H36 -> 34650000 | K36: 31 | L36: C | M36: 30 | N36: 1155000 | O36: =N36*M36 -> 34650000 | P36: 23 | Q36: C1 | R36: 23 | S36: 1155000 | T36: =S36*R36 -> 26565000 | U36: 27 | V36: C1 | W36: 27 | X36: 1155000 | Y36: =W36*X36 -> 31185000
E37: Sub Total | P37: 7 | Q37: C2 | R37: 7 | S37: 2310000 | T37: =S37*R37 -> 16170000 | U37: 3 | V37: C2 | W37: 3 | X37: 2310000 | Y37: =W37*X37 -> 6930000
C38: TOTAL | F38: =SUM(F34:F37) -> 200 | G38: TOTAL | H38: =SUM(H34:H37) -> 199 | J38: =SUM(J34:J37) -> 120345000 | K38: =SUM(K34:K37) -> 200 | L38: TOTAL | M38: =SUM(M34:M37) -> 199 | O38: =SUM(O34:O37) -> 120345000 | P38: =SUM(P34:P37) -> 200 | Q38: TOTAL | R38: =SUM(R34:R37) -> 200 | T38: =SUM(T34:T37) -> 129585000 | U38: =SUM(U34:U37) -> 200 | V38: TOTAL | W38: =SUM(W34:W37) -> 200 | Y38: =SUM(Y34:Y37) -> 124965000
C39: POST-GRADUATE COURSE: | F39: =F38+F33+F28+F23+F18 -> 1128 | H39: =H38+H33+H28+H23+H18 -> 1126 | J39: =J38+J33+J28+J23+J18 -> 732800000 | K39: =K38+K33+K28+K23+K18 -> 1078 | M39: =M38+M33+M28+M23+M18 -> 1077 | O39: =O38+O33+O28+O23+O18 -> 683555000 | P39: =P38+P33+P28+P23+P18 -> 1028 | R39: =R38+R33+R28+R23+R18 -> 1027 | T39: =T38+T33+T28+T23+T18 -> 645240000 | U39: =U38+U33+U28+U23+U18 -> 1028 | W39: =W38+W33+W28+W23+W18 -> 1027 | Y39: =Y38+Y33+Y28+Y23+Y18 -> 645240000
C40: 2 | D40: =+'[1]GEN INFO'!E57 -> CLINICAL DEGREE
D41: ENT
E42: IST YEAR | F42: 1 | G42: Competent Authourity | H42: 1 | I42: =J42/H42 -> 750000 | J42: 750000 | K42: 1 | L42: Competent Authourity | M42: 1 | N42: =O42/M42 -> 450000 | O42: 450000 | P42: 1 | Q42: Competent Authourity | R42: 1 | S42: =T42/R42 -> 375000 | T42: 375000 | U42: 1 | V42: Competent Authourity | W42: 1 | X42: =Y42/W42 -> 375000 | Y42: 375000
F43: 1 | G43: Management seats | H43: 1 | I43: =J43/H43 -> 2300000 | J43: 2300000 | K43: 1 | L43: Management seats | M43: 1 | N43: =O43/M43 -> 2300000 | O43: 2300000 | P43: 1 | Q43: Management seats | R43: 1 | S43: =T43/R43 -> 1380000 | T43: 1380000 | U43: 1 | V43: Management seats | W43: 1 | X43: =Y43/W43 -> 1380000 | Y43: 1380000
E44: 2ND YEAR | F44: 1 | G44: Competent Authourity | H44: 1 | I44: =J44/H44 -> 450000 | J44: 450000 | K44: 1 | L44: Competent Authourity | M44: 1 | N44: =O44/M44 -> 375000 | O44: 375000 | P44: 1 | Q44: Competent Authourity | R44: 1 | S44: =T44/R44 -> 375000 | T44: 375000 | U44: 1 | V44: Competent Authourity | W44: 1 | X44: =Y44/W44 -> 375000 | Y44: 375000
F45: 1 | G45: Management seats | H45: 1 | I45: =J45/H45 -> 2300000 | J45: 2300000 | K45: 1 | L45: Management seats | M45: 1 | N45: =O45/M45 -> 1380000 | O45: 1380000 | P45: 1 | Q45: Management seats | R45: 1 | S45: =T45/R45 -> 1380000 | T45: 1380000 | U45: 1 | V45: Management seats | W45: 1 | X45: =Y45/W45 -> 1380000 | Y45: 1380000
E46: 3RD YEAR | F46: 1 | G46: Competent Authourity | H46: 1 | I46: =J46/H46 -> 375000 | J46: 375000 | K46: 1 | L46: Competent Authourity | M46: 1 | N46: =O46/M46 -> 375000 | O46: 375000 | P46: 1 | Q46: Competent Authourity | R46: 1 | S46: =T46/R46 -> 375000 | T46: 375000 | U46: 1 | V46: Competent Authourity | W46: 1 | X46: =Y46/W46 -> 362250 | Y46: 362250
F47: 1 | G47: Management seats | H47: 1 | I47: =J47/H47 -> 1380000 | J47: 1380000 | K47: 1 | L47: Management seats | M47: 1 | N47: =O47/M47 -> 1380000 | O47: 1380000 | P47: 1 | Q47: Management seats | R47: 1 | S47: =T47/R47 -> 1380000 | T47: 1380000 | U47: 1 | V47: Management seats | W47: 1 | X47: =Y47/W47 -> 1250000 | Y47: 1250000
E48: Sub Total | F48: =SUM(F42:F47) -> 6 | G48: TOTAL | H48: =SUM(H42:H47) -> 6 | J48: =SUM(J42:J47) -> 7555000 | K48: =SUM(K42:K47) -> 6 | L48: TOTAL | M48: =SUM(M42:M47) -> 6 | O48: =SUM(O42:O47) -> 6260000 | P48: =SUM(P42:P47) -> 6 | Q48: TOTAL | R48: =SUM(R42:R47) -> 6 | T48: =SUM(T42:T47) -> 5265000 | U48: =SUM(U42:U47) -> 6 | V48: TOTAL | W48: =SUM(W42:W47) -> 6 | Y48: =SUM(Y42:Y47) -> 5122250
D49: Opthalmology
E50: IST YEAR | F50: 3 | G50: Competent Authourity | H50: 3 | I50: =J50/H50 -> 750000 | J50: 2250000 | K50: 3 | L50: Competent Authourity | M50: 3 | N50: =O50/M50 -> 450000 | O50: 1350000 | P50: 3 | Q50: Competent Authourity | R50: 3 | S50: =T50/R50 -> 375000 | T50: 1125000 | U50: 3 | V50: Competent Authourity | W50: 3 | X50: =Y50/W50 -> 375000 | Y50: 1125000
F51: 3 | G51: Management seats | H51: 3 | I51: =J51/H51 -> 3900000 | J51: 11700000 | K51: 3 | L51: Management seats | M51: 3 | N51: =O51/M51 -> 2070000 | O51: 6210000 | P51: 3 | Q51: Management seats | R51: 3 | S51: =T51/R51 -> 1380000 | T51: 4140000 | U51: 3 | V51: Management seats | W51: 3 | X51: =Y51/W51 -> 1380000 | Y51: 4140000
E52: 2ND YEAR | F52: 3 | G52: Competent Authourity | H52: 3 | I52: =J52/H52 -> 450000 | J52: 1350000 | K52: 3 | L52: Competent Authourity | M52: 3 | N52: =O52/M52 -> 375000 | O52: 1125000 | P52: 3 | Q52: Competent Authourity | R52: 3 | S52: =T52/R52 -> 375000 | T52: 1125000 | U52: 3 | V52: Competent Authourity | W52: 3 | X52: =Y52/W52 -> 375000 | Y52: 1125000
F53: 3 | G53: Management seats | H53: 3 | I53: =J53/H53 -> 2070000 | J53: 6210000 | K53: 3 | L53: Management seats | M53: 3 | N53: =O53/M53 -> 1380000 | O53: 4140000 | P53: 3 | Q53: Management seats | R53: 3 | S53: =T53/R53 -> 1380000 | T53: 4140000 | U53: 3 | V53: Management seats | W53: 3 | X53: =Y53/W53 -> 1380000 | Y53: 4140000
E54: 3RD YEAR | F54: 3 | G54: Competent Authourity | H54: 3 | I54: =J54/H54 -> 375000 | J54: 1125000 | K54: 3 | L54: Competent Authourity | M54: 3 | N54: =O54/M54 -> 375000 | O54: 1125000 | P54: 3 | Q54: Competent Authourity | R54: 3 | S54: =T54/R54 -> 375000 | T54: 1125000 | U54: 3 | V54: Competent Authourity | W54: 3 | X54: =Y54/W54 -> 362250 | Y54: 1086750
F55: 3 | G55: Management seats | H55: 3 | I55: =J55/H55 -> 1380000 | J55: 4140000 | K55: 3 | L55: Management seats | M55: 3 | N55: =O55/M55 -> 1380000 | O55: 4140000 | P55: 3 | Q55: Management seats | R55: 3 | S55: =T55/R55 -> 1380000 | T55: 4140000 | U55: 3 | V55: Management seats | W55: 3 | X55: =Y55/W55 -> 1256833.3 | Y55: 3770500
E56: Sub Total | F56: =SUM(F50:F55) -> 18 | G56: TOTAL | H56: =SUM(H50:H55) -> 18 | J56: =SUM(J50:J55) -> 26775000 | K56: =SUM(K50:K55) -> 18 | L56: TOTAL | M56: =SUM(M50:M55) -> 18 | O56: =SUM(O50:O55) -> 18090000 | P56: =SUM(P50:P55) -> 18 | Q56: TOTAL | R56: =SUM(R50:R55) -> 18 | T56: =SUM(T50:T55) -> 15795000 | U56: =SUM(U50:U55) -> 18 | V56: TOTAL | W56: =SUM(W50:W55) -> 18 | Y56: =SUM(Y50:Y55) -> 15387250
D57: General Medicine
E58: IST YEAR | F58: 11 | G58: Competent Authourity | H58: 11 | I58: =J58/H58 -> 750000 | J58: 8250000 | K58: 10 | L58: Competent Authourity | M58: 10 | N58: =O58/M58 -> 450000 | O58: 4500000 | P58: 11 | Q58: Competent Authourity | R58: 11 | S58: =T58/R58 -> 375000 | T58: 4125000 | U58: 10 | V58: Competent Authourity | W58: 10 | X58: =Y58/W58 -> 375000 | Y58: 3750000
F59: 10 | G59: Management seats | H59: 10 | I59: =J59/H59 -> 3720000 | J59: 37200000 | K59: 11 | L59: Management seats | M59: 11 | N59: =O59/M59 -> 2760000 | O59: 30360000 | P59: 10 | Q59: Management seats | R59: 10 | S59: =T59/R59 -> 1380000 | T59: 13800000 | U59: 11 | V59: Management seats | W59: 11 | X59: =Y59/W59 -> 1380000 | Y59: 15180000
E60: 2ND YEAR | F60: 10 | G60: Competent Authourity | H60: 10 | I60: =J60/H60 -> 450000 | J60: 4500000 | K60: 11 | L60: Competent Authourity | M60: 11 | N60: =O60/M60 -> 375000 | O60: 4125000 | P60: 10 | Q60: Competent Authourity | R60: 10 | S60: =T60/R60 -> 375000 | T60: 3750000 | U60: 11 | V60: Competent Authourity | W60: 11 | X60: =Y60/W60 -> 375000 | Y60: 4125000
F61: 11 | G61: Management seats | H61: 11 | I61: =J61/H61 -> 2760000 | J61: 30360000 | K61: 10 | L61: Management seats | M61: 10 | N61: =O61/M61 -> 1380000 | O61: 13800000 | P61: 11 | Q61: Management seats | R61: 11 | S61: =T61/R61 -> 1380000 | T61: 15180000 | U61: 10 | V61: Management seats | W61: 10 | X61: =Y61/W61 -> 1380000 | Y61: 13800000
E62: 3RD YEAR | F62: 11 | G62: Competent Authourity | H62: 11 | I62: =J62/H62 -> 375000 | J62: 4125000 | K62: 10 | L62: Competent Authourity | M62: 10 | N62: =O62/M62 -> 375000 | O62: 3750000 | P62: 11 | Q62: Competent Authourity | R62: 11 | S62: =T62/R62 -> 375000 | T62: 4125000 | U62: 10 | V62: Competent Authourity | W62: 10 | X62: =Y62/W62 -> 362250 | Y62: 3622500
F63: 10 | G63: Management seats | H63: 10 | I63: =J63/H63 -> 1380000 | J63: 13800000 | K63: 11 | L63: Management seats | M63: 11 | N63: =O63/M63 -> 1380000 | O63: 15180000 | P63: 10 | Q63: Management seats | R63: 10 | S63: =T63/R63 -> 1380000 | T63: 13800000 | U63: 11 | V63: Management seats | W63: 11 | X63: =Y63/W63 -> 1261181.8 | Y63: 13873000
E64: Sub Total | F64: =SUM(F58:F63) -> 63 | G64: TOTAL | H64: =SUM(H58:H63) -> 63 | J64: =SUM(J58:J63) -> 98235000 | K64: =SUM(K58:K63) -> 63 | L64: TOTAL | M64: =SUM(M58:M63) -> 63 | O64: =SUM(O58:O63) -> 71715000 | P64: =SUM(P58:P63) -> 63 | Q64: TOTAL | R64: =SUM(R58:R63) -> 63 | T64: =SUM(T58:T63) -> 54780000 | U64: =SUM(U58:U63) -> 63 | V64: TOTAL | W64: =SUM(W58:W63) -> 63 | Y64: =SUM(Y58:Y63) -> 54350500
D65: General Surgery
E66: IST YEAR | F66: 10 | G66: Competent Authourity | H66: 10 | I66: =J66/H66 -> 750000 | J66: 7500000 | K66: 10 | L66: Competent Authourity | M66: 10 | N66: =O66/M66 -> 450000 | O66: 4500000 | P66: 10 | Q66: Competent Authourity | R66: 10 | S66: =T66/R66 -> 375000 | T66: 3750000 | U66: 10 | V66: Competent Authourity | W66: 10 | X66: =Y66/W66 -> 375000 | Y66: 3750000
F67: 10 | G67: Management seats | H67: 10 | I67: =J67/H67 -> 2840000 | J67: 28400000 | K67: 10 | L67: Management seats | M67: 10 | N67: =O67/M67 -> 1955000 | O67: 19550000 | P67: 10 | Q67: Management seats | R67: 10 | S67: =T67/R67 -> 1380000 | T67: 13800000 | U67: 10 | V67: Management seats | W67: 10 | X67: =Y67/W67 -> 1380000 | Y67: 13800000
E68: 2ND YEAR | F68: 10 | G68: Competent Authourity | H68: 10 | I68: =J68/H68 -> 450000 | J68: 4500000 | K68: 10 | L68: Competent Authourity | M68: 10 | N68: =O68/M68 -> 375000 | O68: 3750000 | P68: 10 | Q68: Competent Authourity | R68: 10 | S68: =T68/R68 -> 375000 | T68: 3750000 | U68: 10 | V68: Competent Authourity | W68: 10 | X68: =Y68/W68 -> 375000 | Y68: 3750000
F69: 10 | G69: Management seats | H69: 10 | I69: =J69/H69 -> 1955000 | J69: 19550000 | K69: 10 | L69: Management seats | M69: 10 | N69: =O69/M69 -> 1380000 | O69: 13800000 | P69: 10 | Q69: Management seats | R69: 10 | S69: =T69/R69 -> 1380000 | T69: 13800000 | U69: 10 | V69: Management seats | W69: 10 | X69: =Y69/W69 -> 1380000 | Y69: 13800000
E70: 3RD YEAR | F70: 10 | G70: Competent Authourity | H70: 10 | I70: =J70/H70 -> 375000 | J70: 3750000 | K70: 10 | L70: Competent Authourity | M70: 10 | N70: =O70/M70 -> 375000 | O70: 3750000 | P70: 10 | Q70: Competent Authourity | R70: 10 | S70: =T70/R70 -> 375000 | T70: 3750000 | U70: 10 | V70: Competent Authourity | W70: 10 | X70: =Y70/W70 -> 362250 | Y70: 3622500
F71: 10 | G71: Management seats | H71: 10 | I71: =J71/H71 -> 1380000 | J71: 13800000 | K71: 10 | L71: Management seats | M71: 10 | N71: =O71/M71 -> 1380000 | O71: 13800000 | P71: 10 | Q71: Management seats | R71: 10 | S71: =T71/R71 -> 1380000 | T71: 13800000 | U71: 10 | V71: Management seats | W71: 10 | X71: =Y71/W71 -> 1260250 | Y71: 12602500
E72: Sub Total | F72: =SUM(F66:F71) -> 60 | G72: TOTAL | H72: =SUM(H66:H71) -> 60 | J72: =SUM(J66:J71) -> 77500000 | K72: =SUM(K66:K71) -> 60 | L72: TOTAL | M72: =SUM(M66:M71) -> 60 | O72: =SUM(O66:O71) -> 59150000 | P72: =SUM(P66:P71) -> 60 | Q72: TOTAL | R72: =SUM(R66:R71) -> 60 | T72: =SUM(T66:T71) -> 52650000 | U72: =SUM(U66:U71) -> 60 | V72: TOTAL | W72: =SUM(W66:W71) -> 60 | Y72: =SUM(Y66:Y71) -> 51325000
D73: Obstestrics & Gynaecology
E74: IST YEAR | F74: 6 | G74: Competent Authourity | H74: 6 | I74: =J74/H74 -> 750000 | J74: 4500000 | K74: 6 | L74: Competent Authourity | M74: 6 | N74: =O74/M74 -> 450000 | O74: 2700000 | P74: 6 | Q74: Competent Authourity | R74: 6 | S74: =T74/R74 -> 375000 | T74: 2250000 | U74: 7 | V74: Competent Authourity | W74: 7 | X74: =Y74/W74 -> 375000 | Y74: 2625000
F75: 6 | G75: Management seats | H75: 6 | I75: =J75/H75 -> 3866666.7 | J75: 23200000 | K75: 6 | L75: Management seats | M75: 6 | N75: =O75/M75 -> 2721666.7 | O75: 16330000 | P75: 6 | Q75: Management seats | R75: 6 | S75: =T75/R75 -> 3220000 | T75: 19320000 | U75: 6 | V75: Management seats | W75: 6 | X75: =Y75/W75 -> 1380000 | Y75: 8280000
E76: 2ND YEAR | F76: 6 | G76: Competent Authourity | H76: 6 | I76: =J76/H76 -> 450000 | J76: 2700000 | K76: 6 | L76: Competent Authourity | M76: 6 | N76: =O76/M76 -> 375000 | O76: 2250000 | P76: 7 | Q76: Competent Authourity | R76: 7 | S76: =T76/R76 -> 375000 | T76: 2625000 | U76: 6 | V76: Competent Authourity | W76: 6 | X76: =Y76/W76 -> 375000 | Y76: 2250000
F77: 6 | G77: Management seats | H77: 6 | I77: =J77/H77 -> 2721666.7 | J77: 16330000 | K77: 6 | L77: Management seats | M77: 6 | N77: =O77/M77 -> 3220000 | O77: 19320000 | P77: 6 | Q77: Management seats | R77: 6 | S77: =T77/R77 -> 1380000 | T77: 8280000 | U77: 6 | V77: Management seats | W77: 6 | X77: =Y77/W77 -> 1380000 | Y77: 8280000
E78: 3RD YEAR | F78: 6 | G78: Competent Authourity | H78: 6 | I78: =J78/H78 -> 375000 | J78: 2250000 | K78: 7 | L78: Competent Authourity | M78: 7 | N78: =O78/M78 -> 375000 | O78: 2625000 | P78: 6 | Q78: Competent Authourity | R78: 6 | S78: =T78/R78 -> 375000 | T78: 2250000 | U78: 6 | V78: Competent Authourity | W78: 6 | X78: =Y78/W78 -> 362250 | Y78: 2173500
F79: 6 | G79: Management seats | H79: 6 | I79: =J79/H79 -> 3220000 | J79: 19320000 | K79: 6 | L79: Management seats | M79: 6 | N79: =O79/M79 -> 1380000 | O79: 8280000 | P79: 6 | Q79: Management seats | R79: 6 | S79: =T79/R79 -> 1380000 | T79: 8280000 | U79: 6 | V79: Management seats | W79: 6 | X79: =Y79/W79 -> 1260250 | Y79: 7561500
E80: Sub Total | F80: =SUM(F74:F79) -> 36 | G80: TOTAL | H80: =SUM(H74:H79) -> 36 | J80: =SUM(J74:J79) -> 68300000 | K80: =SUM(K74:K79) -> 37 | L80: TOTAL | M80: =SUM(M74:M79) -> 37 | O80: =SUM(O74:O79) -> 51505000 | P80: =SUM(P74:P79) -> 37 | Q80: TOTAL | R80: =SUM(R74:R79) -> 37 | T80: =SUM(T74:T79) -> 43005000 | U80: =SUM(U74:U79) -> 37 | V80: TOTAL | W80: =SUM(W74:W79) -> 37 | Y80: =SUM(Y74:Y79) -> 31170000
D81: Paedritics
E82: IST YEAR | F82: 5 | G82: Competent Authourity | H82: 5 | I82: =J82/H82 -> 750000 | J82: 3750000 | K82: 6 | L82: Competent Authourity | M82: 6 | N82: =O82/M82 -> 450000 | O82: 2700000 | P82: 6 | Q82: Competent Authourity | R82: 6 | S82: =T82/R82 -> 375000 | T82: 2250000 | U82: 6 | V82: Competent Authourity | W82: 6 | X82: =Y82/W82 -> 375000 | Y82: 2250000
F83: 5 | G83: Management seats | H83: 5 | I83: =J83/H83 -> 4180000 | J83: 20900000 | K83: 6 | L83: Management seats | M83: 6 | N83: =O83/M83 -> 1955000 | O83: 11730000 | P83: 6 | Q83: Management seats | R83: 6 | S83: =T83/R83 -> 1380000 | T83: 8280000 | U83: 6 | V83: Management seats | W83: 6 | X83: =Y83/W83 -> 1380000 | Y83: 8280000
E84: 2ND YEAR | F84: 6 | G84: Competent Authourity | H84: 6 | I84: =J84/H84 -> 450000 | J84: 2700000 | K84: 6 | L84: Competent Authourity | M84: 6 | N84: =O84/M84 -> 375000 | O84: 2250000 | P84: 6 | Q84: Competent Authourity | R84: 6 | S84: =T84/R84 -> 375000 | T84: 2250000 | U84: 6 | V84: Competent Authourity | W84: 6 | X84: =Y84/W84 -> 375000 | Y84: 2250000
F85: 6 | G85: Management seats | H85: 6 | I85: =J85/H85 -> 1955000 | J85: 11730000 | K85: 6 | L85: Management seats | M85: 6 | N85: =O85/M85 -> 1380000 | O85: 8280000 | P85: 6 | Q85: Management seats | R85: 6 | S85: =T85/R85 -> 1380000 | T85: 8280000 | U85: 6 | V85: Management seats | W85: 6 | X85: =Y85/W85 -> 1380000 | Y85: 8280000
E86: 3RD YEAR | F86: 6 | G86: Competent Authourity | H86: 6 | I86: =J86/H86 -> 375000 | J86: 2250000 | K86: 6 | L86: Competent Authourity | M86: 6 | N86: =O86/M86 -> 375000 | O86: 2250000 | P86: 6 | Q86: Competent Authourity | R86: 6 | S86: =T86/R86 -> 375000 | T86: 2250000 | U86: 6 | V86: Competent Authourity | W86: 6 | X86: =Y86/W86 -> 362250 | Y86: 2173500
F87: 6 | G87: Management seats | H87: 6 | I87: =J87/H87 -> 1380000 | J87: 8280000 | K87: 6 | L87: Management seats | M87: 6 | N87: =O87/M87 -> 1380000 | O87: 8280000 | P87: 6 | Q87: Management seats | R87: 6 | S87: =T87/R87 -> 1380000 | T87: 8280000 | U87: 6 | V87: Management seats | W87: 6 | X87: =Y87/W87 -> 1260250 | Y87: 7561500
E88: Sub Total | F88: =SUM(F82:F87) -> 34 | G88: TOTAL | H88: =SUM(H82:H87) -> 34 | J88: =SUM(J82:J87) -> 49610000 | K88: =SUM(K82:K87) -> 36 | L88: TOTAL | M88: =SUM(M82:M87) -> 36 | O88: =SUM(O82:O87) -> 35490000 | P88: =SUM(P82:P87) -> 36 | Q88: TOTAL | R88: =SUM(R82:R87) -> 36 | T88: =SUM(T82:T87) -> 31590000 | U88: =SUM(U82:U87) -> 36 | V88: TOTAL | W88: =SUM(W82:W87) -> 36 | Y88: =SUM(Y82:Y87) -> 30795000
D89: Orthopaedics
E90: IST YEAR | F90: 6 | G90: Competent Authourity | H90: 6 | I90: =J90/H90 -> 750000 | J90: 4500000 | K90: 6 | L90: Competent Authourity | M90: 6 | N90: =O90/M90 -> 450000 | O90: 2700000 | P90: 6 | Q90: Competent Authourity | R90: 6 | S90: =T90/R90 -> 375000 | T90: 2250000 | U90: 6 | V90: Competent Authourity | W90: 6 | X90: =Y90/W90 -> 375000 | Y90: 2250000
F91: 6 | G91: Management seats | H91: 6 | I91: =J91/H91 -> 4600000 | J91: 27600000 | K91: 6 | L91: Management seats | M91: 6 | N91: =O91/M91 -> 2721666.7 | O91: 16330000 | P91: 6 | Q91: Management seats | R91: 6 | S91: =T91/R91 -> 1380000 | T91: 8280000 | U91: 6 | V91: Management seats | W91: 6 | X91: =Y91/W91 -> 1380000 | Y91: 8280000
E92: 2ND YEAR | F92: 6 | G92: Competent Authourity | H92: 6 | I92: =J92/H92 -> 450000 | J92: 2700000 | K92: 6 | L92: Competent Authourity | M92: 6 | N92: =O92/M92 -> 375000 | O92: 2250000 | P92: 6 | Q92: Competent Authourity | R92: 6 | S92: =T92/R92 -> 375000 | T92: 2250000 | U92: 6 | V92: Competent Authourity | W92: 6 | X92: =Y92/W92 -> 542500 | Y92: 3255000
F93: 6 | G93: Management seats | H93: 6 | I93: =J93/H93 -> 2721666.7 | J93: 16330000 | K93: 6 | L93: Management seats | M93: 6 | N93: =O93/M93 -> 1380000 | O93: 8280000 | P93: 6 | Q93: Management seats | R93: 6 | S93: =T93/R93 -> 1380000 | T93: 8280000 | U93: 6 | V93: Management seats | W93: 6 | X93: =Y93/W93 -> 1380000 | Y93: 8280000
E94: 3RD YEAR | F94: 6 | G94: Competent Authourity | H94: 6 | I94: =J94/H94 -> 375000 | J94: 2250000 | K94: 6 | L94: Competent Authourity | M94: 6 | N94: =O94/M94 -> 375000 | O94: 2250000 | P94: 6 | Q94: Competent Authourity | R94: 6 | S94: =T94/R94 -> 542500 | T94: 3255000 | U94: 5 | V94: Competent Authourity | W94: 5 | X94: =Y94/W94 -> 362250 | Y94: 1811250
F95: 6 | G95: Management seats | H95: 6 | I95: =J95/H95 -> 1380000 | J95: 8280000 | K95: 6 | L95: Management seats | M95: 6 | N95: =O95/M95 -> 1380000 | O95: 8280000 | P95: 6 | Q95: Management seats | R95: 6 | S95: =T95/R95 -> 1380000 | T95: 8280000 | U95: 5 | V95: Management seats | W95: 5 | X95: =Y95/W95 -> 1258200 | Y95: 6291000
E96: Sub Total | F96: =SUM(F90:F95) -> 36 | G96: TOTAL | H96: =SUM(H90:H95) -> 36 | J96: =SUM(J90:J95) -> 61660000 | K96: =SUM(K90:K95) -> 36 | L96: TOTAL | M96: =SUM(M90:M95) -> 36 | O96: =SUM(O90:O95) -> 40090000 | P96: =SUM(P90:P95) -> 36 | Q96: TOTAL | R96: =SUM(R90:R95) -> 36 | T96: =SUM(T90:T95) -> 32595000 | U96: =SUM(U90:U95) -> 34 | V96: TOTAL | W96: =SUM(W90:W95) -> 34 | Y96: =SUM(Y90:Y95) -> 30167250
D97: Dermatology
E98: IST YEAR | F98: 2 | G98: Competent Authourity | H98: 2 | I98: =J98/H98 -> 750000 | J98: 1500000 | K98: 1 | L98: Competent Authourity | M98: 1 | N98: =O98/M98 -> 450000 | O98: 450000 | P98: 2 | Q98: Competent Authourity | R98: 2 | S98: =T98/R98 -> 375000 | T98: 750000 | U98: 2 | V98: Competent Authourity | W98: 2 | X98: =Y98/W98 -> 375000 | Y98: 750000
F99: 1 | G99: Management seats | H99: 1 | I99: =J99/H99 -> 2300000 | J99: 2300000 | K99: 2 | L99: Management seats | M99: 2 | N99: =O99/M99 -> 4255000 | O99: 8510000 | P99: 1 | Q99: Management seats | R99: 1 | S99: =T99/R99 -> 1380000 | T99: 1380000 | U99: 2 | V99: Management seats | W99: 2 | X99: =Y99/W99 -> 1380000 | Y99: 2760000
E100: 2ND YEAR | F100: 1 | G100: Competent Authourity | H100: 1 | I100: =J100/H100 -> 450000 | J100: 450000 | K100: 2 | L100: Competent Authourity | M100: 2 | N100: =O100/M100 -> 375000 | O100: 750000 | P100: 2 | Q100: Competent Authourity | R100: 2 | S100: =T100/R100 -> 375000 | T100: 750000 | U100: 2 | V100: Competent Authourity | W100: 2 | X100: =Y100/W100 -> 375000 | Y100: 750000
F101: 2 | G101: Management seats | H101: 2 | I101: =J101/H101 -> 4255000 | J101: 8510000 | K101: 1 | L101: Management seats | M101: 1 | N101: =O101/M101 -> 1380000 | O101: 1380000 | P101: 2 | Q101: Management seats | R101: 2 | S101: =T101/R101 -> 1380000 | T101: 2760000 | U101: 1 | V101: Management seats | W101: 1 | X101: =Y101/W101 -> 1380000 | Y101: 1380000
E102: 3RD YEAR | F102: 2 | G102: Competent Authourity | H102: 2 | I102: =J102/H102 -> 375000 | J102: 750000 | K102: 2 | L102: Competent Authourity | M102: 2 | N102: =O102/M102 -> 375000 | O102: 750000 | P102: 2 | Q102: Competent Authourity | R102: 2 | S102: =T102/R102 -> 375000 | T102: 750000 | U102: 1 | V102: Competent Authourity | W102: 1 | X102: =Y102/W102 -> 362250 | Y102: 362250
F103: 1 | G103: Management seats | H103: 1 | I103: =J103/H103 -> 1380000 | J103: 1380000 | K103: 2 | L103: Management seats | M103: 2 | N103: =O103/M103 -> 1380000 | O103: 2760000 | P103: 1 | Q103: Management seats | R103: 1 | S103: =T103/R103 -> 1380000 | T103: 1380000 | U103: 2 | V103: Management seats | W103: 2 | X103: =Y103/W103 -> 1260250 | Y103: 2520500
E104: Sub Total | F104: =SUM(F98:F103) -> 9 | G104: TOTAL | H104: =SUM(H98:H103) -> 9 | J104: =SUM(J98:J103) -> 14890000 | K104: =SUM(K98:K103) -> 10 | L104: TOTAL | M104: =SUM(M98:M103) -> 10 | O104: =SUM(O98:O103) -> 14600000 | P104: =SUM(P98:P103) -> 10 | Q104: TOTAL | R104: =SUM(R98:R103) -> 10 | T104: =SUM(T98:T103) -> 7770000 | U104: =SUM(U98:U103) -> 10 | V104: TOTAL | W104: =SUM(W98:W103) -> 10 | Y104: =SUM(Y98:Y103) -> 8522750
...

Sheet SCH-2
E2: NAME OF THE COLLEGE PRATHIMA INSTITUTE OF MEDICAL SCIENCES
H3: SCHEDULE-2
B4: STATEMENT OF INCOME FROM PATIENTS OF THE INSTITUTION FOR THE FINANCIAL YEAR 2023-24 & 2024-25
I5: Amount in Rs.
B6: PARTICULARS | F6: FINANCIAL YEARS 2023-24 & 2024-25
F7: COURSES OFFERED
F8: M.B.B.S | H8: PG
F9: FOR THE PERIOD FROM 01/04/2024 TO 31/03/2025 (2024-25) | G9: FOR THE PERIOD FROM 01/04/2023 TO 31/03/2024 ( 2023-24) | H9: FOR THE PERIOD FROM 01/04/2024 TO 31/03/2025 (2024-25) | I9: FOR THE PERIOD FROM 01/04/2023 TO 31/03/2024 (2023-24)
B12: (1) | C12: Fee From Patients:
B13: a) | C13: In Patents | F13: 51140188 | G13: 41806496 | H13: 17576601 | I13: 15022390
B14: b) | C14: Out Patents | F14: 3201226.2 | G14: 2702755 | H14: 1100243.8 | I14: 971184.96
B15: c) | C15: Investigation Charges (Blood Tests, ECG, X-ray, CTC, MRI, Culture etc., | F15: 35591243 | G15: 29189244 | H15: 12232514 | I15: 10488614
B16: d) | C16: Other Charges from Patients (Specify with details)
B17: (2) | C17: Total Fee from Patients (a)+(b)+(c)+(d) | F17: =SUM(F13:F16) -> 89932656 | G17: =SUM(G13:G16) -> 73698496 | H17: =SUM(H13:H16) -> 30909359 | I17: =SUM(I13:I16) -> 26482189
B19: (3) | C19: Aarogyasri Receipts | F19: 94044848 | G19: 79507083 | H19: 32322696 | I19: 28569398
B21: (4) | C21: Any other Fee (Specify with Details)
E22: Other Schemes | F22: 12935510 | G22: 13561530 | H22: 4445863.4 | I22: 4873084.4
E23: Sale of Medicines | F23: 16257074 | G23: 15785460 | H23: 5587466.7 | I23: 5672212.7
B25: (5) GRAND TOTAL (2)+(3)+(4) | F25: =SUM(F19:F24) -> 1.2323743e+08 | G25: =SUM(G19:G24) -> 1.0885407e+08 | H25: =SUM(H19:H24) -> 42356026 | I25: =SUM(I19:I24) -> 39114695

Sheet SCH-3
B2: ='SCH-2'!E2 -> NAME OF THE COLLEGE PRATHIMA INSTITUTE OF MEDICAL SCIENCES
G3: SCHEDULE-3
B4: STATEMENT OF OTHER INCOME OF THE INSTITUTION FOR THE FINANCIAL YEAR 2023-24 & 2024-25
H5: Amount in Rs.
B6: PARTICULARS | E6: FINANCIAL YEAR 2023-24 & 2024-25 | G6: FINANCIAL YEAR 2023-24 & 2024-25
E7: COURSES OFFERED
E8: M.B.B.S | G8: PG
E9: FOR THE PERIOD FROM 01/04/2024 TO 31/03/2025 (2024-25) | F9: FOR THE PERIOD FROM 01/04/2023 TO 31/03/2024 (2023-24) | G9: FOR THE PERIOD FROM 01/04/2024 TO 31/03/2025 (2024-25) | H9: FOR THE PERIOD FROM 01/04/2023 TO 31/03/2024 (2023-24)
C11: Interest Received
C12: College Bus Fee Collections
C13: Interest on FDRs | E13: 24172336 | F13: 21844019 | G13: 8307898.8 | H13: 7849243.4
C14: Interest on Electricity Deposits | E14: 629072.31 | F14: 23988.998 | G14: 216208.69 | H14: 8620.002
C15: Surplus from Seminars
C16: Donations and Contributions
C17: Miscellaneous Income | E17: 1408031.4 | F17: 22906887 | G17: 483932.64 | H17: 8231165.4
C18: Any other income (Specify Head wise)
D19: Hostel / Other Fee | E19: 1.0834883e+08 | F19: 99747235 | G19: 37238898 | H19: 35842321
B20: TOTAL | E20: =SUM(E11:E19) -> 1.3455827e+08 | F20: =SUM(F11:F19) -> 1.4452213e+08 | G20: =SUM(G11:G19) -> 46246938 | H20: =SUM(H11:H19) -> 51931350

Sheet SCH-4
B2: NAME OF THE INSTITUTION PRATHIMA INSTITUTE OF MEDICAL SCIENCES
B4: DETAILS OF DEPARTMENT (Clinical) WISE ELIGIBLE TEACHING STAFF FOR THE PERIOD 2023-24 AND 2024-25 | AD4: SCHEDULE -4
B5: (please furnish the details department wIse course wise as per the following departments)
B6: 1. Department of General Medicine (a) General Medicine; (b) Tuberculosis & Respiratory Dieases; (c) Dermatology Venereology & Leprosy; (d) Psychiatry; & (e) Other ancillary Staff
B7: 2. Department of Paediatrics; 3. Department of General Surgery; 4. Department of Orthopaedics; 5. Depatment of OTO-RHINO-LARYGOLOGY; 6. Department of Opththalmology; 7. Depatment of Obstetrics and Gynaecology; 8. Depatment of Radio-Diagnosis; 9. Depatment of Anaesthesology; 10. Department of Detistry;
B9: DETAILS OF DEPARTMENT (Clinical) WISE ELIGIBLE TEACHING STAFF FOR THE PERIOD FROM 01/04/2023 TO 31/03/2024 (2023-24)
B10: =+'[2]SCH-1'!D14 -> M.B.B.S | AD10: AMOUNT IN Rs.
B12: S. No. | C12: EMPLOYEE NAME | D12: PAN No. | E12: AADHAR NO. | F12: DATE OF BIRTH | G12: QUALIFICATION | H12: WHETHER THE EMPLOYEE POSSESSES THE EQUIVALENT QUALIFICATION | I12: BRANCH | J12: DESIGNATION | K12: DATE OF APPOINTMENT TO DESIGNATION | L12: Vth PAY SCALE/ VIth PAY SCALE/ OTHERS | M12: PAY SCALE (BAND) | N12: FOR 01/04/2023 TO 31/03/2024 | V12: PREVIOUS YEARS ARREARS PAID (IF ANY) | W12: PF CONTRIBUTION | Y12: ESI CONTRIBUTION | AA12: PROF. TAX | AB12: TDS | AC12: OTHER DEDUCTIONS | AD12: TOTAL DEDUCTIONS | AE12: NET SALARY | AF12: GRATUITY CONTRIBUTION | AG12: BANK DETAILS IN WHICH SALARY IS BEING CREDITED
N13: BASIC PAY (including AGP) | O13: DA | P13: HRA | Q13: CCA | R13: OTHERS | S13: TOTAL | T13: ARREARS (2023-24) | U13: GROSS SALARY | W13: EMPLOYEE | X13: EMPLOYER | Y13: EMPLOYEE | Z13: EMPLOYER | AG13: NAME | AH13: Account No. | AI13: IFSC
B14: 1 | C14: 2 | D14: 3 | E14: 4 | F14: 5 | G14: 6 | H14: 7 | I14: 8 | J14: 9 | K14: 10 | L14: 11 | M14: 12 | N14: 13 | O14: 14 | P14: 15 | Q14: 16 | R14: 17 | S14: 18 = 13+14+15+16+17) | T14: 19 | U14: 20=(18+19) | V14: 21 | W14: 22 | X14: 23 | Y14: 24 | Z14: 25 | AA14: 26 | AB14: 27 | AC14: 28 | AD14: 29= (22+24+26+27+28) | AE14: 30=(18-29) | AF14: 31 | AG14: 32 | AH14: 33 | AI14: 34
B15: 1 | C15: AJAY KUMAR KHANDAL | D15: BMBPK7248C | E15: 749475583832 | F15: 27918 | G15: MD | H15: YES | I15: GENERAL MEDICINE | J15: ASSOC PROF | K15: 41244 | L15: OTHERS | M15: - | N15: 399000 | O15: 0 | P15: 0 | Q15: 0 | R15: 21000 | S15: =SUM(N15:R15) -> 420000 | T15: 0 | U15: =S15+T15 -> 420000 | V15: 0 | W15: 0 | X15: 0 | Y15: 0 | Z15: 0 | AA15: 2400 | AB15: 0 | AC15: 0 | AD15: =W15+Y15+AA15+AB15+AC15 -> 2400 | AE15: =U15-AD15 -> 417600 | AF15: 0 | AG15: South India Bank | AH15: 628053000000852 | AI15: SIBL0000628
B16: =B15+1 -> 2 | C16: VIJAYA BHARATHI G | D16: AELPB5900K | E16: 218394258404 | F16: 26431 | G16: MS | H16: YES | I16: GYNAECOLOGY | J16: ASSOC PROF | K16: 41244 | L16: OTHERS | M16: - | N16: 480000 | O16: 0 | P16: 0 | Q16: 0 | R16: 960000 | S16: =SUM(N16:R16) -> 1440000 | T16: 0 | U16: =S16+T16 -> 1440000 | V16: 0 | W16: 0 | X16: 0 | Y16: 0 | Z16: 0 | AA16: 2400 | AB16: 133120 | AC16: 0 | AD16: =W16+Y16+AA16+AB16+AC16 -> 135520 | AE16: =U16-AD16 -> 1304480 | AF16: 0 | AG16: Union Bank Of India | AH16: 214810100068001 | AI16: UBIN0821489
B17: =B16+1 -> 3 | C17: ANIL KUMAR D | D17: AFQPD6830C | E17: 923645468837 | F17: 26599 | G17: MS | H17: YES | I17: GENERAL SURGERY | J17: ASSOC PROF | K17: 41244 | L17: OTHERS | M17: - | N17: 480000 | O17: 0 | P17: 0 | Q17: 0 | R17: 960000 | S17: =SUM(N17:R17) -> 1440000 | T17: 0 | U17: =S17+T17 -> 1440000 | V17: 0 | W17: 0 | X17: 0 | Y17: 0 | Z17: 0 | AA17: 2400 | AB17: 133120 | AC17: 0 | AD17: =W17+Y17+AA17+AB17+AC17 -> 135520 | AE17: =U17-AD17 -> 1304480 | AF17: 0 | AG17: Union Bank Of India | AH17: 214810100068010 | AI17: UBIN0821489
B18: =B17+1 -> 4 | C18: PRESHIT GADDAM | D18: AQVPG4480B | E18: 947899421146 | F18: 28268 | G18: MS | H18: YES | I18: ORTHOPAEDICS | J18: ASSOC PROF | K18: 41365 | L18: OTHERS | M18: - | N18: 120000 | O18: 0 | P18: 0 | Q18: 0 | R18: 240000 | S18: =SUM(N18:R18) -> 360000 | T18: 0 | U18: =S18+T18 -> 360000 | V18: 0 | W18: 0 | X18: 0 | Y18: 0 | Z18: 0 | AA18: 600 | AB18: 40262 | AC18: 0 | AD18: =W18+Y18+AA18+AB18+AC18 -> 40862 | AE18: =U18-AD18 -> 319138 | AF18: 0 | AG18: Union Bank Of India | AH18: 214810100068153 | AI18: UBIN0821489
B19: =B18+1 -> 5 | C19: VIJAY KUMAR CH | D19: AFRPV7152C | E19: 491332810837 | F19: 28793 | G19: MDS | H19: YES | I19: DENTISTRY | J19: ASSOC PROF | K19: 41395 | L19: OTHERS | M19: - | N19: 480000 | O19: 0 | P19: 0 | Q19: 0 | R19: 960000 | S19: =SUM(N19:R19) -> 1440000 | T19: 0 | U19: =S19+T19 -> 1440000 | V19: 0 | W19: 0 | X19: 0 | Y19: 0 | Z19: 0 | AA19: 2400 | AB19: 133120 | AC19: 0 | AD19: =W19+Y19+AA19+AB19+AC19 -> 135520 | AE19: =U19-AD19 -> 1304480 | AF19: 0 | AG19: Union Bank Of India | AH19: 214810100066766 | AI19: UBIN0821489
B20: =B19+1 -> 6 | C20: VIKRAM KUMAR V | D20: AESPV7033G | E20: 256861708734 | F20: 29981 | G20: MDS | H20: YES | I20: DENTISTRY | J20: ASSOC PROF | K20: 41426 | L20: OTHERS | M20: - | N20: 480000 | O20: 0 | P20: 0 | Q20: 0 | R20: 960000 | S20: =SUM(N20:R20) -> 1440000 | T20: 0 | U20: =S20+T20 -> 1440000 | V20: 0 | W20: 0 | X20: 0 | Y20: 0 | Z20: 0 | AA20: 2400 | AB20: 133120 | AC20: 0 | AD20: =W20+Y20+AA20+AB20+AC20 -> 135520 | AE20: =U20-AD20 -> 1304480 | AF20: 0 | AG20: Union Bank Of India | AH20: 214810100066720 | AI20: UBIN0821489
B21: =B20+1 -> 7 | C21: REDDY PRASAD | D21: AMEPG3732B | E21: 692311342253 | F21: 28795 | G21: MD | H21: YES | I21: GENERAL MEDICINE | J21: ASSOC PROF | K21: 41671 | L21: OTHERS | M21: - | N21: 360000 | O21: 0 | P21: 0 | Q21: 0 | R21: 840000 | S21: =SUM(N21:R21) -> 1200000 | T21: 0 | U21: =S21+T21 -> 1200000 | V21: 0 | W21: 0 | X21: 0 | Y21: 0 | Z21: 0 | AA21: 2400 | AB21: 85800 | AC21: 0 | AD21: =W21+Y21+AA21+AB21+AC21 -> 88200 | AE21: =U21-AD21 -> 1111800 | AF21: 0 | AG21: Union Bank Of India | AH21: 214810100067367 | AI21: UBIN0821489
B22: =B21+1 -> 8 | C22: A. SANJEEV KUMAR | D22: AKMPA4616L | E22: 484654450240 | F22: 28701 | G22: M.Ch | H22: YES | I22: GENERAL SURGERY | J22: ASSOC PROF | K22: 42307 | L22: OTHERS | M22: - | N22: 600000 | O22: 0 | P22: 0 | Q22: 0 | R22: 1800000 | S22: =SUM(N22:R22) -> 2400000 | T22: 0 | U22: =S22+T22 -> 2400000 | V22: 0 | W22: 0 | X22: 0 | Y22: 0 | Z22: 0 | AA22: 2400 | AB22: 421200 | AC22: 0 | AD22: =W22+Y22+AA22+AB22+AC22 -> 423600 | AE22: =U22-AD22 -> 1976400 | AF22: 0 | AG22: Union Bank Of India | AH22: 610002010011696 | AI22: UBIN0815837
B23: =B22+1 -> 9 | C23: SRIVANI MECHINENI | D23: DFEPM3097H | E23: 454527555950 | F23: 32048 | G23: MD | H23: YES | I23: ANAESTHESIOLOGY | J23: ASSOC PROF | K23: 42842 | L23: OTHERS | M23: - | N23: 366097 | O23: 0 | P23: 0 | Q23: 0 | R23: 386097 | S23: =SUM(N23:R23) -> 752194 | T23: 0 | U23: =S23+T23 -> 752194 | V23: 0 | W23: 0 | X23: 0 | Y23: 0 | Z23: 0 | AA23: 2400 | AB23: 18157 | AC23: 0 | AD23: =W23+Y23+AA23+AB23+AC23 -> 20557 | AE23: =U23-AD23 -> 731637 | AF23: 0 | AG23: Union Bank Of India | AH23: 610002010005763 | AI23: UBIN0815837
B24: =B23+1 -> 10 | C24: SHRAVAN KUMAR R | D24: BZWPR5657Q | E24: 984750947419 | F24: 31693 | G24: MD DNB | H24: YES | I24: E N T | J24: ASSOC PROF | K24: 42917 | L24: OTHERS | M24: - | N24: 284516 | O24: 0 | P24: 0 | Q24: 0 | R24: 569033 | S24: =SUM(N24:R24) -> 853549 | T24: 0 | U24: =S24+T24 -> 853549 | V24: 0 | W24: 0 | X24: 0 | Y24: 0 | Z24: 0 | AA24: 2000 | AB24: 52761 | AC24: 0 | AD24: =W24+Y24+AA24+AB24+AC24 -> 54761 | AE24: =U24-AD24 -> 798788 | AF24: 0 | AG24: Union Bank Of India | AH24: 610002010013276 | AI24: UBIN0815837
B25: =B24+1 -> 11 | C25: G.VENKAT REDDY | D25: BQZPG6858C | E25: 437526276666 | F25: 30851 | G25: MD | H25: YES | I25: GENERAL MEDICINE | J25: ASSOC PROF | K25: 43070 | L25: OTHERS | M25: - | N25: 480000 | O25: 0 | P25: 0 | Q25: 0 | R25: 960000 | S25: =SUM(N25:R25) -> 1440000 | T25: 0 | U25: =S25+T25 -> 1440000 | V25: 0 | W25: 0 | X25: 0 | Y25: 0 | Z25: 0 | AA25: 2400 | AB25: 133120 | AC25: 0 | AD25: =W25+Y25+AA25+AB25+AC25 -> 135520 | AE25: =U25-AD25 -> 1304480 | AF25: 0 | AG25: Union Bank Of India | AH25: 214810100039984 | AI25: UBIN0821489
B26: =B25+1 -> 12 | C26: A.SAILAJA | D26: AHEPA0405A | E26: 851912189726 | F26: 31263 | G26: MS | H26: YES | I26: GENERAL SURGERY | J26: ASSOC PROF | K26: 43070 | L26: OTHERS | M26: - | N26: 480000 | O26: 0 | P26: 0 | Q26: 0 | R26: 960000 | S26: =SUM(N26:R26) -> 1440000 | T26: 0 | U26: =S26+T26 -> 1440000 | V26: 0 | W26: 0 | X26: 0 | Y26: 0 | Z26: 0 | AA26: 2400 | AB26: 133120 | AC26: 0 | AD26: =W26+Y26+AA26+AB26+AC26 -> 135520 | AE26: =U26-AD26 -> 1304480 | AF26: 0 | AG26: Union Bank Of India | AH26: 214810100066775 | AI26: UBIN0821489
B27: =B26+1 -> 13 | C27: P.SWETHA | D27: BKTPP4089G | E27: 555593163219 | F27: 31568 | G27: MS | H27: YES | I27: OPHTHALMOLOGY | J27: ASSOC PROF | K27: 43070 | L27: OTHERS | M27: - | N27: 480000 | O27: 0 | P27: 0 | Q27: 0 | R27: 1050000 | S27: =SUM(N27:R27) -> 1530000 | T27: 0 | U27: =S27+T27 -> 1530000 | V27: 0 | W27: 0 | X27: 0 | Y27: 0 | Z27: 0 | AA27: 2400 | AB27: 151840 | AC27: 0 | AD27: =W27+Y27+AA27+AB27+AC27 -> 154240 | AE27: =U27-AD27 -> 1375760 | AF27: 0 | AG27: Union Bank Of India | AH27: 214810100066863 | AI27: UBIN0821489
... B48: =B47+1 -> 34 | C48: SRIKANTH SAGI | D48: CQMPS1953C | E48: 994926676974 | F48: 28711 | G48: MD | H48: YES | I48: RADIOLOGY | J48: ASSOC PROF | K48: 44750 | L48: OTHERS | M48: - | N48: 480000 | O48: 0 | P48: 0 | Q48: 0 | R48: 1645000 | S48: =SUM(N48:R48) -> 2125000 | T48: 0 | U48: =S48+T48 -> 2125000 | V48: 0 | W48: 0 | X48: 0 | Y48: 0 | Z48: 0 | AA48: 2400 | AB48: 335400 | AC48: 0 | AD48: =W48+Y48+AA48+AB48+AC48 -> 337800 | AE48: =U48-AD48 -> 1787200 | AF48: 0 | AG48: Union Bank Of India | AH48: 214812010000799 | AI48: UBIN0821489
B49: =B48+1 -> 35 | C49: RANGA SANGEETHA | D49: AKBPR3833M | E49: 925375277752 | F49: 31102 | G49: MD | H49: YES | I49: GENERAL SURGERY | J49: ASSOC PROF | K49: 44760 | L49: OTHERS | M49: - | N49: 349161 | O49: 0 | P49: 0 | Q49: 0 | R49: 698324 | S49: =SUM(N49:R49) -> 1047485 | T49: 0 | U49: =S49+T49 -> 1047485 | V49: 0 | W49: 0 | X49: 0 | Y49: 0 | Z49: 0 | AA49: 2400 | AB49: 62007.66 | AC49: 0 | AD49: =W49+Y49+AA49+AB49+AC49 -> 64407.66 | AE49: =U49-AD49 -> 983077.34 | AF49: 0 | AG49: Union Bank Of India | AH49: 52210100023008 | AI49: 0
B50: =B49+1 -> 36 | C50: A.RAGHU RAMA REDDY | D50: BDGPA1549A | E50: 701949086488 | F50: 33359 | G50: MD | H50: YES | I50: GENERAL MEDICINE | J50: ASSOC PROF | K50: 44951 | L50: OTHERS | M50: - | N50: 360000 | O50: 0 | P50: 0 | Q50: 0 | R50: 840000 | S50: =SUM(N50:R50) -> 1200000 | T50: 0 | U50: =S50+T50 -> 1200000 | V50: 0 | W50: 0 | X50: 0 | Y50: 0 | Z50: 0 | AA50: 2400 | AB50: 85800 | AC50: 425 | AD50: =W50+Y50+AA50+AB50+AC50 -> 88625 | AE50: =U50-AD50 -> 1111375 | AF50: 0 | AG50: Union Bank Of India | AH50: 610002010014266 | AI50: UBIN0815837
B51: =B50+1 -> 37 | C51: SHOAIBUDDIN MOHAMMAD | D51: BESPM6575F | E51: 946239401749 | F51: 31322 | G51: MS | H51: YES | I51: GENERAL SURGERY | J51: ASSOC PROF | K51: 45001 | L51: OTHERS | M51: - | N51: 359032 | O51: 0 | P51: 0 | Q51: 0 | R51: 957420 | S51: =SUM(N51:R51) -> 1316452 | T51: 0 | U51: =S51+T51 -> 1316452 | V51: 0 | W51: 0 | X51: 0 | Y51: 0 | Z51: 0 | AA51: 2400 | AB51: 107422.02 | AC51: 0 | AD51: =W51+Y51+AA51+AB51+AC51 -> 109822.02 | AE51: =U51-AD51 -> 1206630 | AF51: 0 | AG51: Union Bank Of India | AH51: 52812010000190 | AI51: 0
B52: =B51+1 -> 38 | C52: CH. JAGAN MOHAN RAO | D52: AEWPC8452N | E52: 959993162824 | F52: 17945 | G52: MBBS DO | H52: YES | I52: OPHTHALMOLOGY | J52: ASST PROF | K52: 37712 | L52: OTHERS | M52: - | N52: 299194 | O52: 0 | P52: 0 | Q52: 0 | R52: 598387 | S52: =SUM(N52:R52) -> 897581 | T52: 0 | U52: =S52+T52 -> 897581 | V52: 0 | W52: 0 | X52: 0 | Y52: 0 | Z52: 0 | AA52: 2400 | AB52: 41348.424 | AC52: 0 | AD52: =W52+Y52+AA52+AB52+AC52 -> 43748.424 | AE52: =U52-AD52 -> 853832.58 | AF52: 0 | AG52: Union Bank Of India | AH52: 328002011000567 | AI52: UBIN0532801
B53: =B52+1 -> 39 | C53: VENKATA RAMESH K | D53: AOOPK0294E | E53: 486779244398 | F53: 27915 | G53: MD | H53: YES | I53: ANAESTHESIOLOGY | J53: ASST PROF | K53: 39554 | L53: OTHERS | M53: - | N53: 305000 | O53: 0 | P53: 0 | Q53: 0 | R53: 975000 | S53: =SUM(N53:R53) -> 1280000 | T53: 0 | U53: =S53+T53 -> 1280000 | V53: 0 | W53: 0 | X53: 0 | Y53: 0 | Z53: 0 | AA53: 2400 | AB53: 99840 | AC53: 0 | AD53: =W53+Y53+AA53+AB53+AC53 -> 102240 | AE53: =U53-AD53 -> 1177760 | AF53: 0 | AG53: Union Bank Of India | AH53: 328002010019424 | AI53: UBIN0532801
B54: =B53+1 -> 40 | C54: SANJAY KUMAR N D | D54: AFSPN7271H | E54: 832164181424 | F54: 26812 | G54: MBBS DPM | H54: YES | I54: PSYCHIATRY | J54: ASST PROF | K54: 40771 | L54: OTHERS | M54: - | N54: 303361 | O54: 0 | P54: 0 | Q54: 0 | R54: 900080 | S54: =SUM(N54:R54) -> 1203441 | T54: 0 | U54: =S54+T54 -> 1203441 | V54: 0 | W54: 0 | X54: 0 | Y54: 0 | Z54: 0 | AA54: 2400 | AB54: 91016.796 | AC54: 27889.5 | AD54: =W54+Y54+AA54+AB54+AC54 -> 121306.3 | AE54: =U54-AD54 -> 1082134.7 | AF54: 0 | AG54: Union Bank Of India | AH54: 610002010006385 | AI54: UBIN0815837
B55: =B54+1 -> 41 | C55: SUHASINI E | D55: AAZPE0828M | E55: 685440397099 | F55: 29082 | G55: MS | H55: YES | I55: GYNAECOLOGY | J55: ASST PROF | K55: 41122 | L55: OTHERS | M55: - | N55: 358064 | O55: 0 | P55: 0 | Q55: 0 | R55: 358065 | S55: =SUM(N55:R55) -> 716129 | T55: 0 | U55: =S55+T55 -> 716129 | V55: 0 | W55: 0 | X55: 0 | Y55: 0 | Z55: 0 | AA55: 2400 | AB55: 0 | AC55: 0 | AD55: =W55+Y55+AA55+AB55+AC55 -> 2400 | AE55: =U55-AD55 -> 713729 | AF55: 0 | AG55: ICICI Bank | AH55: 236201502666 | AI55: ICIC0002362
B56: =B55+1 -> 42 | C56: MYTHREAI BOORLA | D56: BMMPB8453P | E56: 925380621867 | F56: 29379 | G56: MBBS DGO | H56: YES | I56: GYNAECOLOGY | J56: ASST PROF | K56: 41570 | L56: OTHERS | M56: - | N56: 300000 | O56: 0 | P56: 0 | Q56: 0 | R56: 805000 | S56: =SUM(N56:R56) -> 1105000 | T56: 0 | U56: =S56+T56 -> 1105000 | V56: 0 | W56: 0 | X56: 0 | Y56: 0 | Z56: 0 | AA56: 2400 | AB56: 70980 | AC56: 0 | AD56: =W56+Y56+AA56+AB56+AC56 -> 73380 | AE56: =U56-AD56 -> 1031620 | AF56: 0 | AG56: Union Bank Of India | AH56: 610002010009754 | AI56: UBIN0815837
B57: =B56+1 -> 43 | C57: PAVAN KUMAR E | D57: ATGPP6368M | E57: 303764100691 | F57: 28469 | G57: MD | H57: YES | I57: PAEDIATRICS | J57: ASST PROF | K57: 41671 | L57: OTHERS | M57: - | N57: 360000 | O57: 0 | P57: 0 | Q57: 0 | R57: 840000 | S57: =SUM(N57:R57) -> 1200000 | T57: 0 | U57: =S57+T57 -> 1200000 | V57: 0 | W57: 0 | X57: 0 | Y57: 0 | Z57: 0 | AA57: 2400 | AB57: 85800 | AC57: 0 | AD57: =W57+Y57+AA57+AB57+AC57 -> 88200 | AE57: =U57-AD57 -> 1111800 | AF57: 0 | AG57: Union Bank Of India | AH57: 214810100067057 | AI57: UBIN0821489
B58: =B57+1 -> 44 | C58: VAMSHIDHAR B | D58: CBTPB5334A | E58: 696099375046 | F58: 30782 | G58: MDS | H58: YES | I58: DENTISTRY | J58: ASST PROF | K58: 41850 | L58: OTHERS | M58: - | N58: 327577 | O58: 0 | P58: 0 | Q58: 0 | R58: 327577 | S58: =SUM(N58:R58) -> 655154 | T58: 0 | U58: =S58+T58 -> 655154 | V58: 0 | W58: 0 | X58: 0 | Y58: 0 | Z58: 0 | AA58: 2400 | AB58: 0 | AC58: 0 | AD58: =W58+Y58+AA58+AB58+AC58 -> 2400 | AE58: =U58-AD58 -> 652754 | AF58: 0 | AG58: Union Bank Of India | AH58: 610002010010300 | AI58: UBIN0815837
B59: =B58+1 -> 45 | C59: SHIVA KUMAR R | D59: BKDPR7828F | E59: 579947104464 | F59: 29314 | G59: MD | H59: YES | I59: PSYCHIATRY | J59: ASST PROF | K59: 42614 | L59: OTHERS | M59: - | N59: 490000 | O59: 0 | P59: 0 | Q59: 0 | R59: 1040000 | S59: =SUM(N59:R59) -> 1530000 | T59: 0 | U59: =S59+T59 -> 1530000 | V59: 0 | W59: 0 | X59: 0 | Y59: 0 | Z59: 0 | AA59: 2400 | AB59: 151840 | AC59: 0 | AD59: =W59+Y59+AA59+AB59+AC59 -> 154240 | AE59: =U59-AD59 -> 1375760 | AF59: 0 | AG59: Union Bank Of India | AH59: 214810100069028 | AI59: UBIN0821489
B60: =B59+1 -> 46 | C60: MANOJ KUMAR | D60: AFXPB4770Q | E60: 554955144699 | F60: 29162 | G60: MD | H60: YES | I60: GENERAL MEDICINE | J60: ASST PROF | K60: 43070 | L60: OTHERS | M60: - | N60: 360000 | O60: 0 | P60: 0 | Q60: 0 | R60: 840000 | S60: =SUM(N60:R60) -> 1200000 | T60: 0 | U60: =S60+T60 -> 1200000 | V60: 0 | W60: 0 | X60: 0 | Y60: 0 | Z60: 0 | AA60: 2400 | AB60: 85800 | AC60: 0 | AD60: =W60+Y60+AA60+AB60+AC60 -> 88200 | AE60: =U60-AD60 -> 1111800 | AF60: 0 | AG60: Union Bank Of India | AH60: 214810100066748 | AI60: UBIN0821489
B61: =B60+1 -> 47 | C61: J.MAHENDER | D61: BAIPJ0642J | E61: 306664207798 | F61: 30446 | G61: MS | H61: YES | I61: GENERAL SURGERY | J61: ASST PROF | K61: 43070 | L61: OTHERS | M61: - | N61: 60000 | O61: 0 | P61: 0 | Q61: 0 | R61: 140000 | S61: =SUM(N61:R61) -> 200000 | T61: 0 | U61: =S61+T61 -> 200000 | V61: 0 | W61: 0 | X61: 0 | Y61: 0 | Z61: 0 | AA61: 400 | AB61: 0 | AC61: 0 | AD61: =W61+Y61+AA61+AB61+AC61 -> 400 | AE61: =U61-AD61 -> 199600 | AF61: 0 | AG61: Union Bank Of India | AH61: 214810100066836 | AI61: UBIN0821489
B62: =B61+1 -> 48 | C62: N.VIDYASAGAR REDDY | D62: DDVPS9270K | E62: 243451460243 | F62: 31644 | G62: MD | H62: YES | I62: PAEDIATRICS | J62: ASST PROF | K62: 43070 | L62: OTHERS | M62: - | N62: 360000 | O62: 0 | P62: 0 | Q62: 0 | R62: 840000 | S62: =SUM(N62:R62) -> 1200000 | T62: 0 | U62: =S62+T62 -> 1200000 | V62: 0 | W62: 0 | X62: 0 | Y62: 0 | Z62: 0 | AA62: 2400 | AB62: 85800 | AC62: 0 | AD62: =W62+Y62+AA62+AB62+AC62 -> 88200 | AE62: =U62-AD62 -> 1111800 | AF62: 0 | AG62: Union Bank Of India | AH62: 214810100067303 | AI62: UBIN0821489
B63: =B62+1 -> 49 | C63: VELIMALA SWAROOPA | D63: AVXPV3768J | E63: 906503084368 | F63: 33095 | G63: MD | H63: YES | I63: ANAESTHESIOLOGY | J63: ASST PROF | K63: 43286 | L63: OTHERS | M63: - | N63: 53226 | O63: 0 | P63: 0 | Q63: 0 | R63: 70968 | S63: =SUM(N63:R63) -> 124194 | T63: 0 | U63: =S63+T63 -> 124194 | V63: 0 | W63: 0 | X63: 0 | Y63: 0 | Z63: 0 | AA63: 400 | AB63: 0 | AC63: 0 | AD63: =W63+Y63+AA63+AB63+AC63 -> 400 | AE63: =U63-AD63 -> 123794 | AF63: 0 | AG63: Union Bank Of India | AH63: 610002010013772 | AI63: UBIN0815837
... B79: =B78+1 -> 65 | C79: GADDALA SRUTHI | D79: BVCPG9667D | E79: 615589858796 | F79: 33430 | G79: MS | H79: YES | I79: E N T | J79: ASST PROF | K79: 44914 | L79: OTHERS | M79: - | N79: 51290 | O79: 0 | P79: 0 | Q79: 0 | R79: 68387 | S79: =SUM(N79:R79) -> 119677 | T79: 0 | U79: =S79+T79 -> 119677 | V79: 0 | W79: 0 | X79: 0 | Y79: 0 | Z79: 0 | AA79: 400 | AB79: 0 | AC79: 0 | AD79: =W79+Y79+AA79+AB79+AC79 -> 400 | AE79: =U79-AD79 -> 119277 | AF79: 0 | AG79: Union Bank Of India | AH79: 610002010009747 | AI79: UBIN0815837
B80: =B79+1 -> 66 | C80: CHANDRAGIRI PRANEETH | D80: CDKPC9277L | E80: 234475615012 | F80: 33233 | G80: M.Ch | H80: YES | I80: GENERAL MEDICINE | J80: ASST PROF | K80: 44904 | L80: OTHERS | M80: - | N80: 356966 | O80: 0 | P80: 0 | Q80: 0 | R80: 1427862 | S80: =SUM(N80:R80) -> 1784828 | T80: 0 | U80: =S80+T80 -> 1784828 | V80: 0 | W80: 0 | X80: 0 | Y80: 0 | Z80: 0 | AA80: 2400 | AB80: 229266.34 | AC80: 0 | AD80: =W80+Y80+AA80+AB80+AC80 -> 231666.34 | AE80: =U80-AD80 -> 1553161.7 | AF80: 0 | AG80: Union Bank Of India | AH80: 30210100024274 | AI80: 0
B81: =B80+1 -> 67 | C81: AVEEN SANAR GUTHIKONDA | D81: AYLPG3418M | E81: 507701399176 | F81: 30015 | G81: M.Ch | H81: YES | I81: GENERAL SURGERY | J81: ASST PROF | K81: 44928 | L81: OTHERS | M81: - | N81: 269032 | O81: 0 | P81: 0 | Q81: 0 | R81: 2076129 | S81: =SUM(N81:R81) -> 2345161 | T81: 0 | U81: =S81+T81 -> 2345161 | V81: 0 | W81: 0 | X81: 0 | Y81: 0 | Z81: 0 | AA81: 1800 | AB81: 424933 | AC81: 8289 | AD81: =W81+Y81+AA81+AB81+AC81 -> 435022 | AE81: =U81-AD81 -> 1910139 | AF81: 0 | AG81: Union Bank Of India | AH81: 21481200001098
B82: =B81+1 -> 68 | C82: THUNGURI KARITHIK | D82: ANVPT4924C | E82: 950654993156 | F82: 32680 | G82: MD | H82: YES | I82: ANAESTHESIOLOGY | J82: ASST PROF | K82: 44927 | L82: OTHERS | M82: - | N82: 356998 | O82: 0 | P82: 0 | Q82: 0 | R82: 495997 | S82: =SUM(N82:R82) -> 852995 | T82: 0 | U82: =S82+T82 -> 852995 | V82: 0 | W82: 0 | X82: 0 | Y82: 0 | Z82: 0 | AA82: 2400 | AB82: 36711.48 | AC82: 0 | AD82: =W82+Y82+AA82+AB82+AC82 -> 39111.48 | AE82: =U82-AD82 -> 813883.52 | AF82: 0 | AG82: Union Bank Of India | AH82: 328002010018521 | AI82: UBIN0532801
B83: =B82+1 -> 69 | C83: PEDDI SANTHOSH | D83: CKJPP0757J | E83: 875090023496 | F83: 32850 | G83: MS | H83: YES | I83: OPHTHALMOLOGY | J83: ASST PROF | K83: 44958 | L83: OTHERS | M83: - | N83: 360000 | O83: 0 | P83: 0 | Q83: 0 | R83: 600000 | S83: =SUM(N83:R83) -> 960000 | T83: 0 | U83: =S83+T83 -> 960000 | V83: 0 | W83: 0 | X83: 0 | Y83: 0 | Z83: 0 | AA83: 2400 | AB83: 48360 | AC83: 0 | AD83: =W83+Y83+AA83+AB83+AC83 -> 50760 | AE83: =U83-AD83 -> 909240 | AF83: 0 | AG83: Union Bank Of India | AH83: 328002011022847 | AI83: UBIN0532801
B84: =B83+1 -> 70 | C84: REKHA GHISARAM CHOUDHARY | D84: AXIPC6659G | E84: 200592998974 | F84: 33770 | G84: MS | H84: YES | I84: E N T | J84: ASST PROF | K84: 45112 | L84: OTHERS | M84: - | N84: 116129 | O84: 0 | P84: 0 | Q84: 0 | R84: 193548 | S84: =SUM(N84:R84) -> 309677 | T84: 0 | U84: =S84+T84 -> 309677 | V84: 0 | W84: 0 | X84: 0 | Y84: 0 | Z84: 0 | AA84: 800 | AB84: 0 | AC84: 3535.5 | AD84: =W84+Y84+AA84+AB84+AC84 -> 4335.5 | AE84: =U84-AD84 -> 305341.5 | AF84: 0
B85: =B84+1 -> 71 | C85: K ASHOK CHAITANYA | D85: EEGPK3251D | E85: 854670555671 | F85: 33042 | G85: MD | H85: YES | I85: ANAESTHESIOLOGY | J85: ASST PROF | K85: 45108 | L85: OTHERS | M85: - | N85: 268000 | O85: 0 | P85: 0 | Q85: 0 | R85: 328000 | S85: =SUM(N85:R85) -> 596000 | T85: 0 | U85: =S85+T85 -> 596000 | V85: 0 | W85: 0 | X85: 0 | Y85: 0 | Z85: 0 | AA85: 1800 | AB85: 0 | AC85: 0 | AD85: =W85+Y85+AA85+AB85+AC85 -> 1800 | AE85: =U85-AD85 -> 594200 | AF85: 0 | AG85: Union Bank Of India | AH85: 214810100082287 | AI85: UBIN0821489
B86: =B85+1 -> 72 | C86: SUDDALA SOUMITH | D86: MBXPS5246N | E86: 652320777071 | F86: 35796 | G86: MS | H86: YES | I86: GENERAL SURGERY | J86: ASST PROF | K86: 45170 | L86: OTHERS | M86: - | N86: 173388 | O86: 0 | P86: 0 | Q86: 0 | R86: 312096 | S86: =SUM(N86:R86) -> 485484 | T86: 0 | U86: =S86+T86 -> 485484 | V86: 0 | W86: 0 | X86: 0 | Y86: 0 | Z86: 0 | AA86: 1400 | AB86: 0 | AC86: 0 | AD86: =W86+Y86+AA86+AB86+AC86 -> 1400 | AE86: =U86-AD86 -> 484084 | AF86: 0 | AG86: Union Bank Of India | AH86: 214810100095403 | AI86: UBIN0821489
B87: =B86+1 -> 73 | C87: BHEEMISETTI KUMARA SAGAR | D87: CHCPB5244C | E87: 797427509675 | F87: 33101 | G87: MD | H87: YES | I87: GENERAL MEDICINE | J87: ASST PROF | K87: 45156 | L87: OTHERS | M87: - | N87: 174138 | O87: 0 | P87: 0 | Q87: 0 | R87: 313448 | S87: =SUM(N87:R87) -> 487586 | T87: 0 | U87: =S87+T87 -> 487586 | V87: 0 | W87: 0 | X87: 0 | Y87: 0 | Z87: 0 | AA87: 1400 | AB87: 0 | AC87: 0 | AD87: =W87+Y87+AA87+AB87+AC87 -> 1400 | AE87: =U87-AD87 -> 486186 | AF87: 0 | AG87: Union Bank Of India | AH87: 214810100095722 | AI87: UBIN0821489
B88: =B87+1 -> 74 | C88: GONIPATI LAKSHMI SRIKANTH | D88: CYWPG1445F | E88: 322779077012 | F88: 34810 | G88: MD | H88: YES | I88: GENERAL MEDICINE | J88: ASST PROF | K88: 45218 | L88: OTHERS | M88: - | N88: 63871 | O88: 0 | P88: 0 | Q88: 0 | R88: 149032 | S88: =SUM(N88:R88) -> 212903 | T88: 0 | U88: =S88+T88 -> 212903 | V88: 0 | W88: 0 | X88: 0 | Y88: 0 | Z88: 0 | AA88: 600 | AB88: 0 | AC88: 0 | AD88: =W88+Y88+AA88+AB88+AC88 -> 600 | AE88: =U88-AD88 -> 212303 | AF88: 0
B89: =B88+1 -> 75 | C89: SILAMATAM VAIBHAV | D89: ASLPV5491R | E89: 762625024119 | F89: 32711 | G89: MS | H89: YES | I89: E N T | J89: ASST PROF | K89: 45236 | L89: OTHERS | M89: - | N89: 143064 | O89: 0 | P89: 0 | Q89: 0 | R89: 238441 | S89: =SUM(N89:R89) -> 381505 | T89: 0 | U89: =S89+T89 -> 381505 | V89: 0 | W89: 0 | X89: 0 | Y89: 0 | Z89: 0 | AA89: 1000 | AB89: 0 | AC89: 0 | AD89: =W89+Y89+AA89+AB89+AC89 -> 1000 | AE89: =U89-AD89 -> 380505 | AF89: 0 | AG89: Union Bank Of India | AH89: 214812310000002 | AI89: UBIN0821489
B90: =B89+1 -> 76 | C90: SUDHUIREDDY SHRAVYA | D90: NDQPS7821K | E90: 966885910440 | F90: 33105 | G90: MD | H90: YES | I90: GENERAL MEDICINE | J90: ASST PROF | K90: 45278 | L90: OTHERS | M90: - | N90: 103548 | O90: 0 | P90: 0 | Q90: 0 | R90: 207097 | S90: =SUM(N90:R90) -> 310645 | T90: 0 | U90: =S90+T90 -> 310645 | V90: 0 | W90: 0 | X90: 0 | Y90: 0 | Z90: 0 | AA90: 800 | AB90: 0 | AC90: 0 | AD90: =W90+Y90+AA90+AB90+AC90 -> 800 | AE90: =U90-AD90 -> 309845 | AF90: 0 | AG90: Cental Bank Of India | AH90: 3883384148 | AI90: CBIN0283457
B91: =B90+1 -> 77 | C91: BODDEPALLI SRAVANI | D91: CTBPB8755P | E91: 518307807365 | F91: 34187 | G91: MS | H91: YES | I91: GYNAECOLOGY | J91: ASST PROF | K91: 45261 | L91: OTHERS | M91: - | N91: 30000 | O91: 0 | P91: 0 | Q91: 0 | R91: 60000 | S91: =SUM(N91:R91) -> 90000 | T91: 0 | U91: =S91+T91 -> 90000 | V91: 0 | W91: 0 | X91: 0 | Y91: 0 | Z91: 0 | AA91: 200 | AB91: 0 | AC91: 0 | AD91: =W91+Y91+AA91+AB91+AC91 -> 200 | AE91: =U91-AD91 -> 89800 | AF91: 0
B92: =B91+1 -> 78 | C92: MACHIKANTI PRAVALIKA | D92: FMIPM1963D | E92: 506977891278 | F92: 34195 | G92: MS | H92: YES | I92: GENERAL SURGERY | J92: ASST PROF | K92: 45315 | L92: OTHERS | M92: - | N92: 60000 | O92: 0 | P92: 0 | Q92: 0 | R92: 120000 | S92: =SUM(N92:R92) -> 180000 | T92: 0 | U92: =S92+T92 -> 180000 | V92: 0 | W92: 0 | X92: 0 | Y92: 0 | Z92: 0 | AA92: 400 | AB92: 0 | AC92: 0 | AD92: =W92+Y92+AA92+AB92+AC92 -> 400 | AE92: =U92-AD92 -> 179600 | AF92: 0 | AG92: Union Bank Of India | AH92: 104810100150472 | AI92: UBIN0810487
B93: =B92+1 -> 79 | C93: E.NARENDER RAO | D93: AAOPE1605R | E93: 747464825289 | F93: 18525 | G93: MBBS | H93: YES | I93: DUTY DOCTORS | J93: CIVIL HOSPITAL COORDINATOR | K93: 42172 | L93: OTHERS | M93: - | N93: 280645 | O93: 0 | P93: 0 | Q93: 0 | R93: 56129 | S93: =SUM(N93:R93) -> 336774 | T93: 0 | U93: =S93+T93 -> 336774 | V93: 0 | W93: 0 | X93: 0 | Y93: 0 | Z93: 0 | AA93: 2200 | AB93: 0 | AC93: 0 | AD93: =W93+Y93+AA93+AB93+AC93 -> 2200 | AE93: =U93-AD93 -> 334574 | AF93: 0 | AG93: Union Bank Of India | AH93: 610002010011418 | AI93: UBIN0815837
B94: =B93+1 -> 80 | C94: MANJIRI RANADE | D94: AVAPM1200H | E94: 530779839674 | F94: 30118 | G94: M.SC | H94: YES | I94: GENERAL MEDICINE | J94: DIETICIAN | K94: 41489 | L94: OTHERS | M94: - | N94: 355000 | O94: 0 | P94: 0 | Q94: 0 | R94: 526000 | S94: =SUM(N94:R94) -> 881000 | T94: 0 | U94: =S94+T94 -> 881000 | V94: 0 | W94: 0 | X94: 0 | Y94: 0 | Z94: 0 | AA94: 2400 | AB94: 39624 | AC94: 0 | AD94: =W94+Y94+AA94+AB94+AC94 -> 42024 | AE94: =U94-AD94 -> 838976 | AF94: 0 | AG94: Union Bank Of India | AH94: 328002011010205 | AI94: UBIN0532801
B95: =B94+1 -> 81 | C95: PRABHAKAR RAO VALA | D95: ADGPV7896Q | E95: 597467526860 | F95: 18507 | G95: MBBS | H95: YES | I95: DUTY DOCTORS | J95: DUTY DOCTOR | K95: 41741 | L95: OTHERS | M95: - | N95: 300000 | O95: 0 | P95: 0 | Q95: 0 | R95: 180000 | S95: =SUM(N95:R95) -> 480000 | T95: 0 | U95: =S95+T95 -> 480000 | V95: 0 | W95: 0 | X95: 0 | Y95: 0 | Z95: 0 | AA95: 2400 | AB95: 0 | AC95: 0 | AD95: =W95+Y95+AA95+AB95+AC95 -> 2400 | AE95: =U95-AD95 -> 477600 | AF95: 0 | AG95: Union Bank Of India | AH95: 610002010009647 | AI95: UBIN0815837
B96: =B95+1 -> 82 | C96: SHANKER ALANKAR | D96: AGLPA1532A | E96: 493237878187 | F96: 15628 | G96: MBBS | H96: YES | I96: DUTY DOCTORS | J96: DY MS | K96: 37323 | L96: OTHERS | M96: - | N96: 454641 | O96: 0 | P96: 0 | Q96: 0 | R96: 23928 | S96: =SUM(N96:R96) -> 478569 | T96: 0 | U96: =S96+T96 -> 478569 | V96: 0 | W96: 0 | X96: 0 | Y96: 0 | Z96: 0 | AA96: 2400 | AB96: 33000 | AC96: 0 | AD96: =W96+Y96+AA96+AB96+AC96 -> 35400 | AE96: =U96-AD96 -> 443169 | AF96: 0 | AG96: Union Bank Of India | AH96: 328002011000211 | AI96: UBIN0532801
B97: =B96+1 -> 83 | C97: DUNNA VENKATESH | D97: BKWPD5043B | E97: 682840730618 | F97: 32059 | G97: BDS, PGDHM | H97: YES | I97: HOSPITAL ADMINISTRATION | J97: HOSPITAL ADMINISTRATOR | K97: 43932 | L97: OTHERS | M97: - | N97: 360000 | O97: 0 | P97: 0 | Q97: 0 | R97: 670000 | S97: =SUM(N97:R97) -> 1030000 | T97: 0 | U97: =S97+T97 -> 1030000 | V97: 0 | W97: 0 | X97: 0 | Y97: 0 | Z97: 0 | AA97: 2400 | AB97: 62462.4 | AC97: 13538.5 | AD97: =W97+Y97+AA97+AB97+AC97 -> 78400.9 | AE97: =U97-AD97 -> 951599.1 | AF97: 0 | AG97: Union Bank Of India | AH97: 158312010000165 | AI97: UBIN815837
B98: =B97+1 -> 84 | C98: PRAVEEN KUMAR P | D98: BIMPP0665B | E98: 285417536045 | F98: 29955 | G98: MD | H98: YES | I98: ANAESTHESIOLOGY | J98: ICU DIRECTOR | K98: 42856 | L98: OTHERS | M98: - | N98: 240000 | O98: 0 | P98: 0 | Q98: 0 | R98: 560000 | S98: =SUM(N98:R98) -> 800000 | T98: 0 | U98: =S98+T98 -> 800000 | V98: 0 | W98: 0 | X98: 0 | Y98: 0 | Z98: 0 | AA98: 1600 | AB98: 51256 | AC98: 0 | AD98: =W98+Y98+AA98+AB98+AC98 -> 52856 | AE98: =U98-AD98 -> 747144 | AF98: 0 | AG98: Union Bank Of India | AH98: 610002010013139 | AI98: UBIN0815837
B99: =B98+1 -> 85 | C99: B V RAGHUNATHA RAO | D99: AGWPB6729R | E99: 305379352854 | F99: 18488 | G99: MBBS | H99: YES | I99: DUTY DOCTORS | J99: MEDICAL OFFICER | K99: 44013 | L99: OTHERS | M99: - | N99: 301200 | O99: 0 | P99: 0 | Q99: 0 | R99: 148800 | S99: =SUM(N99:R99) -> 450000 | T99: 0 | U99: =S99+T99 -> 450000 | V99: 0 | W99: 0 | X99: 0 | Y99: 0 | Z99: 0 | AA99: 2400 | AB99: 0 | AC99: 0 | AD99: =W99+Y99+AA99+AB99+AC99 -> 2400 | AE99: =U99-AD99 -> 447600 | AF99: 0 | AG99: Union Bank Of India | AH99: 610002010011123 | AI99: UBIN0815837
B100: =B99+1 -> 86 | C100: ERUSAVADLA LAXMI PRASAD | D100: ACKPE6104D | E100: 873027400678 | F100: 35231 | G100: MBBS | H100: YES | I100: HEALTH CENTRES ( RHC & UHC) | J100: MEDICAL OFFICER | K100: 44743 | L100: OTHERS | M100: - | N100: 33871 | O100: 0 | P100: 0 | Q100: 0 | R100: 33871 | S100: =SUM(N100:R100) -> 67742 | T100: 0 | U100: =S100+T100 -> 67742 | V100: 0 | W100: 0 | X100: 0 | Y100: 0 | Z100: 0 | AA100: 350 | AB100: 0 | AC100: 0 | AD100: =W100+Y100+AA100+AB100+AC100 -> 350 | AE100: =U100-AD100 -> 67392 | AF100: 0 | AG100: Union Bank Of India | AH100: 214812010000217 | AI100: UBIN0821489
B101: =B100+1 -> 87 | C101: ANKITA R AGRAWAL | D101: AWGPA5439D | E101: 329394718009 | F101: 32052 | G101: BPT | H101: YES | I101: PHYSIOTHERAPY | J101: PHYSIOTHERAPIST | K101: 44204 | L101: OTHERS | M101: - | N101: 299194 | O101: 0 | P101: 0 | Q101: 0 | R101: 59838 | S101: =SUM(N101:R101) -> 359032 | T101: 0 | U101: =S101+T101 -> 359032 | V101: 0 | W101: 0 | X101: 0 | Y101: 0 | Z101: 0 | AA101: 2400 | AB101: 0 | AC101: 0 | AD101: =W101+Y101+AA101+AB101+AC101 -> 2400 | AE101: =U101-AD101 -> 356632 | AF101: 0 | AG101: Union Bank Of India | AH101: 610002010015181 | AI101: UBIN0815837
B102: =B101+1 -> 88 | C102: KISHAN P | D102: AGFPP2102H | E102: 691883249672 | F102: 22828 | G102: MD | H102: YES | I102: PSYCHIATRY | J102: PROF & HOD | K102: 39173 | L102: OTHERS | M102: - | N102: 600000 | O102: 0 | P102: 0 | Q102: 0 | R102: 1200000 | S102: =SUM(N102:R102) -> 1800000 | T102: 0 | U102: =S102+T102 -> 1800000 | V102: 0 | W102: 0 | X102: 0 | Y102: 0 | Z102: 0 | AA102: 2400 | AB102: 234000 | AC102: 0 | AD102: =W102+Y102+AA102+AB102+AC102 -> 236400 | AE102: =U102-AD102 -> 1563600 | AF102: 0 | AG102: Union Bank Of India | AH102: 214810100067242 | AI102: UBIN0821489
B103: =B102+1 -> 89 | C103: VIKAS CHENNAMANENI | D103: AJVPC3581E | E103: 434844269107 | F103: 28826 | G103: MD | H103: YES | I103: RADIOLOGY | J103: PROF & HOD | K103: 39587 | L103: OTHERS | M103: - | N103: 598387 | O103: 0 | P103: 0 | Q103: 0 | R103: 3640323 | S103: =SUM(N103:R103) -> 4238710 | T103: 0 | U103: =S103+T103 -> 4238710 | V103: 0 | W103: 0 | X103: 0 | Y103: 0 | Z103: 0 | AA103: 2400 | AB103: 994877.52 | AC103: 0 | AD103: =W103+Y103+AA103+AB103+AC103 -> 997277.52 | AE103: =U103-AD103 -> 3241432.5 | AF103: 0 | AG103: Union Bank Of India | AH103: 610002010009367 | AI103: UBIN0815837
... B113: =B112+1 -> 99 | C113: PARAMESHWAR RAO | D113: AAUPC0500B | E113: 765876312065 | F113: 20682 | G113: MS | H113: YES | I113: OPHTHALMOLOGY | J113: PROF & HOD | K113: 42856 | L113: OTHERS | M113: - | N113: 600000 | O113: 0 | P113: 0 | Q113: 0 | R113: 1290000 | S113: =SUM(N113:R113) -> 1890000 | T113: 0 | U113: =S113+T113 -> 1890000 | V113: 0 | W113: 0 | X113: 0 | Y113: 0 | Z113: 0 | AA113: 2400 | AB113: 262080 | AC113: 0 | AD113: =W113+Y113+AA113+AB113+AC113 -> 264480 | AE113: =U113-AD113 -> 1625520 | AF113: 0 | AG113: Union Bank Of India | AH113: 244412010000073 | AI113: UBIN0532801
B114: =B113+1 -> 100 | C114: LAKSHMANA MURTHY KANDAKATLA | D114: ADFPK4248Q | E114: 933031627624 | F114: 21770 | G114: MS | H114: YES | I114: GENERAL SURGERY | J114: PROF & HOD | K114: 44477 | L114: OTHERS | M114: - | N114: 563710 | O114: 0 | P114: 0 | Q114: 0 | R114: 1691128 | S114: =SUM(N114:R114) -> 2254838 | T114: 0 | U114: =S114+T114 -> 2254838 | V114: 0 | W114: 0 | X114: 0 | Y114: 0 | Z114: 0 | AA114: 2400 | AB114: 382274.26 | AC114: 2277 | AD114: =W114+Y114+AA114+AB114+AC114 -> 386951.26 | AE114: =U114-AD114 -> 1867886.7 | AF114: 0 | AG114: Union Bank Of India | AH114: 30210025901669 | AI114: 0
B115: =B114+1 -> 101 | C115: KATAM LAXMI NARAYANA | D115: ALAPK5926C | E115: 749810181590 | F115: 24857 | G115: MD | H115: YES | I115: DERMATOLOGY | J115: PROF & HOD | K115: 44652 | L115: OTHERS | M115: - | N115: 600000 | O115: 0 | P115: 0 | Q115: 0 | R115: 1200000 | S115: =SUM(N115:R115) -> 1800000 | T115: 0 | U115: =S115+T115 -> 1800000 | V115: 0 | W115: 0 | X115: 0 | Y115: 0 | Z115: 0 | AA115: 2400 | AB115: 234000 | AC115: 0 | AD115: =W115+Y115+AA115+AB115+AC115 -> 236400 | AE115: =U115-AD115 -> 1563600 | AF115: 0 | AG115: Union Bank Of India | AH115: 214812010000390 | AI115: UBIN0821489
B116: =B115+1 -> 102 | C116: CH. RAVINDAR RAO | D116: AAVPC3184A | E116: 753791763544 | F116: 17686 | G116: MS | H116: YES | I116: GENERAL SURGERY | J116: PROFESSOR | K116: 37165 | L116: OTHERS | M116: - | N116: 600000 | O116: 0 | P116: 0 | Q116: 0 | R116: 1080000 | S116: =SUM(N116:R116) -> 1680000 | T116: 0 | U116: =S116+T116 -> 1680000 | V116: 0 | W116: 0 | X116: 0 | Y116: 0 | Z116: 0 | AA116: 2400 | AB116: 495000 | AC116: 0 | AD116: =W116+Y116+AA116+AB116+AC116 -> 497400 | AE116: =U116-AD116 -> 1182600 | AF116: 0 | AG116: Union Bank Of India | AH116: 610002010009769 | AI116: UBIN0815837
B117: =B116+1 -> 103 | C117: MADHAVI B | D117: ABEPB6039M | E117: 373951970370 | F117: 25391 | G117: MD | H117: YES | I117: GYNAECOLOGY | J117: PROFESSOR | K117: 38078 | L117: OTHERS | M117: - | N117: 600000 | O117: 0 | P117: 0 | Q117: 0 | R117: 1800000 | S117: =SUM(N117:R117) -> 2400000 | T117: 0 | U117: =S117+T117 -> 2400000 | V117: 0 | W117: 0 | X117: 0 | Y117: 0 | Z117: 0 | AA117: 2400 | AB117: 421200 | AC117: 0 | AD117: =W117+Y117+AA117+AB117+AC117 -> 423600 | AE117: =U117-AD117 -> 1976400 | AF117: 0 | AG117: Union Bank Of India | AH117: 328002011014763 | AI117: UBIN0532801
B118: =B117+1 -> 104 | C118: LAXMAN KUMAR CH | D118: AASPC8345A | E118: 813435141789 | F118: 22802 | G118: MD | H118: YES | I118: PAEDIATRICS | J118: PROFESSOR | K118: 39600 | L118: OTHERS | M118: - | N118: 600000 | O118: 0 | P118: 0 | Q118: 0 | R118: 1200000 | S118: =SUM(N118:R118) -> 1800000 | T118: 0 | U118: =S118+T118 -> 1800000 | V118: 0 | W118: 0 | X118: 0 | Y118: 0 | Z118: 0 | AA118: 2400 | AB118: 234000 | AC118: 0 | AD118: =W118+Y118+AA118+AB118+AC118 -> 236400 | AE118: =U118-AD118 -> 1563600 | AF118: 0 | AG118: Union Bank Of India | AH118: 214810100068162 | AI118: UBIN0821489
B119: =B118+1 -> 105 | C119: SATISH CHANDRA K | D119: AFMPK1721P | E119: 679302418209 | F119: 27243 | G119: MD | H119: YES | I119: PULMONOLOZY | J119: PROFESSOR | K119: 40513 | L119: OTHERS | M119: - | N119: 600000 | O119: 0 | P119: 0 | Q119: 0 | R119: 1200000 | S119: =SUM(N119:R119) -> 1800000 | T119: 0 | U119: =S119+T119 -> 1800000 | V119: 0 | W119: 0 | X119: 0 | Y119: 0 | Z119: 0 | AA119: 2400 | AB119: 234000 | AC119: 0 | AD119: =W119+Y119+AA119+AB119+AC119 -> 236400 | AE119: =U119-AD119 -> 1563600 | AF119: 0 | AG119: Union Bank Of India | AH119: 214810100067321 | AI119: UBIN0821489
B120: =B119+1 -> 106 | C120: RAVI KANTH L | D120: ACWPL1834D | E120: 642353171083 | F120: 28176 | G120: MS | H120: YES | I120: E N T | J120: PROFESSOR | K120: 40668 | L120: OTHERS | M120: - | N120: 460645 | O120: 0 | P120: 0 | Q120: 0 | R120: 690968 | S120: =SUM(N120:R120) -> 1151613 | T120: 0 | U120: =S120+T120 -> 1151613 | V120: 0 | W120: 0 | X120: 0 | Y120: 0 | Z120: 0 | AA120: 2400 | AB120: 85426 | AC120: 0 | AD120: =W120+Y120+AA120+AB120+AC120 -> 87826 | AE120: =U120-AD120 -> 1063787 | AF120: 0 | AG120: Union Bank Of India | AH120: 610002010005979 | AI120: UBIN0815837
B121: =B120+1 -> 107 | C121: RANJITH KUMAR P | D121: ARIPP3084G | E121: 661134921243 | F121: 28048 | G121: M.Ch Neuro | H121: YES | I121: GENERAL MEDICINE | J121: PROFESSOR | K121: 40889 | L121: OTHERS | M121: - | N121: 318509 | O121: 0 | P121: 0 | Q121: 0 | R121: 1220941 | S121: =SUM(N121:R121) -> 1539450 | T121: 0 | U121: =S121+T121 -> 1539450 | V121: 0 | W121: 0 | X121: 0 | Y121: 0 | Z121: 0 | AA121: 2400 | AB121: 153805.6 | AC121: 0 | AD121: =W121+Y121+AA121+AB121+AC121 -> 156205.6 | AE121: =U121-AD121 -> 1383244.4 | AF121: 0 | AG121: Union Bank Of India | AH121: 610002010009679 | AI121: UBIN0815837
B122: =B121+1 -> 108 | C122: SRINIVAS REDDY | D122: AAMPN3539P | E122: 525807307816 | F122: 24673 | G122: MS | H122: YES | I122: ORTHOPAEDICS | J122: PROFESSOR | K122: 40848 | L122: OTHERS | M122: - | N122: 600000 | O122: 0 | P122: 0 | Q122: 0 | R122: 1200000 | S122: =SUM(N122:R122) -> 1800000 | T122: 0 | U122: =S122+T122 -> 1800000 | V122: 0 | W122: 0 | X122: 0 | Y122: 0 | Z122: 0 | AA122: 2400 | AB122: 234000 | AC122: 0 | AD122: =W122+Y122+AA122+AB122+AC122 -> 236400 | AE122: =U122-AD122 -> 1563600 | AF122: 0 | AG122: Union Bank Of India | AH122: 214810100067011 | AI122: UBIN0821489
B123: =B122+1 -> 109 | C123: MARUTHI CH | D123: ADWPC4168Q | E123: 699310631137 | F123: 27117 | G123: M.Ch | H123: YES | I123: GENERAL SURGERY | J123: PROFESSOR | K123: 41061 | L123: OTHERS | M123: - | N123: 600000 | O123: 0 | P123: 0 | Q123: 0 | R123: 1200000 | S123: =SUM(N123:R123) -> 1800000 | T123: 0 | U123: =S123+T123 -> 1800000 | V123: 0 | W123: 0 | X123: 0 | Y123: 0 | Z123: 0 | AA123: 2400 | AB123: 234000 | AC123: 0 | AD123: =W123+Y123+AA123+AB123+AC123 -> 236400 | AE123: =U123-AD123 -> 1563600 | AF123: 0 | AG123: Union Bank Of India | AH123: 214810100066960 | AI123: UBIN0821489
B124: =B123+1 -> 110 | C124: ASHWIN J | D124: ATWPJ0622J | E124: 375258481807 | F124: 30039 | G124: MD | H124: YES | I124: ANAESTHESIOLOGY | J124: PROFESSOR | K124: 41290 | L124: OTHERS | M124: - | N124: 380000 | O124: 0 | P124: 0 | Q124: 0 | R124: 845000 | S124: =SUM(N124:R124) -> 1225000 | T124: 0 | U124: =S124+T124 -> 1225000 | V124: 0 | W124: 0 | X124: 0 | Y124: 0 | Z124: 0 | AA124: 2400 | AB124: 89700 | AC124: 0 | AD124: =W124+Y124+AA124+AB124+AC124 -> 92100 | AE124: =U124-AD124 -> 1132900 | AF124: 0 | AG124: Union Bank Of India | AH124: 610002010009650 | AI124: UBIN0815837
B125: =B124+1 -> 111 | C125: HARISH G V | D125: BHKPG0208E | E125: 765348972820 | F125: 30244 | G125: MD | H125: YES | I125: PAEDIATRICS | J125: PROFESSOR | K125: 41290 | L125: OTHERS | M125: - | N125: 478621 | O125: 0 | P125: 0 | Q125: 0 | R125: 837586 | S125: =SUM(N125:R125) -> 1316207 | T125: 0 | U125: =S125+T125 -> 1316207 | V125: 0 | W125: 0 | X125: 0 | Y125: 0 | Z125: 0 | AA125: 2400 | AB125: 107371.06 | AC125: 0 | AD125: =W125+Y125+AA125+AB125+AC125 -> 109771.06 | AE125: =U125-AD125 -> 1206435.9 | AF125: 0 | AG125: Union Bank Of India | AH125: 610002010008934 | AI125: UBIN0815837
B126: =B125+1 -> 112 | C126: RATNAM RAOJI | D126: AFFPR5767P | E126: 276467312965 | F126: 25663 | G126: MD | H126: YES | I126: ANAESTHESIOLOGY | J126: PROFESSOR | K126: 41244 | L126: OTHERS | M126: - | N126: 600000 | O126: 0 | P126: 0 | Q126: 0 | R126: 1200000 | S126: =SUM(N126:R126) -> 1800000 | T126: 0 | U126: =S126+T126 -> 1800000 | V126: 0 | W126: 0 | X126: 0 | Y126: 0 | Z126: 0 | AA126: 2400 | AB126: 234000 | AC126: 0 | AD126: =W126+Y126+AA126+AB126+AC126 -> 236400 | AE126: =U126-AD126 -> 1563600 | AF126: 0 | AG126: Union Bank Of India | AH126: 214810100066924 | AI126: UBIN0821489
... B232: =B231+1 -> 218 | C232: KANKANALA AKSHITHA | D232: EIKPA0913A | E232: 958948500181 | F232: 34824 | G232: MD | H232: YES | I232: PAEDIATRICS | J232: SENIOR RESIDENT | K232: 44774 | L232: OTHERS | M232: - | N232: 100000 | O232: 0 | P232: 0 | Q232: 0 | R232: 140000 | S232: =SUM(N232:R232) -> 240000 | T232: 0 | U232: =S232+T232 -> 240000 | V232: 0 | W232: 0 | X232: 0 | Y232: 0 | Z232: 0 | AA232: 800 | AB232: 0 | AC232: 0 | AD232: =W232+Y232+AA232+AB232+AC232 -> 800 | AE232: =U232-AD232 -> 239200 | AF232: 0 | AG232: Union Bank Of India | AH232: 214810100082001 | AI232: UBIN0821489
B233: =B232+1 -> 219 | C233: RANGAPURAM SHIRISHA | D233: CDDPR8360Q | E233: 234857109265 | F233: 33256 | G233: DNB | H233: YES | I233: OPHTHALMOLOGY | J233: SENIOR RESIDENT | K233: 44966 | L233: OTHERS | M233: - | N233: 278226 | O233: 0 | P233: 0 | Q233: 0 | R233: 389516 | S233: =SUM(N233:R233) -> 667742 | T233: 0 | U233: =S233+T233 -> 667742 | V233: 0 | W233: 0 | X233: 0 | Y233: 0 | Z233: 0 | AA233: 2200 | AB233: 0 | AC233: 0 | AD233: =W233+Y233+AA233+AB233+AC233 -> 2200 | AE233: =U233-AD233 -> 665542 | AF233: 0 | AG233: Union Bank Of India | AH233: 520451008020216 | AI233: 0
B234: =B233+1 -> 220 | C234: GUNDREDDY MOUNIKA REDDY | D234: CKQPG9469M | E234: 286779110617 | F234: 34539 | G234: MD | H234: YES | I234: GENERAL MEDICINE | J234: SENIOR RESIDENT | K234: 45017 | L234: OTHERS | M234: - | N234: 253548 | O234: 0 | P234: 0 | Q234: 0 | R234: 380323 | S234: =SUM(N234:R234) -> 633871 | T234: 0 | U234: =S234+T234 -> 633871 | V234: 0 | W234: 0 | X234: 0 | Y234: 0 | Z234: 0 | AA234: 1800 | AB234: 28341 | AC234: 0 | AD234: =W234+Y234+AA234+AB234+AC234 -> 30141 | AE234: =U234-AD234 -> 603730 | AF234: 0 | AG234: Union Bank Of India | AH234: 026110100068685
B235: =B234+1 -> 221 | C235: KAKUMANU A Y BHARATH | D235: DIRPK7471M | E235: 426685629614 | F235: 34827 | G235: MS | H235: YES | I235: GENERAL SURGERY | J235: SENIOR RESIDENT | K235: 45170 | L235: OTHERS | M235: - | N235: 150780 | O235: 0 | P235: 0 | Q235: 0 | R235: 271403 | S235: =SUM(N235:R235) -> 422183 | T235: 0 | U235: =S235+T235 -> 422183 | V235: 0 | W235: 0 | X235: 0 | Y235: 0 | Z235: 0 | AA235: 1200 | AB235: 0 | AC235: 0 | AD235: =W235+Y235+AA235+AB235+AC235 -> 1200 | AE235: =U235-AD235 -> 420983 | AF235: 0 | AG235: Union Bank Of India | AH235: 214810100095421 | AI235: UBIN0821489
B236: =B235+1 -> 222 | C236: KOLAN ASHWITHA | E236: 575294702765 | F236: 35000 | G236: MS | H236: YES | I236: GYNAECOLOGY | J236: SENIOR RESIDENT | K236: 45170 | L236: OTHERS | M236: - | N236: 45968 | O236: 0 | P236: 0 | Q236: 0 | R236: 82742 | S236: =SUM(N236:R236) -> 128710 | T236: 0 | U236: =S236+T236 -> 128710 | V236: 0 | W236: 0 | X236: 0 | Y236: 0 | Z236: 0 | AA236: 400 | AB236: 0 | AC236: 0 | AD236: =W236+Y236+AA236+AB236+AC236 -> 400 | AE236: =U236-AD236 -> 128310 | AF236: 0 | AG236: Union Bank Of India | AH236: 214810100094787 | AI236: UBIN0821489
B237: =B236+1 -> 223 | C237: GAJJALA RAVICHANDRA | D237: BVLPG1354A | E237: 468195724516 | F237: 33414 | G237: MD | H237: YES | I237: PSYCHIATRY | J237: SENIOR RESIDENT | K237: 45198 | L237: OTHERS | M237: - | N237: 120858 | O237: 0 | P237: 0 | Q237: 0 | R237: 169199 | S237: =SUM(N237:R237) -> 290057 | T237: 0 | U237: =S237+T237 -> 290057 | V237: 0 | W237: 0 | X237: 0 | Y237: 0 | Z237: 0 | AA237: 1000 | AB237: 0 | AC237: 0 | AD237: =W237+Y237+AA237+AB237+AC237 -> 1000 | AE237: =U237-AD237 -> 289057 | AF237: 0 | AG237: Union Bank Of India | AH237: 214810100094626 | AI237: UBIN0821489
B238: =B237+1 -> 224 | C238: KANDUKURI VIJAYA KUMAR | D238: BWZPV4838F | E238: 320538977628 | F238: 34804 | G238: MS | H238: YES | I238: ORTHOPAEDICS | J238: SENIOR RESIDENT | K238: 45203 | L238: OTHERS | M238: - | N238: 159355 | O238: 0 | P238: 0 | Q238: 0 | R238: 217097 | S238: =SUM(N238:R238) -> 376452 | T238: 0 | U238: =S238+T238 -> 376452 | V238: 0 | W238: 0 | X238: 0 | Y238: 0 | Z238: 0 | AA238: 1200 | AB238: 0 | AC238: 0 | AD238: =W238+Y238+AA238+AB238+AC238 -> 1200 | AE238: =U238-AD238 -> 375252 | AF238: 0 | AG238: Union Bank Of India | AH238: 214810100094501 | AI238: UBIN0821489
B239: =B238+1 -> 225 | C239: KADA VISHNU PRIYA | D239: COHPK3247N | E239: 346699834220 | F239: 34467 | G239: DNB | H239: YES | I239: GYNAECOLOGY | J239: SENIOR RESIDENT | K239: 45208 | L239: OTHERS | M239: - | N239: 43548 | O239: 0 | P239: 0 | Q239: 0 | R239: 60968 | S239: =SUM(N239:R239) -> 104516 | T239: 0 | U239: =S239+T239 -> 104516 | V239: 0 | W239: 0 | X239: 0 | Y239: 0 | Z239: 0 | AA239: 400 | AB239: 0 | AC239: 0 | AD239: =W239+Y239+AA239+AB239+AC239 -> 400 | AE239: =U239-AD239 -> 104116 | AF239: 0
B240: =B239+1 -> 226 | C240: GOURISHETTY ARAVIND | D240: BFLPG0401G | E240: 995647174912 | F240: 33970 | G240: MS | H240: YES | I240: ORTHOPAEDICS | J240: SENIOR RESIDENT | K240: 45233 | L240: OTHERS | M240: - | N240: 147032 | O240: 0 | P240: 0 | Q240: 0 | R240: 177033 | S240: =SUM(N240:R240) -> 324065 | T240: 0 | U240: =S240+T240 -> 324065 | V240: 0 | W240: 0 | X240: 0 | Y240: 0 | Z240: 0 | AA240: 1000 | AB240: 0 | AC240: 0 | AD240: =W240+Y240+AA240+AB240+AC240 -> 1000 | AE240: =U240-AD240 -> 323065 | AF240: 0 | AG240: Union Bank Of India | AH240: 214810100095500 | AI240: UBIN0821489
B241: =B240+1 -> 227 | C241: GADIPUDI SWETHA CHOWDARY | E241: 557354265385 | F241: 34463 | G241: MD | H241: YES | I241: GENERAL MEDICINE | J241: SENIOR RESIDENT | K241: 45170 | L241: OTHERS | M241: - | N241: 100000 | O241: 0 | P241: 0 | Q241: 0 | R241: 320000 | S241: =SUM(N241:R241) -> 420000 | T241: 0 | U241: =S241+T241 -> 420000 | V241: 0 | W241: 0 | X241: 0 | Y241: 0 | Z241: 0 | AA241: 800 | AB241: 0 | AC241: 0 | AD241: =W241+Y241+AA241+AB241+AC241 -> 800 | AE241: =U241-AD241 -> 419200 | AF241: 0 | AG241: Union Bank Of India | AH241: 214810100095795 | AI241: UBIN0821489
B242: =B241+1 -> 228 | C242: R DINESH | E242: 737468530349 | F242: 34099 | G242: MD | H242: YES | I242: GENERAL MEDICINE | J242: SENIOR RESIDENT | K242: 45170 | L242: OTHERS | M242: - | N242: 100000 | O242: 0 | P242: 0 | Q242: 0 | R242: 320000 | S242: =SUM(N242:R242) -> 420000 | T242: 0 | U242: =S242+T242 -> 420000 | V242: 0 | W242: 0 | X242: 0 | Y242: 0 | Z242: 0 | AA242: 800 | AB242: 0 | AC242: 0 | AD242: =W242+Y242+AA242+AB242+AC242 -> 800 | AE242: =U242-AD242 -> 419200 | AF242: 0 | AG242: Union Bank Of India | AH242: 214810100095634 | AI242: UBIN0821489
B243: =B242+1 -> 229 | C243: DYAPA SRIJA | D243: GKVPD8779Q | E243: 673775252493 | F243: 34828 | G243: MD | H243: YES | I243: GENERAL MEDICINE | J243: SENIOR RESIDENT | K243: 45170 | L243: OTHERS | M243: - | N243: 100000 | O243: 0 | P243: 0 | Q243: 0 | R243: 320000 | S243: =SUM(N243:R243) -> 420000 | T243: 0 | U243: =S243+T243 -> 420000 | V243: 0 | W243: 0 | X243: 0 | Y243: 0 | Z243: 0 | AA243: 800 | AB243: 0 | AC243: 0 | AD243: =W243+Y243+AA243+AB243+AC243 -> 800 | AE243: =U243-AD243 -> 419200 | AF243: 0 | AG243: Union Bank Of India | AH243: 214810100095546 | AI243: UBIN0821489
B244: =B243+1 -> 230 | C244: THOTA VIKRANTH | D244: BPIPT4794N | E244: 849144572059 | F244: 34536 | G244: MD | H244: YES | I244: GENERAL MEDICINE | J244: SENIOR RESIDENT | K244: 45170 | L244: OTHERS | M244: - | N244: 100000 | O244: 0 | P244: 0 | Q244: 0 | R244: 320000 | S244: =SUM(N244:R244) -> 420000 | T244: 0 | U244: =S244+T244 -> 420000 | V244: 0 | W244: 0 | X244: 0 | Y244: 0 | Z244: 0 | AA244: 800 | AB244: 0 | AC244: 0 | AD244: =W244+Y244+AA244+AB244+AC244 -> 800 | AE244: =U244-AD244 -> 419200 | AF244: 0 | AG244: Union Bank Of India | AH244: 214810100095555 | AI244: UBIN0821489
B245: =B244+1 -> 231 | C245: SAI VISHWANATH RAO N | E245: 902280840276 | F245: 34683 | G245: MD | H245: YES | I245: GENERAL MEDICINE | J245: SENIOR RESIDENT | K245: 45170 | L245: OTHERS | M245: - | N245: 100000 | O245: 0 | P245: 0 | Q245: 0 | R245: 320000 | S245: =SUM(N245:R245) -> 420000 | T245: 0 | U245: =S245+T245 -> 420000 | V245: 0 | W245: 0 | X245: 0 | Y245: 0 | Z245: 0 | AA245: 800 | AB245: 0 | AC245: 0 | AD245: =W245+Y245+AA245+AB245+AC245 -> 800 | AE245: =U245-AD245 -> 419200 | AF245: 0 | AG245: Union Bank Of India | AH245: 214810100095476 | AI245: UBIN0821489
B246: =B245+1 -> 232 | C246: BUYYA SREEJA | D246: EBCPB6937G | E246: 925454104703 | F246: 34829 | G246: MD | H246: YES | I246: GENERAL MEDICINE | J246: SENIOR RESIDENT | K246: 45170 | L246: OTHERS | M246: - | N246: 100000 | O246: 0 | P246: 0 | Q246: 0 | R246: 320000 | S246: =SUM(N246:R246) -> 420000 | T246: 0 | U246: =S246+T246 -> 420000 | V246: 0 | W246: 0 | X246: 0 | Y246: 0 | Z246: 0 | AA246: 800 | AB246: 0 | AC246: 0 | AD246: =W246+Y246+AA246+AB246+AC246 -> 800 | AE246: =U246-AD246 -> 419200 | AF246: 0 | AG246: Union Bank Of India | AH246: 214810100095607 | AI246: UBIN0821489
B247: =B246+1 -> 233 | C247: SUMA CHOWDARY GARAPATI | E247: 367693032199 | F247: 35152 | G247: MD | H247: YES | I247: GENERAL MEDICINE | J247: SENIOR RESIDENT | K247: 45170 | L247: OTHERS | M247: - | N247: 100000 | O247: 0 | P247: 0 | Q247: 0 | R247: 320000 | S247: =SUM(N247:R247) -> 420000 | T247: 0 | U247: =S247+T247 -> 420000 | V247: 0 | W247: 0 | X247: 0 | Y247: 0 | Z247: 0 | AA247: 800 | AB247: 0 | AC247: 0 | AD247: =W247+Y247+AA247+AB247+AC247 -> 800 | AE247: =U247-AD247 -> 419200 | AF247: 0 | AG247: Union Bank Of India | AH247: 214810100095616 | AI247: UBIN0821489
B248: =B247+1 -> 234 | C248: MOHAMMED ABDUL RAQEEB | E248: 789617082254 | F248: 34330 | G248: MD | H248: YES | I248: GENERAL MEDICINE | J248: SENIOR RESIDENT | K248: 45170 | L248: OTHERS | M248: - | N248: 100000 | O248: 0 | P248: 0 | Q248: 0 | R248: 320000 | S248: =SUM(N248:R248) -> 420000 | T248: 0 | U248: =S248+T248 -> 420000 | V248: 0 | W248: 0 | X248: 0 | Y248: 0 | Z248: 0 | AA248: 800 | AB248: 0 | AC248: 0 | AD248: =W248+Y248+AA248+AB248+AC248 -> 800 | AE248: =U248-AD248 -> 419200 | AF248: 0 | AG248: Union Bank Of India | AH248: 214810100095519 | AI248: UBIN0821489
B249: =B248+1 -> 235 | C249: POORMANI PRATHYUSHA REDDY | D249: CUSPP1933M | E249: 382304219741 | F249: 35378 | G249: MD | H249: YES | I249: GENERAL MEDICINE | J249: SENIOR RESIDENT | K249: 45170 | L249: OTHERS | M249: - | N249: 100000 | O249: 0 | P249: 0 | Q249: 0 | R249: 320000 | S249: =SUM(N249:R249) -> 420000 | T249: 0 | U249: =S249+T249 -> 420000 | V249: 0 | W249: 0 | X249: 0 | Y249: 0 | Z249: 0 | AA249: 800 | AB249: 0 | AC249: 0 | AD249: =W249+Y249+AA249+AB249+AC249 -> 800 | AE249: =U249-AD249 -> 419200 | AF249: 0 | AG249: Union Bank Of India | AH249: 214810100095333 | AI249: UBIN0821489
B250: =B249+1 -> 236 | C250: K MADHURI REDDY | E250: 327439084356 | F250: 34981 | G250: MS | H250: YES | I250: GENERAL SURGERY | J250: SENIOR RESIDENT | K250: 45170 | L250: OTHERS | M250: - | N250: 100000 | O250: 0 | P250: 0 | Q250: 0 | R250: 320000 | S250: =SUM(N250:R250) -> 420000 | T250: 0 | U250: =S250+T250 -> 420000 | V250: 0 | W250: 0 | X250: 0 | Y250: 0 | Z250: 0 | AA250: 800 | AB250: 0 | AC250: 0 | AD250: =W250+Y250+AA250+AB250+AC250 -> 800 | AE250: =U250-AD250 -> 419200 | AF250: 0 | AG250: Union Bank Of India | AH250: 214810100095768 | AI250: UBIN0821489
B251: =B250+1 -> 237 | C251: KODAM MOUNIKA | D251: CUFPK7100J | E251: 953539548977 | F251: 34335 | G251: MS | H251: YES | I251: GENERAL SURGERY | J251: SENIOR RESIDENT | K251: 45170 | L251: OTHERS | M251: - | N251: 100000 | O251: 0 | P251: 0 | Q251: 0 | R251: 320000 | S251: =SUM(N251:R251) -> 420000 | T251: 0 | U251: =S251+T251 -> 420000 | V251: 0 | W251: 0 | X251: 0 | Y251: 0 | Z251: 0 | AA251: 800 | AB251: 0 | AC251: 0 | AD251: =W251+Y251+AA251+AB251+AC251 -> 800 | AE251: =U251-AD251 -> 419200 | AF251: 0 | AG251: Union Bank Of India | AH251: 214810100095227 | AI251: UBIN0821489
B252: =B251+1 -> 238 | C252: DIVYA DEVI BHONGIR | D252: BLRPB1797C | E252: 258869676617 | F252: 32902 | G252: MS | H252: YES | I252: GENERAL SURGERY | J252: SENIOR RESIDENT | K252: 45170 | L252: OTHERS | M252: - | N252: 100000 | O252: 0 | P252: 0 | Q252: 0 | R252: 320000 | S252: =SUM(N252:R252) -> 420000 | T252: 0 | U252: =S252+T252 -> 420000 | V252: 0 | W252: 0 | X252: 0 | Y252: 0 | Z252: 0 | AA252: 800 | AB252: 0 | AC252: 0 | AD252: =W252+Y252+AA252+AB252+AC252 -> 800 | AE252: =U252-AD252 -> 419200 | AF252: 0 | AG252: Union Bank Of India | AH252: 214810100095281 | AI252: UBIN0821489
B253: =B252+1 -> 239 | C253: SUNKARA NAVYA SAI | D253: MUZPS4698R | E253: 217390111330 | F253: 34524 | G253: MS | H253: YES | I253: GENERAL SURGERY | J253: SENIOR RESIDENT | K253: 45170 | L253: OTHERS | M253: - | N253: 100000 | O253: 0 | P253: 0 | Q253: 0 | R253: 320000 | S253: =SUM(N253:R253) -> 420000 | T253: 0 | U253: =S253+T253 -> 420000 | V253: 0 | W253: 0 | X253: 0 | Y253: 0 | Z253: 0 | AA253: 800 | AB253: 0 | AC253: 0 | AD253: =W253+Y253+AA253+AB253+AC253 -> 800 | AE253: =U253-AD253 -> 419200 | AF253: 0 | AG253: Union Bank Of India | AH253: 214810100095148 | AI253: UBIN0821489
...

Sheet SCH-5
B2: NAME OF THE INSTITUTION PRATHIMA INSTITUTE OF MEDICAL SCIENCES
B3: DETAILS OF DEPARTMENT (Non-Clinical) WISE ELIGIBLE TEACHING STAFF FOR THE PERIOD 2023-24 AND 2024-25 | AD3: SCHEDULE -5
B4: (please furnish the details department wase course wise as per the following departments)
B5: 1. Department of Anatomy; 2. Department of Physiology; 3. Department of Biochemistry; 4. Department of Patholgy; 5. Department of Microbiology; 6. Department of Pharmacology; 7. Department of Forensic Medicine; 8. Department of Communy Medicine; 9. Rural Training Health Centre; 10. Urban Training Health Centre
B7: DETAILS OF DEPARTMENT (Non-Clinical) WISE ELIGIBLE TEACHING STAFF FOR THE PERIOD FOR 2023-24
B8: =+'[2]SCH-1'!D14 -> M.B.B.S | AD8: AMOUNT IN Rs.
B10: S. No. | C10: EMPLOYEE NAME | D10: PAN No. | E10: AADHAR NO. | F10: DATE OF BIRTH | G10: QUALIFICATION | H10: WHETHER THE EMPLOYEE POSSESSES THE EQUIVALENT QUALIFICATION | I10: BRANCH | J10: DESIGNATION | K10: DATE OF APPOINTMENT TO DESIGNATION | L10: Vth PAY SCALE/ VIth PAY SCALE/ OTHERS | M10: PAY SCALE (BAND) | N10: FOR 01/04/2023 TO 31/03/2024 | V10: PREVIOUS YEARS ARREARS PAID (IF ANY) | W10: PF CONTRIBUTION | Y10: ESI CONTRIBUTION | AA10: PROF. TAX | AB10: TDS | AC10: OTHER DEDUCTIONS | AD10: TOTAL DEDUCTIONS | AE10: NET SALARY | AF10: GRATUITY CONTRIBUTION | AG10: BANK DETAILS IN WHICH SALARY IS BEING CREDITED
N11: BASIC PAY (including AGP) | O11: DA | P11: HRA | Q11: CCA | R11: OTHERS | S11: TOTAL | T11: ARREARS (2023-24) | U11: GROSS SALARY | W11: EMPLOYEE | X11: EMPLOYER | Y11: EMPLOYEE | Z11: EMPLOYER | AG11: NAME | AH11: Account No. | AI11: IFSC
B12: 1 | C12: 2 | D12: 3 | E12: 4 | F12: 5 | G12: 6 | H12: 7 | I12: 8 | J12: 9 | K12: 10 | L12: 11 | M12: 12 | N12: 13 | O12: 14 | P12: 15 | Q12: 16 | R12: 17 | S12: 18 = 13+14+15+16+17) | T12: 19 | U12: 20=(18+19) | V12: 21 | W12: 22 | X12: 23 | Y12: 24 | Z12: 25 | AA12: 26 | AB12: 27 | AC12: 28 | AD12: 29= (22+24+26+27+28) | AE12: 30=(18-29) | AF12: 31 | AG12: 32 | AH12: 33 | AI12: 34
B13: 1 | C13: SUKUMAR S | D13: BGCPS6958J | E13: 427818674756 | F13: 26536 | G13: MD | H13: YES | I13: PATHOLOGY | J13: ASSOC PROF | K13: 41244 | L13: OTHERS | M13: 0 | N13: 480000 | O13: 0 | P13: 0 | Q13: 0 | R13: 600000 | S13: =SUM(N13:R13) -> 1080000 | T13: 0 | U13: =S13+T13 -> 1080000 | V13: 0 | W13: 0 | X13: 0 | Y13: 0 | Z13: 0 | AA13: 2400 | AB13: 67080 | AC13: 0 | AD13: =W13+Y13+AA13+AB13+AC13 -> 69480 | AE13: =U13-AD13 -> 1010520 | AF13: 0 | AG13: Union Bank Of India | AH13: 214810100068108 | AI13: UBIN0821489
B14: 2 | C14: T.RAMA KRANTHI | D14: AKQPT4161M | E14: 506409485277 | F14: 31540 | G14: M.Sc Med. Phy | H14: YES | I14: PHYSIOLOGY | J14: ASSOC PROF | K14: 42186 | L14: OTHERS | M14: 0 | N14: 150000 | O14: 0 | P14: 0 | Q14: 0 | R14: 333300 | S14: =SUM(N14:R14) -> 483300 | T14: 0 | U14: =S14+T14 -> 483300 | V14: 0 | W14: 0 | X14: 0 | Y14: 0 | Z14: 0 | AA14: 1000 | AB14: 23535 | AC14: 7213.5 | AD14: =W14+Y14+AA14+AB14+AC14 -> 31748.5 | AE14: =U14-AD14 -> 451551.5 | AF14: 0 | AG14: Union Bank Of India | AH14: 610002010011413 | AI14: UBIN0815837
B15: 3 | C15: SREELATHA KURAPATI | D15: CZZPK8437R | E15: 694354061035 | F15: 30538 | G15: MD | H15: YES | I15: PATHOLOGY | J15: ASSOC PROF | K15: 42340 | L15: OTHERS | M15: 0 | N15: 480000 | O15: 0 | P15: 0 | Q15: 0 | R15: 960000 | S15: =SUM(N15:R15) -> 1440000 | T15: 0 | U15: =S15+T15 -> 1440000 | V15: 0 | W15: 0 | X15: 0 | Y15: 0 | Z15: 0 | AA15: 2400 | AB15: 133120 | AC15: 0 | AD15: =W15+Y15+AA15+AB15+AC15 -> 135520 | AE15: =U15-AD15 -> 1304480 | AF15: 0 | AG15: Union Bank Of India | AH15: 214810100090286 | AI15: UBIN0821489
B16: 4 | C16: B. VENUGOPAL | D16: AOKPB0150L | E16: 670528853048 | F16: 29010 | G16: MBBS DMRD | H16: YES | I16: BIOCHEMISTRY | J16: ASSOC PROF | K16: 42480 | L16: OTHERS | M16: 0 | N16: 360000 | O16: 0 | P16: 0 | Q16: 0 | R16: 420000 | S16: =SUM(N16:R16) -> 780000 | T16: 0 | U16: =S16+T16 -> 780000 | V16: 0 | W16: 0 | X16: 0 | Y16: 0 | Z16: 0 | AA16: 2400 | AB16: 29120 | AC16: 0 | AD16: =W16+Y16+AA16+AB16+AC16 -> 31520 | AE16: =U16-AD16 -> 748480 | AF16: 0 | AG16: Union Bank Of India | AH16: 610002010012028 | AI16: UBIN0815837
B17: 5 | C17: KASHIF MOHAMMED MOHIDDIN | D17: ARYPK4329D | E17: 696397979899 | F17: 30261 | G17: MD | H17: YES | I17: PATHOLOGY | J17: ASSOC PROF | K17: 43070 | L17: OTHERS | M17: 0 | N17: 240000 | O17: 0 | P17: 0 | Q17: 0 | R17: 480000 | S17: =SUM(N17:R17) -> 720000 | T17: 0 | U17: =S17+T17 -> 720000 | V17: 0 | W17: 0 | X17: 0 | Y17: 0 | Z17: 0 | AA17: 1200 | AB17: 71048 | AC17: 0 | AD17: =W17+Y17+AA17+AB17+AC17 -> 72248 | AE17: =U17-AD17 -> 647752 | AF17: 0 | AG17: Union Bank Of India | AH17: 214810100067491 | AI17: UBIN0821489
B18: 6 | C18: NARA DEVAYANI | D18: ARMPN4232E | E18: 925035568426 | F18: 29793 | G18: MD | H18: YES | I18: PATHOLOGY | J18: ASSOC PROF | K18: 43344 | L18: OTHERS | M18: 0 | N18: 440000 | O18: 0 | P18: 0 | Q18: 0 | R18: 1155000 | S18: =SUM(N18:R18) -> 1595000 | T18: 0 | U18: =S18+T18 -> 1595000 | V18: 0 | W18: 0 | X18: 0 | Y18: 0 | Z18: 0 | AA18: 2200 | AB18: 193078 | AC18: 1039.5 | AD18: =W18+Y18+AA18+AB18+AC18 -> 196317.5 | AE18: =U18-AD18 -> 1398682.5 | AF18: 0 | AG18: Union Bank Of India | AH18: 610002010014107 | AI18: UBIN0815837
B19: 7 | C19: K.NANDINI | D19: CTFPK5792R | E19: 546669956369 | F19: 31717 | G19: MD | H19: YES | I19: BIOCHEMISTRY | J19: ASSOC PROF | K19: 43647 | L19: OTHERS | M19: 0 | N19: 360000 | O19: 0 | P19: 0 | Q19: 0 | R19: 780000 | S19: =SUM(N19:R19) -> 1140000 | T19: 0 | U19: =S19+T19 -> 1140000 | V19: 0 | W19: 0 | X19: 0 | Y19: 0 | Z19: 0 | AA19: 2400 | AB19: 79622.4 | AC19: 4814.5 | AD19: =W19+Y19+AA19+AB19+AC19 -> 86836.9 | AE19: =U19-AD19 -> 1053163.1 | AF19: 0 | AG19: Union Bank Of India | AH19: 610002010014273 | AI19: UBIN0815837
B20: 8 | C20: RAPOLU YADAGIRI | D20: ABJPR8628K | E20: 306853031481 | F20: 22072 | G20: MD | H20: YES | I20: COMMUNITY MEDICINE | J20: ASSOC PROF | K20: 44016 | L20: OTHERS | M20: 0 | N20: 451998 | O20: 0 | P20: 0 | Q20: 0 | R20: 960493 | S20: =SUM(N20:R20) -> 1412491 | T20: 0 | U20: =S20+T20 -> 1412491 | V20: 0 | W20: 0 | X20: 0 | Y20: 0 | Z20: 0 | AA20: 2400 | AB20: 127398.13 | AC20: 0 | AD20: =W20+Y20+AA20+AB20+AC20 -> 129798.13 | AE20: =U20-AD20 -> 1282692.9 | AF20: 0 | AG20: Union Bank Of India | AH20: 610002010015028 | AI20: UBIN0815837
B21: 9 | C21: AUDI THANMAYI NAIDU | D21: BXFPA2882R | E21: 661889817034 | F21: 32785 | G21: MD | H21: YES | I21: PATHOLOGY | J21: ASSOC PROF | K21: 44075 | L21: OTHERS | M21: 0 | N21: 360000 | O21: 0 | P21: 0 | Q21: 0 | R21: 840000 | S21: =SUM(N21:R21) -> 1200000 | T21: 0 | U21: =S21+T21 -> 1200000 | V21: 0 | W21: 0 | X21: 0 | Y21: 0 | Z21: 0 | AA21: 2400 | AB21: 85800 | AC21: 0 | AD21: =W21+Y21+AA21+AB21+AC21 -> 88200 | AE21: =U21-AD21 -> 1111800 | AF21: 0 | AG21: Union Bank Of India | AH21: 328002011015408 | AI21: UBIN0532801
B22: 10 | C22: GUPTA PRERNA DILIP KUMAR | D22: AOIPG2883H | E22: 605693122087 | F22: 30160 | G22: MD | H22: YES | I22: ANATOMY | J22: ASSOC PROF | K22: 44166 | L22: OTHERS | M22: 0 | N22: 480000 | O22: 0 | P22: 0 | Q22: 0 | R22: 960000 | S22: =SUM(N22:R22) -> 1440000 | T22: 0 | U22: =S22+T22 -> 1440000 | V22: 0 | W22: 0 | X22: 0 | Y22: 0 | Z22: 0 | AA22: 2400 | AB22: 133120 | AC22: 0 | AD22: =W22+Y22+AA22+AB22+AC22 -> 135520 | AE22: =U22-AD22 -> 1304480 | AF22: 0 | AG22: Union Bank Of India | AH22: 214812010000014 | AI22: UBIN0821489
B23: 11 | C23: GUPTA NEERAJ | D23: ALMPK0677L | E23: 995696231686 | F23: 29834 | G23: MD | H23: YES | I23: FORENSIC MEDICINE | J23: ASSOC PROF | K23: 44166 | L23: OTHERS | M23: 0 | N23: 480000 | O23: 0 | P23: 0 | Q23: 0 | R23: 960000 | S23: =SUM(N23:R23) -> 1440000 | T23: 0 | U23: =S23+T23 -> 1440000 | V23: 0 | W23: 0 | X23: 0 | Y23: 0 | Z23: 0 | AA23: 2400 | AB23: 133120 | AC23: 0 | AD23: =W23+Y23+AA23+AB23+AC23 -> 135520 | AE23: =U23-AD23 -> 1304480 | AF23: 0 | AG23: Union Bank Of India | AH23: 214812010000013 | AI23: UBIN0821489
B24: 12 | C24: MOHD ABDUL WASSEY | D24: CCDPM8424P | E24: 600686102042 | F24: 32375 | G24: MD | H24: YES | I24: COMMUNITY MEDICINE | J24: ASSOC PROF | K24: 44166 | L24: OTHERS | M24: 0 | N24: 360000 | O24: 0 | P24: 0 | Q24: 0 | R24: 840000 | S24: =SUM(N24:R24) -> 1200000 | T24: 0 | U24: =S24+T24 -> 1200000 | V24: 0 | W24: 0 | X24: 0 | Y24: 0 | Z24: 0 | AA24: 2400 | AB24: 85800 | AC24: 0 | AD24: =W24+Y24+AA24+AB24+AC24 -> 88200 | AE24: =U24-AD24 -> 1111800 | AF24: 0 | AG24: Union Bank Of India | AH24: 214810100096156 | AI24: UBIN0821489
... B27: 15 | C27: SHAIKA ARSHAD AHMED RAJMOHAMMAD | D27: AMEPS4018E | E27: 486599533118 | F27: 25939 | G27: MD | H27: YES | I27: ANATOMY | J27: ASSOC PROF | K27: 44652 | L27: OTHERS | M27: 0 | N27: 480000 | O27: 0 | P27: 0 | Q27: 0 | R27: 960000 | S27: =SUM(N27:R27) -> 1440000 | T27: 0 | U27: =S27+T27 -> 1440000 | V27: 0 | W27: 0 | X27: 0 | Y27: 0 | Z27: 0 | AA27: 2400 | AB27: 133120 | AC27: 0 | AD27: =W27+Y27+AA27+AB27+AC27 -> 135520 | AE27: =U27-AD27 -> 1304480 | AF27: 0 | AG27: Union Bank Of India | AH27: 214812010000718 | AI27: UBIN0821489
B28: 16 | C28: GANGA SREEDHAR | D28: AQOPG5613K | E28: 838614840521 | F28: 31052 | G28: M.Sc Ph.D | H28: YES | I28: PHARMACOLOGY | J28: ASSOC PROF | K28: 43839 | L28: OTHERS | M28: 0 | N28: 420000 | O28: 0 | P28: 0 | Q28: 0 | R28: 295800 | S28: =SUM(N28:R28) -> 715800 | T28: 0 | U28: =S28+T28 -> 715800 | V28: 0 | W28: 0 | X28: 0 | Y28: 0 | Z28: 0 | AA28: 2400 | AB28: 0 | AC28: 5216 | AD28: =W28+Y28+AA28+AB28+AC28 -> 7616 | AE28: =U28-AD28 -> 708184 | AF28: 0 | AG28: Union Bank Of India | AH28: 750102010002007 | AI28: 0
B29: 17 | C29: POTHULA VENKATA NAGA PADMAJA | D29: BAJPB7230D | E29: 427902993801 | F29: 28945 | G29: MD | H29: YES | I29: PATHOLOGY | J29: ASSOC PROF | K29: 45119 | L29: OTHERS | M29: 0 | N29: 345806 | O29: 0 | P29: 0 | Q29: 0 | R29: 432259 | S29: =SUM(N29:R29) -> 778065 | T29: 0 | U29: =S29+T29 -> 778065 | V29: 0 | W29: 0 | X29: 0 | Y29: 0 | Z29: 0 | AA29: 1800 | AB29: 28918.76 | AC29: 0 | AD29: =W29+Y29+AA29+AB29+AC29 -> 30718.76 | AE29: =U29-AD29 -> 747346.24 | AF29: 0 | AG29: Union Bank Of India | AH29: 610002010014108 | AI29: UBIN0815837
B30: 18 | C30: ANUSHARANI MANTHRI | D30: CJIPM2899C | E30: 700907870841 | F30: 31967 | G30: MD | H30: YES | I30: PHARMACOLOGY | J30: ASSOC PROF | K30: 45299 | L30: OTHERS | M30: 0 | N30: 83226 | O30: 0 | P30: 0 | Q30: 0 | R30: 277719 | S30: =SUM(N30:R30) -> 360945 | T30: 0 | U30: =S30+T30 -> 360945 | V30: 0 | W30: 0 | X30: 0 | Y30: 0 | Z30: 0 | AA30: 600 | AB30: 0 | AC30: 2362.5 | AD30: =W30+Y30+AA30+AB30+AC30 -> 2962.5 | AE30: =U30-AD30 -> 357982.5 | AF30: 0 | AG30: Union Bank Of India | AH30: 197112010000912 | AI30: 0
B31: 19 | C31: BAKKI SHESHU KUMAR | D31: AOBPB7494J | E31: 551418946023 | F31: 31349 | G31: MD | H31: YES | I31: BIOCHEMISTRY | J31: ASSOC PROF | K31: 45292 | L31: OTHERS | M31: 0 | N31: 120000 | O31: 0 | P31: 0 | Q31: 0 | R31: 330000 | S31: =SUM(N31:R31) -> 450000 | T31: 0 | U31: =S31+T31 -> 450000 | V31: 0 | W31: 0 | X31: 0 | Y31: 0 | Z31: 0 | AA31: 600 | AB31: 0 | AC31: 0 | AD31: =W31+Y31+AA31+AB31+AC31 -> 600 | AE31: =U31-AD31 -> 449400 | AF31: 0 | AG31: Union Bank Of India | AH31: 107510100059289 | AI31: 0
B32: 20 | C32: VENKATARAMANA K | D32: AMLPK7055Q | E32: 265311442675 | F32: 28525 | G32: M.Sc Med. Micro | H32: YES | I32: MICROBIOLOGY | J32: ASST PROF | K32: 40434 | L32: OTHERS | M32: 0 | N32: 360000 | O32: 0 | P32: 0 | Q32: 0 | R32: 540000 | S32: =SUM(N32:R32) -> 900000 | T32: 0 | U32: =S32+T32 -> 900000 | V32: 0 | W32: 0 | X32: 0 | Y32: 0 | Z32: 0 | AA32: 2400 | AB32: 41600 | AC32: 0 | AD32: =W32+Y32+AA32+AB32+AC32 -> 44000 | AE32: =U32-AD32 -> 856000 | AF32: 0 | AG32: Union Bank Of India | AH32: 610002010005186 | AI32: UBIN0815837
B33: 21 | C33: KALPANA SOGALA | D33: FHWPS4531N | E33: 624364692712 | F33: 31731 | G33: MS | H33: YES | I33: ANATOMY | J33: ASST PROF | K33: 43708 | L33: OTHERS | M33: 0 | N33: 51290 | O33: 0 | P33: 0 | Q33: 0 | R33: 105581 | S33: =SUM(N33:R33) -> 156871 | T33: 0 | U33: =S33+T33 -> 156871 | V33: 0 | W33: 0 | X33: 0 | Y33: 0 | Z33: 0 | AA33: 400 | AB33: 0 | AC33: 780 | AD33: =W33+Y33+AA33+AB33+AC33 -> 1180 | AE33: =U33-AD33 -> 155691 | AF33: 0 | AG33: Union Bank Of India | AH33: 610002010014620 | AI33: UBIN0815837
B34: 22 | C34: MOHD UBAIDULLAH ANSARI | D34: CDTPM9457M | E34: 630142115201 | F34: 32942 | G34: MD | H34: YES | I34: MICROBIOLOGY | J34: ASST PROF | K34: 44088 | L34: OTHERS | M34: 0 | N34: 45484 | O34: 0 | P34: 0 | Q34: 0 | R34: 106129 | S34: =SUM(N34:R34) -> 151613 | T34: 0 | U34: =S34+T34 -> 151613 | V34: 0 | W34: 0 | X34: 0 | Y34: 0 | Z34: 0 | AA34: 400 | AB34: 0 | AC34: 1422 | AD34: =W34+Y34+AA34+AB34+AC34 -> 1822 | AE34: =U34-AD34 -> 149791 | AF34: 0 | AG34: Union Bank Of India | AH34: 625202010006838 | AI34: UBIN0561002
B35: 23 | C35: DAVA SWETHA | D35: KJYPS8997B | E35: 696950323422 | F35: 31987 | G35: MD | H35: YES | I35: COMMUNITY MEDICINE | J35: ASST PROF | K35: 44174 | L35: OTHERS | M35: 0 | N35: 283966 | O35: 0 | P35: 0 | Q35: 0 | R35: 662586 | S35: =SUM(N35:R35) -> 946552 | T35: 0 | U35: =S35+T35 -> 946552 | V35: 0 | W35: 0 | X35: 0 | Y35: 0 | Z35: 0 | AA35: 2000 | AB35: 51256 | AC35: 16790 | AD35: =W35+Y35+AA35+AB35+AC35 -> 70046 | AE35: =U35-AD35 -> 876506 | AF35: 0 | AG35: Union Bank Of India | AH35: 158312010000033 | AI35: UBIN815837
B36: 24 | C36: K USHA KIRAN | D36: ATFPK0201P | E36: 699324772824 | F36: 25355 | G36: MD | H36: YES | I36: PHYSIOLOGY | J36: ASST PROF | K36: 44256 | L36: OTHERS | M36: 0 | N36: 360000 | O36: 0 | P36: 0 | Q36: 0 | R36: 840000 | S36: =SUM(N36:R36) -> 1200000 | T36: 0 | U36: =S36+T36 -> 1200000 | V36: 0 | W36: 0 | X36: 0 | Y36: 0 | Z36: 0 | AA36: 2400 | AB36: 85800 | AC36: 0 | AD36: =W36+Y36+AA36+AB36+AC36 -> 88200 | AE36: =U36-AD36 -> 1111800 | AF36: 0 | AG36: Union Bank Of India | AH36: 520101080113652 | AI36: UBIN0532801
B37: 25 | C37: MANISHA S GADAPPA | D37: BKVPG9200J | E37: 635068902645 | F37: 31454 | G37: MD | H37: YES | I37: PHARMACOLOGY | J37: ASST PROF | K37: 44529 | L37: OTHERS | M37: 0 | N37: 140323 | O37: 0 | P37: 0 | Q37: 0 | R37: 211983 | S37: =SUM(N37:R37) -> 352306 | T37: 0 | U37: =S37+T37 -> 352306 | V37: 0 | W37: 0 | X37: 0 | Y37: 0 | Z37: 0 | AA37: 1000 | AB37: 12405 | AC37: 0 | AD37: =W37+Y37+AA37+AB37+AC37 -> 13405 | AE37: =U37-AD37 -> 338901 | AF37: 0 | AG37: SBI | AH37: 62098452645 | AI37: SBIN0012905
B38: 26 | C38: PIRISINGULA SHRUTHI | D38: HYFPS0253F | E38: 647887105702 | F38: 31879 | G38: MSC | H38: YES | I38: MICROBIOLOGY | J38: ASST PROF | K38: 44848 | L38: OTHERS | M38: 0 | N38: 300000 | O38: 0 | P38: 0 | Q38: 0 | R38: 240000 | S38: =SUM(N38:R38) -> 540000 | T38: 0 | U38: =S38+T38 -> 540000 | V38: 0 | W38: 0 | X38: 0 | Y38: 0 | Z38: 0 | AA38: 2400 | AB38: 0 | AC38: 14197 | AD38: =W38+Y38+AA38+AB38+AC38 -> 16597 | AE38: =U38-AD38 -> 523403 | AF38: 0 | AG38: Union Bank Of India | AH38: 53610100137125 | AI38: 0
B39: 27 | C39: JILLELLA TEJASVI | D39: BASPJ8324B | E39: 415396729626 | F39: 32822 | G39: MD | H39: YES | I39: FORENSIC MEDICINE | J39: ASST PROF | K39: 44835 | L39: OTHERS | M39: 0 | N39: 150000 | O39: 0 | P39: 0 | Q39: 0 | R39: 350000 | S39: =SUM(N39:R39) -> 500000 | T39: 0 | U39: =S39+T39 -> 500000 | V39: 0 | W39: 0 | X39: 0 | Y39: 0 | Z39: 0 | AA39: 1000 | AB39: 32628 | AC39: 0 | AD39: =W39+Y39+AA39+AB39+AC39 -> 33628 | AE39: =U39-AD39 -> 466372 | AF39: 0 | AG39: Union Bank Of India | AH39: 214812010000939 | AI39: UBIN0821489
B40: 28 | C40: SABITHA V | D40: ADZPV9399K | E40: 927492445507 | F40: 28606 | G40: M.Sc | H40: YES | I40: BIOCHEMISTRY | J40: ASST PROF | K40: 43544 | L40: OTHERS | M40: 0 | N40: 360000 | O40: 0 | P40: 0 | Q40: 0 | R40: 376200 | S40: =SUM(N40:R40) -> 736200 | T40: 0 | U40: =S40+T40 -> 736200 | V40: 0 | W40: 0 | X40: 0 | Y40: 0 | Z40: 0 | AA40: 2400 | AB40: 10600 | AC40: 0 | AD40: =W40+Y40+AA40+AB40+AC40 -> 13000 | AE40: =U40-AD40 -> 723200 | AF40: 0 | AG40: Union Bank Of India | AH40: 610002010014162 | AI40: UBIN0815837
B41: 29 | C41: GUDELLI PRASHANTH REDDY | D41: BZRPG6852K | E41: 631385456265 | F41: 33811 | G41: MD | H41: YES | I41: COMMUNITY MEDICINE | J41: ASST PROF | K41: 45037 | L41: OTHERS | M41: 0 | N41: 330323 | O41: 0 | P41: 0 | Q41: 0 | R41: 664086 | S41: =SUM(N41:R41) -> 994409 | T41: 0 | U41: =S41+T41 -> 994409 | V41: 0 | W41: 0 | X41: 0 | Y41: 0 | Z41: 0 | AA41: 2400 | AB41: 58386 | AC41: 0 | AD41: =W41+Y41+AA41+AB41+AC41 -> 60786 | AE41: =U41-AD41 -> 933623 | AF41: 0 | AG41: Union Bank Of India | AH41: 104810100196322 | AI41: UBIN0810487
B42: 30 | C42: KRANTHI REKHA YADA | D42: ALRPY0980B | E42: 812023723381 | F42: 34444 | G42: MD | H42: YES | I42: MICROBIOLOGY | J42: ASST PROF | K42: 45190 | L42: OTHERS | M42: 0 | N42: 163333 | O42: 0 | P42: 0 | Q42: 0 | R42: 220000 | S42: =SUM(N42:R42) -> 383333 | T42: 0 | U42: =S42+T42 -> 383333 | V42: 0 | W42: 0 | X42: 0 | Y42: 0 | Z42: 0 | AA42: 1350 | AB42: 0 | AC42: 0 | AD42: =W42+Y42+AA42+AB42+AC42 -> 1350 | AE42: =U42-AD42 -> 381983 | AF42: 0 | AG42: Union Bank Of India | AH42: 274412010001359 | AI42: UBIN0827444
B43: 31 | C43: BUDDARTHI SUJATHA | D43: BKWPB8467K | E43: 719945843018 | F43: 33674 | G43: MD | H43: YES | I43: PATHOLOGY | J43: ASST PROF | K43: 45198 | L43: OTHERS | M43: 0 | N43: 181032 | O43: 0 | P43: 0 | Q43: 0 | R43: 301720 | S43: =SUM(N43:R43) -> 482752 | T43: 0 | U43: =S43+T43 -> 482752 | V43: 0 | W43: 0 | X43: 0 | Y43: 0 | Z43: 0 | AA43: 1200 | AB43: 0 | AC43: 0 | AD43: =W43+Y43+AA43+AB43+AC43 -> 1200 | AE43: =U43-AD43 -> 481552 | AF43: 0 | AG43: Union Bank Of India | AH43: 610002010012076 | AI43: UBIN0815837
B44: 32 | C44: VISHNU CHANDRA SEKHAR | D44: LHLPS5512G | E44: 471308035475 | F44: 32373 | G44: MD | H44: YES | I44: COMMUNITY MEDICINE | J44: ASST PROF | K44: 45323 | L44: OTHERS | M44: 0 | N44: 60000 | O44: 0 | P44: 0 | Q44: 0 | R44: 240000 | S44: =SUM(N44:R44) -> 300000 | T44: 0 | U44: =S44+T44 -> 300000 | V44: 0 | W44: 0 | X44: 0 | Y44: 0 | Z44: 0 | AA44: 400 | AB44: 0 | AC44: 0 | AD44: =W44+Y44+AA44+AB44+AC44 -> 400 | AE44: =U44-AD44 -> 299600 | AF44: 0 | AG44: Union Bank Of India | AH44: 214812120000529 | AI44: UBIN0821489
B45: 33 | C45: HARENDER RAO M | D45: ALQPM4998Q | E45: 363125304639 | F45: 23092 | G45: M.Sc Stats | H45: YES | I45: COMMUNITY MEDICINE | J45: LECTURER | K45: 37260 | L45: OTHERS | M45: 0 | N45: 360000 | O45: 0 | P45: 0 | Q45: 0 | R45: 340000 | S45: =SUM(N45:R45) -> 700000 | T45: 0 | U45: =S45+T45 -> 700000 | V45: 0 | W45: 0 | X45: 0 | Y45: 0 | Z45: 0 | AA45: 2400 | AB45: 0 | AC45: 0 | AD45: =W45+Y45+AA45+AB45+AC45 -> 2400 | AE45: =U45-AD45 -> 697600 | AF45: 0 | AG45: Union Bank Of India | AH45: 328002011000175 | AI45: UBIN0532801
B46: 34 | C46: C. KISHAN REDDY | D46: AHXPG3581A | E46: 513666026912 | F46: 26911 | G46: MD | H46: YES | I46: ANATOMY | J46: PROF & HOD | K46: 37790 | L46: OTHERS | M46: 0 | N46: 600000 | O46: 0 | P46: 0 | Q46: 0 | R46: 1750000 | S46: =SUM(N46:R46) -> 2350000 | T46: 0 | U46: =S46+T46 -> 2350000 | V46: 0 | W46: 0 | X46: 0 | Y46: 0 | Z46: 0 | AA46: 2400 | AB46: 415708.8 | AC46: 8497.5 | AD46: =W46+Y46+AA46+AB46+AC46 -> 426606.3 | AE46: =U46-AD46 -> 1923393.7 | AF46: 0 | AG46: Union Bank Of India | AH46: 328002011000640 | AI46: UBIN0532801
B47: 35 | C47: J. JYOTHIRMAI | D47: AJBPJ5956G | E47: 955561894384 | F47: 28090 | G47: MD | H47: YES | I47: PHARMACOLOGY | J47: PROF & HOD | K47: 39326 | L47: OTHERS | M47: 0 | N47: 600000 | O47: 0 | P47: 0 | Q47: 0 | R47: 1176900 | S47: =SUM(N47:R47) -> 1776900 | T47: 0 | U47: =S47+T47 -> 1776900 | V47: 0 | W47: 0 | X47: 0 | Y47: 0 | Z47: 0 | AA47: 2400 | AB47: 226792.8 | AC47: 150000 | AD47: =W47+Y47+AA47+AB47+AC47 -> 379192.8 | AE47: =U47-AD47 -> 1397707.2 | AF47: 0 | AG47: Union Bank Of India | AH47: 328002011007337 | AI47: UBIN0532801
B48: 36 | C48: MIRZA NISAR HUSSAIN BAIG | D48: AQLPB4967C | E48: 351720578715 | F48: 29415 | G48: MD | H48: YES | I48: PHYSIOLOGY | J48: PROF & HOD | K48: 40004 | L48: OTHERS | M48: 0 | N48: 600000 | O48: 0 | P48: 0 | Q48: 0 | R48: 1321800 | S48: =SUM(N48:R48) -> 1921800 | T48: 0 | U48: =S48+T48 -> 1921800 | V48: 0 | W48: 0 | X48: 0 | Y48: 0 | Z48: 0 | AA48: 2400 | AB48: 282110.4 | AC48: 11189 | AD48: =W48+Y48+AA48+AB48+AC48 -> 295699.4 | AE48: =U48-AD48 -> 1626100.6 | AF48: 0 | AG48: Union Bank Of India | AH48: 328002011012097 | AI48: UBIN0532801
B49: 37 | C49: DILZITH ARORA | D49: AJNPD5568Q | E49: 289123811143 | F49: 28614 | G49: MD | H49: YES | I49: COMMUNITY MEDICINE | J49: PROF & HOD | K49: 42795 | L49: OTHERS | M49: 0 | N49: 480000 | O49: 0 | P49: 0 | Q49: 0 | R49: 1200000 | S49: =SUM(N49:R49) -> 1680000 | T49: 0 | U49: =S49+T49 -> 1680000 | V49: 0 | W49: 0 | X49: 0 | Y49: 0 | Z49: 0 | AA49: 2400 | AB49: 196560 | AC49: 0 | AD49: =W49+Y49+AA49+AB49+AC49 -> 198960 | AE49: =U49-AD49 -> 1481040 | AF49: 0 | AG49: Union Bank Of India | AH49: 214810100075904 | AI49: UBIN0821489
B50: 38 | C50: K. SRISANDHYA | D50: BBVPK9309K | E50: 260598387523 | F50: 28756 | G50: MD | H50: YES | I50: MICROBIOLOGY | J50: PROF & HOD | K50: 42917 | L50: OTHERS | M50: 0 | N50: 480000 | O50: 0 | P50: 0 | Q50: 0 | R50: 1620000 | S50: =SUM(N50:R50) -> 2100000 | T50: 0 | U50: =S50+T50 -> 2100000 | V50: 0 | W50: 0 | X50: 0 | Y50: 0 | Z50: 0 | AA50: 2400 | AB50: 327600 | AC50: 0 | AD50: =W50+Y50+AA50+AB50+AC50 -> 330000 | AE50: =U50-AD50 -> 1770000 | AF50: 0 | AG50: Union Bank Of India | AH50: 610002010013247 | AI50: UBIN0815837
... B70: 58 | C70: AKUTHOTA CHAITANYA | D70: BIUPA6712L | E70: 960762677387 | F70: 32176 | G70: MD | H70: YES | I70: PATHOLOGY | J70: SENIOR RESIDENT | K70: 44774 | L70: OTHERS | M70: 0 | N70: 100000 | O70: 0 | P70: 0 | Q70: 0 | R70: 140000 | S70: =SUM(N70:R70) -> 240000 | T70: 0 | U70: =S70+T70 -> 240000 | V70: 0 | W70: 0 | X70: 0 | Y70: 0 | Z70: 0 | AA70: 800 | AB70: 0 | AC70: 0 | AD70: =W70+Y70+AA70+AB70+AC70 -> 800 | AE70: =U70-AD70 -> 239200 | AF70: 0 | AG70: Union Bank Of India | AH70: 214810100081899 | AI70: UBIN0821489
B71: 59 | C71: MOHAMMED FAISAL MOHIUDDIN | E71: 629047253443 | F71: 33255 | G71: MD | H71: YES | I71: PATHOLOGY | J71: SENIOR RESIDENT | K71: 45170 | L71: OTHERS | M71: 0 | N71: 100000 | O71: 0 | P71: 0 | Q71: 0 | R71: 320000 | S71: =SUM(N71:R71) -> 420000 | T71: 0 | U71: =S71+T71 -> 420000 | V71: 0 | W71: 0 | X71: 0 | Y71: 0 | Z71: 0 | AA71: 800 | AB71: 0 | AC71: 0 | AD71: =W71+Y71+AA71+AB71+AC71 -> 800 | AE71: =U71-AD71 -> 419200 | AF71: 0 | AG71: Union Bank Of India | AH71: 214810100096280 | AI71: UBIN0821489
B72: 60 | C72: NAVYA LOKESHWARA T | D72: BNYPT0655E | E72: 589378146961 | F72: 33606 | G72: MD | H72: YES | I72: PATHOLOGY | J72: SENIOR RESIDENT | K72: 45170 | L72: OTHERS | M72: 0 | N72: 100000 | O72: 0 | P72: 0 | Q72: 0 | R72: 320000 | S72: =SUM(N72:R72) -> 420000 | T72: 0 | U72: =S72+T72 -> 420000 | V72: 0 | W72: 0 | X72: 0 | Y72: 0 | Z72: 0 | AA72: 800 | AB72: 0 | AC72: 0 | AD72: =W72+Y72+AA72+AB72+AC72 -> 800 | AE72: =U72-AD72 -> 419200 | AF72: 0 | AG72: Union Bank Of India | AH72: 214810100095467 | AI72: UBIN0821489
B73: 61 | C73: GOWTHAM PAWAR | D73: BUQPM4123D | E73: 376934265569 | F73: 31472 | G73: MBBS | H73: YES | I73: ANATOMY | J73: TUTOR | K73: 43070 | L73: OTHERS | M73: 0 | N73: 300000 | O73: 0 | P73: 0 | Q73: 0 | R73: 420000 | S73: =SUM(N73:R73) -> 720000 | T73: 0 | U73: =S73+T73 -> 720000 | V73: 0 | W73: 0 | X73: 0 | Y73: 0 | Z73: 0 | AA73: 2400 | AB73: 0 | AC73: 0 | AD73: =W73+Y73+AA73+AB73+AC73 -> 2400 | AE73: =U73-AD73 -> 717600 | AF73: 0 | AG73: Union Bank Of India | AH73: 214810100067224 | AI73: UBIN0821489
B74: 62 | C74: SHOBA | D74: DEKPK0266R | E74: 715412175805 | F74: 33399 | G74: MBBS | H74: YES | I74: COMMUNITY MEDICINE | J74: TUTOR | K74: 43070 | L74: OTHERS | M74: 0 | N74: 300000 | O74: 0 | P74: 0 | Q74: 0 | R74: 420000 | S74: =SUM(N74:R74) -> 720000 | T74: 0 | U74: =S74+T74 -> 720000 | V74: 0 | W74: 0 | X74: 0 | Y74: 0 | Z74: 0 | AA74: 2400 | AB74: 0 | AC74: 0 | AD74: =W74+Y74+AA74+AB74+AC74 -> 2400 | AE74: =U74-AD74 -> 717600 | AF74: 0 | AG74: Union Bank Of India | AH74: 214810100067233 | AI74: UBIN0821489
B75: 63 | C75: K.SUMAN | D75: BZGPK0698N | E75: 498175847599 | F75: 32725 | G75: MBBS | H75: YES | I75: MICROBIOLOGY | J75: TUTOR | K75: 43070 | L75: OTHERS | M75: 0 | N75: 300000 | O75: 0 | P75: 0 | Q75: 0 | R75: 420000 | S75: =SUM(N75:R75) -> 720000 | T75: 0 | U75: =S75+T75 -> 720000 | V75: 0 | W75: 0 | X75: 0 | Y75: 0 | Z75: 0 | AA75: 2400 | AB75: 0 | AC75: 0 | AD75: =W75+Y75+AA75+AB75+AC75 -> 2400 | AE75: =U75-AD75 -> 717600 | AF75: 0 | AG75: Union Bank Of India | AH75: 214810100067507 | AI75: UBIN0821489
B76: 64 | C76: G.ANIL | D76: BVPPG2920Q | E76: 507263599074 | F76: 33633 | G76: MBBS | H76: YES | I76: COMMUNITY MEDICINE | J76: TUTOR | K76: 43070 | L76: OTHERS | M76: 0 | N76: 300000 | O76: 0 | P76: 0 | Q76: 0 | R76: 420000 | S76: =SUM(N76:R76) -> 720000 | T76: 0 | U76: =S76+T76 -> 720000 | V76: 0 | W76: 0 | X76: 0 | Y76: 0 | Z76: 0 | AA76: 2400 | AB76: 0 | AC76: 0 | AD76: =W76+Y76+AA76+AB76+AC76 -> 2400 | AE76: =U76-AD76 -> 717600 | AF76: 0 | AG76: Union Bank Of India | AH76: 214810100067765 | AI76: UBIN0821489
B77: 65 | C77: D.BHASKAR | D77: CLFPB4564E | E77: 344454831634 | F77: 33821 | G77: MBBS | H77: YES | I77: BIOCHEMISTRY | J77: TUTOR | K77: 43252 | L77: OTHERS | M77: 0 | N77: 300000 | O77: 0 | P77: 0 | Q77: 0 | R77: 420000 | S77: =SUM(N77:R77) -> 720000 | T77: 0 | U77: =S77+T77 -> 720000 | V77: 0 | W77: 0 | X77: 0 | Y77: 0 | Z77: 0 | AA77: 2400 | AB77: 0 | AC77: 0 | AD77: =W77+Y77+AA77+AB77+AC77 -> 2400 | AE77: =U77-AD77 -> 717600 | AF77: 0 | AG77: Union Bank Of India | AH77: 214810100070459 | AI77: UBIN0821489
B78: 66 | C78: G.MADHU | D78: BTQPG9389C | E78: 879997812338 | F78: 33381 | G78: MBBS | H78: YES | I78: PHYSIOLOGY | J78: TUTOR | K78: 43282 | L78: OTHERS | M78: 0 | N78: 300000 | O78: 0 | P78: 0 | Q78: 0 | R78: 420000 | S78: =SUM(N78:R78) -> 720000 | T78: 0 | U78: =S78+T78 -> 720000 | V78: 0 | W78: 0 | X78: 0 | Y78: 0 | Z78: 0 | AA78: 2400 | AB78: 0 | AC78: 0 | AD78: =W78+Y78+AA78+AB78+AC78 -> 2400 | AE78: =U78-AD78 -> 717600 | AF78: 0 | AG78: Union Bank Of India | AH78: 214810100069736 | AI78: UBIN0821489
B79: 67 | C79: NEPPALLI SAI VIKASH | D79: ATOPN6426E | E79: 233047053312 | F79: 34693 | G79: MBBS | H79: YES | I79: COMMUNITY MEDICINE | J79: TUTOR | K79: 44287 | L79: OTHERS | M79: 0 | N79: 300000 | O79: 0 | P79: 0 | Q79: 0 | R79: 420000 | S79: =SUM(N79:R79) -> 720000 | T79: 0 | U79: =S79+T79 -> 720000 | V79: 0 | W79: 0 | X79: 0 | Y79: 0 | Z79: 0 | AA79: 2400 | AB79: 0 | AC79: 0 | AD79: =W79+Y79+AA79+AB79+AC79 -> 2400 | AE79: =U79-AD79 -> 717600 | AF79: 0 | AG79: Union Bank Of India | AH79: 214810100038860 | AI79: UBIN0821489
B80: 68 | C80: NERUKOMMA PRAMOD KUMAR | D80: AVXPN4304N | E80: 816014426614 | F80: 32610 | G80: MBBS | H80: YES | I80: MICROBIOLOGY | J80: TUTOR | K80: 44652 | L80: OTHERS | M80: 0 | N80: 300000 | O80: 0 | P80: 0 | Q80: 0 | R80: 420000 | S80: =SUM(N80:R80) -> 720000 | T80: 0 | U80: =S80+T80 -> 720000 | V80: 0 | W80: 0 | X80: 0 | Y80: 0 | Z80: 0 | AA80: 2400 | AB80: 0 | AC80: 0 | AD80: =W80+Y80+AA80+AB80+AC80 -> 2400 | AE80: =U80-AD80 -> 717600 | AF80: 0 | AG80: Union Bank Of India | AH80: 214810100090480 | AI80: UBIN0821489
B81: 69 | C81: GUMMADI CHINNA GANGARAM | D81: CMUPG2634Q | E81: 217493048698 | F81: 28806 | G81: MBBS | H81: YES | I81: ANATOMY | J81: TUTOR | K81: 44652 | L81: OTHERS | M81: 0 | N81: 300000 | O81: 0 | P81: 0 | Q81: 0 | R81: 420000 | S81: =SUM(N81:R81) -> 720000 | T81: 0 | U81: =S81+T81 -> 720000 | V81: 0 | W81: 0 | X81: 0 | Y81: 0 | Z81: 0 | AA81: 2400 | AB81: 0 | AC81: 0 | AD81: =W81+Y81+AA81+AB81+AC81 -> 2400 | AE81: =U81-AD81 -> 717600 | AF81: 0 | AG81: Union Bank Of India | AH81: 610002010013859 | AI81: UBIN0815837
B82: 70 | C82: KODURI RAVALI | D82: DQTPK3377N | E82: 586974215975 | F82: 35236 | G82: MBBS | H82: YES | I82: ANATOMY | J82: TUTOR | K82: 44805 | L82: OTHERS | M82: 0 | N82: 225000 | O82: 0 | P82: 0 | Q82: 0 | R82: 315000 | S82: =SUM(N82:R82) -> 540000 | T82: 0 | U82: =S82+T82 -> 540000 | V82: 0 | W82: 0 | X82: 0 | Y82: 0 | Z82: 0 | AA82: 1800 | AB82: 0 | AC82: 0 | AD82: =W82+Y82+AA82+AB82+AC82 -> 1800 | AE82: =U82-AD82 -> 538200 | AF82: 0 | AG82: Union Bank Of India | AH82: 133610100113417 | AI82: 0
B83: 71 | C83: DR. SIDDA PRATHYUSHA | D83: NKIPS1623A | E83: 686734738317 | F83: 34994 | G83: MBBS | H83: YES | I83: BIOCHEMISTRY | J83: TUTOR | K83: 45292 | L83: OTHERS | M83: 0 | N83: 50000 | O83: 0 | P83: 0 | Q83: 0 | R83: 130000 | S83: =SUM(N83:R83) -> 180000 | T83: 0 | U83: =S83+T83 -> 180000 | V83: 0 | W83: 0 | X83: 0 | Y83: 0 | Z83: 0 | AA83: 400 | AB83: 0 | AC83: 0 | AD83: =W83+Y83+AA83+AB83+AC83 -> 400 | AE83: =U83-AD83 -> 179600 | AF83: 0 | AG83: Union Bank Of India | AH83: 214812010001373 | AI83: UBIN0821489
B84: 72 | C84: DR. B. PRADYUMMA | D84: CODPB9685R | E84: 364368063621 | F84: 35174 | G84: MBBS | H84: YES | I84: MICROBIOLOGY | J84: TUTOR | K84: 43831 | L84: OTHERS | M84: 0 | N84: 50000 | O84: 0 | P84: 0 | Q84: 0 | R84: 130000 | S84: =SUM(N84:R84) -> 180000 | T84: 0 | U84: =S84+T84 -> 180000 | V84: 0 | W84: 0 | X84: 0 | Y84: 0 | Z84: 0 | AA84: 400 | AB84: 0 | AC84: 0 | AD84: =W84+Y84+AA84+AB84+AC84 -> 400 | AE84: =U84-AD84 -> 179600 | AF84: 0 | AG84: Union Bank Of India | AH84: 75710100107805 | AI84: 0
B85: 73 | C85: DR. KALYANAM VAISHNAVI | D85: FVXPK1305R | E85: 610119611907 | F85: 35978 | G85: MBBS | H85: YES | I85: PHARMACOLOGY | J85: TUTOR | K85: 45323 | L85: OTHERS | M85: 0 | N85: 50000 | O85: 0 | P85: 0 | Q85: 0 | R85: 130000 | S85: =SUM(N85:R85) -> 180000 | T85: 0 | U85: =S85+T85 -> 180000 | V85: 0 | W85: 0 | X85: 0 | Y85: 0 | Z85: 0 | AA85: 400 | AB85: 0 | AC85: 0 | AD85: =W85+Y85+AA85+AB85+AC85 -> 400 | AE85: =U85-AD85 -> 179600 | AF85: 0 | AG85: Union Bank Of India | AH85: 199110100060054 | AI85: 0
B86: 74 | C86: DR. CHILLA RAJYALAXMI | D86: BPLPC4131D | E86: 494975619181 | F86: 36292 | G86: MBBS | H86: YES | I86: FORENSIC MEDICINE | J86: TUTOR | K86: 45292 | L86: OTHERS | M86: 0 | N86: 50000 | O86: 0 | P86: 0 | Q86: 0 | R86: 130000 | S86: =SUM(N86:R86) -> 180000 | T86: 0 | U86: =S86+T86 -> 180000 | V86: 0 | W86: 0 | X86: 0 | Y86: 0 | Z86: 0 | AA86: 400 | AB86: 0 | AC86: 0 | AD86: =W86+Y86+AA86+AB86+AC86 -> 400 | AE86: =U86-AD86 -> 179600 | AF86: 0 | AG86: Union Bank Of India | AH86: 214812010000258 | AI86: UBIN0821489
B87: TOTAL | N87: =SUM(N13:N86) -> 25571619 | O87: =SUM(O13:O86) -> 0 | P87: =SUM(P13:P86) -> 0 | Q87: =SUM(Q13:Q86) -> 0 | R87: =SUM(R13:R86) -> 52639356 | S87: =SUM(S13:S86) -> 78210975 | T87: =SUM(T13:T86) -> 0 | U87: =SUM(U13:U86) -> 78210975 | ... AF87: =SUM(AF13:AF86) -> 0
B89: DETAILS OF DEPARTMENT (Non-Clinical) WISE ELIGIBLE TEACHING STAFF FOR THE PERIOD FROM 01/04/2024 TO 31/03/2025
B90: M.B.B.S
B92: S. No. | C92: EMPLOYEE NAME | D92: PAN No. | E92: AADHAR NO. | F92: DATE OF BIRTH | G92: QUALIFICATION | H92: WHETHER THE EMPLOYEE POSSESSES THE EQUIVALENT QUALIFICATION | I92: BRANCH | J92: DESIGNATION | K92: DATE OF APPOINTMENT TO DESIGNATION | L92: Vth PAY SCALE/ VIth PAY SCALE/ OTHERS | M92: PAY SCALE (BAND) | N92: FOR 01/04/2024 TO 31/03/2025 | V92: PREVIOUS YEARS ARREARS PAID (IF ANY) | W92: PF CONTRIBUTION | Y92: ESI CONTRIBUTION | AA92: PROF. TAX | AB92: TDS | AC92: OTHER DEDUCTIONS | AD92: TOTAL DEDUCTIONS | AE92: NET SALARY | AF92: GRATUITY CONTRIBUTION | AG92: BANK DETAILS IN WHICH SALARY IS BEING CREDITED
N93: BASIC PAY (including AGP) | O93: DA | P93: HRA | Q93: CCA | R93: OTHERS | S93: TOTAL | T93: ARREARS (2024-25) | U93: GROSS SALARY | W93: EMPLOYEE | X93: EMPLOYER | Y93: EMPLOYEE | Z93: EMPLOYER | AG93: NAME | AH93: Account No. | AI93: IFSC
B94: 1 | C94: 2 | D94: 3 | E94: 4 | F94: 5 | G94: 6 | H94: 7 | I94: 8 | J94: 9 | K94: 10 | L94: 11 | M94: 12 | N94: 13 | O94: 14 | P94: 15 | Q94: 16 | R94: 17 | S94: 18 = 13+14+15+16+17) | T94: 19 | U94: 20=(18+19) | V94: 21 | W94: 22 | X94: 23 | Y94: 24 | Z94: 25 | AA94: 26 | AB94: 27 | AC94: 28 | AD94: 29= (22+24+26+27+28) | AE94: 30=(18-29) | AF94: 31 | AG94: 32 | AH94: 33 | AI94: 34
B95: 1 | C95: C. KISHAN REDDY | D95: AHXPG3581A | E95: 513666026912 | F95: 26911 | G95: MD | H95: YES | I95: ANATOMY | J95: PROF & HOD | K95: 37790 | L95: OTHERS | M95: 0 | N95: 600000 | O95: 0 | P95: 0 | Q95: 0 | R95: 1810500 | S95: =SUM(N95:R95) -> 2410500 | T95: 0 | U95: =S95+T95 -> 2410500 | V95: 0 | W95: 0 | X95: 0 | Y95: 0 | Z95: 0 | AA95: 2400 | AB95: 418413 | AC95: 16523.3 | AD95: =W95+Y95+AA95+AB95+AC95 -> 437336.3 | AE95: =U95-AD95 -> 1973163.7 | AF95: 0 | AG95: Union Bank Of India | AH95: 328002011000640 | AI95: UBIN0532801
B96: =B95+1 -> 2 | C96: SHARADRUTHA PRASAD | D96: AGSPC4471D | E96: 516286749905 | F96: 28358 | G96: MD | H96: YES | I96: PATHOLOGY | J96: PROFESSOR | K96: 38782 | L96: OTHERS | M96: 0 | N96: 600000 | O96: 0 | P96: 0 | Q96: 0 | R96: 1680000 | S96: =SUM(N96:R96) -> 2280000 | T96: 0 | U96: =S96+T96 -> 2280000 | V96: 0 | W96: 0 | X96: 0 | Y96: 0 | Z96: 0 | AA96: 2400 | AB96: 365560 | AC96: 749 | AD96: =W96+Y96+AA96+AB96+AC96 -> 368709 | AE96: =U96-AD96 -> 1911291 | AF96: 0 | AG96: Union Bank Of India | AH96: 328002011002244 | AI96: UBIN0532801
B97: =B96+1 -> 3 | C97: MANASH JYOTHI PHUKAN | D97: ANIPP7711L | E97: 632337649283 | F97: 25427 | G97: MS | H97: YES | I97: ANATOMY | J97: PROFESSOR | K97: 38915 | L97: OTHERS | M97: 0 | N97: 598387 | O97: 0 | P97: 0 | Q97: 0 | R97: 1556907 | S97: =SUM(N97:R97) -> 2155294 | T97: 0 | U97: =S97+T97 -> 2155294 | V97: 0 | W97: 0 | X97: 0 | Y97: 0 | Z97: 0 | AA97: 2400 | AB97: 336199 | AC97: 32287.1 | AD97: =W97+Y97+AA97+AB97+AC97 -> 370886.1 | AE97: =U97-AD97 -> 1784407.9 | AF97: 0 | AG97: Union Bank Of India | AH97: 328002011003179 | AI97: UBIN0532801
B98: =B97+1 -> 4 | C98: RUPSHIKHA DUTTA | D98: AIUPD2762N | E98: 236956430020 | F98: 27035 | G98: MS | H98: YES | I98: ANATOMY | J98: PROFESSOR | K98: 39000 | L98: OTHERS | M98: 0 | N98: 600000 | O98: 0 | P98: 0 | Q98: 0 | R98: 1561600 | S98: =SUM(N98:R98) -> 2161600 | T98: 0 | U98: =S98+T98 -> 2161600 | V98: 0 | W98: 0 | X98: 0 | Y98: 0 | Z98: 0 | AA98: 2400 | AB98: 338166 | AC98: 9143 | AD98: =W98+Y98+AA98+AB98+AC98 -> 349709 | AE98: =U98-AD98 -> 1811891 | AF98: 0 | AG98: Union Bank Of India | AH98: 328002011003875 | AI98: UBIN0532801
B99: =B98+1 -> 5 | C99: K. PADMAJA | D99: AMNPT3611K | E99: 638851940420 | F99: 28163 | G99: M.Sc Ph.D | H99: YES | I99: PHYSIOLOGY | J99: PROFESSOR | K99: 39326 | L99: OTHERS | M99: 0 | N99: 200000 | O99: 0 | P99: 0 | Q99: 0 | R99: 412300 | S99: =SUM(N99:R99) -> 612300 | T99: 0 | U99: =S99+T99 -> 612300 | V99: 0 | W99: 0 | X99: 0 | Y99: 0 | Z99: 0 | AA99: 1000 | AB99: 56296 | AC99: 499.2 | AD99: =W99+Y99+AA99+AB99+AC99 -> 57795.2 | AE99: =U99-AD99 -> 554504.8 | AF99: 0 | AG99: Union Bank Of India | AH99: 328002011000217 | AI99: UBIN0532801
B100: =B99+1 -> 6 | C100: J. JYOTHIRMAI | D100: AJBPJ5956G | E100: 955561894384 | F100: 28090 | G100: MD | H100: YES | I100: PHARMACOLOGY | J100: PROF & HOD | K100: 39326 | L100: OTHERS | M100: 0 | N100: 600000 | O100: 0 | P100: 0 | Q100: 0 | R100: 1258200 | S100: =SUM(N100:R100) -> 1858200 | T100: 0 | U100: =S100+T100 -> 1858200 | V100: 0 | W100: 0 | X100: 0 | Y100: 0 | Z100: 0 | AA100: 2400 | AB100: 234146 | AC100: 600749 | AD100: =W100+Y100+AA100+AB100+AC100 -> 837295 | AE100: =U100-AD100 -> 1020905 | AF100: 0 | AG100: Union Bank Of India | AH100: 328002011007337 | AI100: UBIN0532801
B101: =B100+1 -> 7 | C101: MIRZA NISAR HUSSAIN BAIG | D101: AQLPB4967C | E101: 351720578715 | F101: 29415 | G101: MD | H101: YES | I101: PHYSIOLOGY | J101: PROF & HOD | K101: 40004 | L101: OTHERS | M101: 0 | N101: 600000 | O101: 0 | P101: 0 | Q101: 0 | R101: 1415150 | S101: =SUM(N101:R101) -> 2015150 | T101: 0 | U101: =S101+T101 -> 2015150 | V101: 0 | W101: 0 | X101: 0 | Y101: 0 | Z101: 0 | AA101: 2400 | AB101: 296078 | AC101: 22768.4 | AD101: =W101+Y101+AA101+AB101+AC101 -> 321246.4 | AE101: =U101-AD101 -> 1693903.6 | AF101: 0 | AG101: Union Bank Of India | AH101: 328002011012097 | AI101: UBIN0532801
B102: =B101+1 -> 8 | C102: HARENDER RAO M | D102: ALQPM4998Q | E102: 363125304639 | F102: 23092 | G102: M.Sc Stats | H102: YES | I102: COMMUNITY MEDICINE | J102: LECTURER | K102: 37260 | L102: OTHERS | M102: 0 | N102: 360000 | O102: 0 | P102: 0 | Q102: 0 | R102: 360000 | S102: =SUM(N102:R102) -> 720000 | T102: 0 | U102: =S102+T102 -> 720000 | V102: 0 | W102: 0 | X102: 0 | Y102: 0 | Z102: 0 | AA102: 2400 | AB102: 0 | AC102: 0 | AD102: =W102+Y102+AA102+AB102+AC102 -> 2400 | AE102: =U102-AD102 -> 717600 | AF102: 0 | AG102: Union Bank Of India | AH102: 328002011000175 | AI102: UBIN0532801
B103: =B102+1 -> 9 | C103: PRANAY KUMAR M | D103: BFFPM4747F | E103: 782668748956 | F103: 30947 | G103: M.Sc Ph.D | H103: YES | I103: ANATOMY | J103: PROFESSOR | K103: 41290 | L103: OTHERS | M103: 0 | N103: 436129 | O103: 0 | P103: 0 | Q103: 0 | R103: 960258 | S103: =SUM(N103:R103) -> 1396387 | T103: 0 | U103: =S103+T103 -> 1396387 | V103: 0 | W103: 0 | X103: 0 | Y103: 0 | Z103: 0 | AA103: 2400 | AB103: 115104 | AC103: 33014 | AD103: =W103+Y103+AA103+AB103+AC103 -> 150518 | AE103: =U103-AD103 -> 1245869 | AF103: 0 | AG103: Union Bank Of India | AH103: 328002011006974 | AI103: UBIN0532801
B104: =B103+1 -> 10 | C104: SUKUMAR S | D104: BGCPS6958J | E104: 427818674756 | F104: 26536 | G104: MD | H104: YES | I104: PATHOLOGY | J104: ASSOC PROF | K104: 41244 | L104: OTHERS | M104: 0 | N104: 280000 | O104: 0 | P104: 0 | Q104: 0 | R104: 350000 | S104: =SUM(N104:R104) -> 630000 | T104: 0 | U104: =S104+T104 -> 630000 | V104: 0 | W104: 0 | X104: 0 | Y104: 0 | Z104: 0 | AA104: 1400 | AB104: 33768 | AC104: 374 | AD104: =W104+Y104+AA104+AB104+AC104 -> 35542 | AE104: =U104-AD104 -> 594458 | AF104: 0 | AG104: Union Bank Of India | AH104: 214810100068108 | AI104: UBIN0821489
B105: =B104+1 -> 11 | C105: SREELATHA KURAPATI | D105: CZZPK8437R | E105: 694354061035 | F105: 30538 | G105: MD | H105: YES | I105: PATHOLOGY | J105: ASSOC PROF | K105: 42340 | L105: OTHERS | M105: 0 | N105: 480000 | O105: 0 | P105: 0 | Q105: 0 | R105: 960000 | S105: =SUM(N105:R105) -> 1440000 | T105: 0 | U105: =S105+T105 -> 1440000 | V105: 0 | W105: 0 | X105: 0 | Y105: 0 | Z105: 0 | AA105: 2400 | AB105: 117520 | AC105: 499 | AD105: =W105+Y105+AA105+AB105+AC105 -> 120419 | AE105: =U105-AD105 -> 1319581 | AF105: 0 | AG105: Union Bank Of India | AH105: 214810100090286 | AI105: UBIN0821489
B106: =B105+1 -> 12 | C106: B. VENUGOPAL | D106: AOKPB0150L | E106: 670528853048 | F106: 29010 | G106: MBBS DMRD | H106: YES | I106: BIOCHEMISTRY | J106: ASSOC PROF | K106: 42480 | L106: OTHERS | M106: 0 | N106: 440000 | O106: 0 | P106: 0 | Q106: 0 | R106: 545000 | S106: =SUM(N106:R106) -> 985000 | T106: 0 | U106: =S106+T106 -> 985000 | V106: 0 | W106: 0 | X106: 0 | Y106: 0 | Z106: 0 | AA106: 2400 | AB106: 42640 | AC106: 250 | AD106: =W106+Y106+AA106+AB106+AC106 -> 45290 | AE106: =U106-AD106 -> 939710 | AF106: 0 | AG106: Union Bank Of India | AH106: 610002010012028 | AI106: UBIN0815837
B107: =B106+1 -> 13 | C107: DILZITH ARORA | D107: AJNPD5568Q | E107: 289123811143 | F107: 28614 | G107: MD | H107: YES | I107: COMMUNITY MEDICINE | J107: PROF & HOD | K107: 42795 | L107: OTHERS | M107: 0 | N107: 480000 | O107: 0 | P107: 0 | Q107: 0 | R107: 1200000 | S107: =SUM(N107:R107) -> 1680000 | T107: 0 | U107: =S107+T107 -> 1680000 | V107: 0 | W107: 0 | X107: 0 | Y107: 0 | Z107: 0 | AA107: 2400 | AB107: 178360 | AC107: 749 | AD107: =W107+Y107+AA107+AB107+AC107 -> 181509 | AE107: =U107-AD107 -> 1498491 | AF107: 0 | AG107: Union Bank Of India | AH107: 214810100075904 | AI107: UBIN0821489
... B135: =B134+1 -> 41 | C135: GUMMADI CHINNA GANGARAM | D135: CMUPG2634Q | E135: 217493048698 | F135: 28806 | G135: MBBS | H135: YES | I135: ANATOMY | J135: TUTOR | K135: 44652 | L135: OTHERS | M135: 0 | N135: 300000 | O135: 0 | P135: 0 | Q135: 0 | R135: 420000 | S135: =SUM(N135:R135) -> 720000 | T135: 0 | U135: =S135+T135 -> 720000 | V135: 0 | W135: 0 | X135: 0 | Y135: 0 | Z135: 0 | AA135: 2400 | AB135: 0 | AC135: 0 | AD135: =W135+Y135+AA135+AB135+AC135 -> 2400 | AE135: =U135-AD135 -> 717600 | AF135: 0 | AG135: Union Bank Of India | AH135: 610002010013859 | AI135: UBIN0815837
B136: =B135+1 -> 42 | C136: GANGA SREEDHAR | D136: AQOPG5613K | E136: 838614840521 | F136: 31052 | G136: M.Sc Ph.D | H136: YES | I136: PHARMACOLOGY | J136: ASSOC PROF | K136: 43839 | L136: OTHERS | M136: 0 | N136: 480000 | O136: 0 | P136: 0 | Q136: 0 | R136: 482700 | S136: =SUM(N136:R136) -> 962700 | T136: 0 | U136: =S136+T136 -> 962700 | V136: 0 | W136: 0 | X136: 0 | Y136: 0 | Z136: 0 | AA136: 2400 | AB136: 43503 | AC136: 7064 | AD136: =W136+Y136+AA136+AB136+AC136 -> 52967 | AE136: =U136-AD136 -> 909733 | AF136: 0 | AG136: Union Bank Of India | AH136: 750102010002007 | AI136: 0
B137: =B136+1 -> 43 | C137: PULI DARMENDER | D137: BOHPP4812D | E137: 881299157915 | F137: 29022 | G137: MD | H137: YES | I137: ANATOMY | J137: PROFESSOR | K137: 45113 | L137: OTHERS | M137: 0 | N137: 600000 | O137: 0 | P137: 0 | Q137: 0 | R137: 1576850 | S137: =SUM(N137:R137) -> 2176850 | T137: 0 | U137: =S137+T137 -> 2176850 | V137: 0 | W137: 0 | X137: 0 | Y137: 0 | Z137: 0 | AA137: 2400 | AB137: 337230 | AC137: 561.488 | AD137: =W137+Y137+AA137+AB137+AC137 -> 340191.49 | AE137: =U137-AD137 -> 1836658.5 | AF137: 0 | AG137: Union Bank Of India | AH137: 104810100047965 | AI137: UBIN0810487
B138: =B137+1 -> 44 | C138: POTHULA VENKATA NAGA PADMAJA | D138: BAJPB7230D | E138: 427902993801 | F138: 28945 | G138: MD | H138: YES | I138: PATHOLOGY | J138: ASSOC PROF | K138: 45119 | L138: OTHERS | M138: 0 | N138: 480000 | O138: 0 | P138: 0 | Q138: 0 | R138: 600000 | S138: =SUM(N138:R138) -> 1080000 | T138: 0 | U138: =S138+T138 -> 1080000 | V138: 0 | W138: 0 | X138: 0 | Y138: 0 | Z138: 0 | AA138: 2400 | AB138: 52780 | AC138: 186.76 | AD138: =W138+Y138+AA138+AB138+AC138 -> 55366.76 | AE138: =U138-AD138 -> 1024633.2 | AF138: 0 | AG138: Union Bank Of India | AH138: 610002010014108 | AI138: UBIN0815837
B139: =B138+1 -> 45 | C139: ADDANKI YOHOSHUVA | D139: AGOPA2626E | E139: 563018296379 | F139: 21169 | G139: MD | H139: YES | I139: BIOCHEMISTRY | J139: PROF & HOD | K139: 45166 | L139: OTHERS | M139: 0 | N139: 591828 | O139: 0 | P139: 0 | Q139: 0 | R139: 2014214 | S139: =SUM(N139:R139) -> 2606042 | T139: 0 | U139: =S139+T139 -> 2606042 | V139: 0 | W139: 0 | X139: 0 | Y139: 0 | Z139: 0 | AA139: 2400 | AB139: 474773 | AC139: 9863 | AD139: =W139+Y139+AA139+AB139+AC139 -> 487036 | AE139: =U139-AD139 -> 2119006 | AF139: 0 | AG139: Union Bank Of India | AH139: 65410100038356 | AI139: IBIN0806544
B140: =B139+1 -> 46 | C140: BUDDARTHI SUJATHA | D140: BKWPB8467K | E140: 719945843018 | F140: 33674 | G140: MD | H140: YES | I140: PATHOLOGY | J140: ASST PROF | K140: 45198 | L140: OTHERS | M140: 0 | N140: 354032 | O140: 0 | P140: 0 | Q140: 0 | R140: 590053 | S140: =SUM(N140:R140) -> 944085 | T140: 0 | U140: =S140+T140 -> 944085 | V140: 0 | W140: 0 | X140: 0 | Y140: 0 | Z140: 0 | AA140: 2400 | AB140: 38385 | AC140: 0 | AD140: =W140+Y140+AA140+AB140+AC140 -> 40785 | AE140: =U140-AD140 -> 903300 | AF140: 0 | AG140: Union Bank Of India | AH140: 610002010012076 | AI140: UBIN0815837
B141: =B140+1 -> 47 | C141: T K K NAIDU | D141: AFDPN5783R | E141: 539639879311 | F141: 19602 | G141: MD | H141: YES | I141: FORENSIC MEDICINE | J141: OFFICER ON SPECIAL DUTY | K141: 45200 | L141: OTHERS | M141: 0 | N141: 278979 | O141: 0 | P141: 0 | Q141: 0 | R141: 613602 | S141: =SUM(N141:R141) -> 892581 | T141: 0 | U141: =S141+T141 -> 892581 | V141: 0 | W141: 0 | X141: 0 | Y141: 0 | Z141: 0 | AA141: 2350 | AB141: 33028 | AC141: 0 | AD141: =W141+Y141+AA141+AB141+AC141 -> 35378 | AE141: =U141-AD141 -> 857203 | AF141: 0 | AG141: Union Bank Of India | AH141: 328002011000244 | AI141: UBIN0532801
B142: =B141+1 -> 48 | C142: MOHAMMED FAISAL MOHIUDDIN | E142: 629047253443 | F142: 33255 | G142: MD | H142: YES | I142: PATHOLOGY | J142: SENIOR RESIDENT | K142: 45170 | L142: OTHERS | M142: 0 | N142: 125000 | O142: 0 | P142: 0 | Q142: 0 | R142: 175000 | S142: =SUM(N142:R142) -> 300000 | T142: 0 | U142: =S142+T142 -> 300000 | V142: 0 | W142: 0 | X142: 0 | Y142: 0 | Z142: 0 | AA142: 1000 | AB142: 0 | AC142: 0 | AD142: =W142+Y142+AA142+AB142+AC142 -> 1000 | AE142: =U142-AD142 -> 299000 | AF142: 0 | AG142: Union Bank Of India | AH142: 214810100096280 | AI142: UBIN0821489
B143: =B142+1 -> 49 | C143: NAVYA LOKESHWARA T | D143: BNYPT0655E | E143: 589378146961 | F143: 33606 | G143: MD | H143: YES | I143: PATHOLOGY | J143: SENIOR RESIDENT | K143: 45170 | L143: OTHERS | M143: 0 | N143: 125000 | O143: 0 | P143: 0 | Q143: 0 | R143: 175000 | S143: =SUM(N143:R143) -> 300000 | T143: 0 | U143: =S143+T143 -> 300000 | V143: 0 | W143: 0 | X143: 0 | Y143: 0 | Z143: 0 | AA143: 1000 | AB143: 0 | AC143: 0 | AD143: =W143+Y143+AA143+AB143+AC143 -> 1000 | AE143: =U143-AD143 -> 299000 | AF143: 0 | AG143: Union Bank Of India | AH143: 214810100095467 | AI143: UBIN0821489
B144: =B143+1 -> 50 | C144: ANUSHARANI MANTHRI | D144: CJIPM2899C | E144: 700907870841 | F144: 31967 | G144: MD | H144: YES | I144: PHARMACOLOGY | J144: ASSOC PROF | K144: 45299 | L144: OTHERS | M144: 0 | N144: 300000 | O144: 0 | P144: 0 | Q144: 0 | R144: 1003600 | S144: =SUM(N144:R144) -> 1303600 | T144: 0 | U144: =S144+T144 -> 1303600 | V144: 0 | W144: 0 | X144: 0 | Y144: 0 | Z144: 0 | AA144: 2000 | AB144: 121995 | AC144: 13668 | AD144: =W144+Y144+AA144+AB144+AC144 -> 137663 | AE144: =U144-AD144 -> 1165937 | AF144: 0 | AG144: Union Bank Of India | AH144: 197112010000912 | AI144: 0
B145: =B144+1 -> 51 | C145: CHERUKU PRANUTHI MISPAH | D145: AZVPC1520B | E145: 283650498976 | F145: 29369 | G145: MD | H145: YES | I145: MICROBIOLOGY | J145: PROFESSOR | K145: 45292 | L145: OTHERS | M145: 0 | N145: 600000 | O145: 0 | P145: 0 | Q145: 0 | R145: 1200000 | S145: =SUM(N145:R145) -> 1800000 | T145: 0 | U145: =S145+T145 -> 1800000 | V145: 0 | W145: 0 | X145: 0 | Y145: 0 | Z145: 0 | AA145: 2400 | AB145: 215800 | AC145: 0 | AD145: =W145+Y145+AA145+AB145+AC145 -> 218200 | AE145: =U145-AD145 -> 1581800 | AF145: 0 | AG145: Union Bank Of India | AH145: 214812010001833 | AI145: UBIN0821489
B146: =B145+1 -> 52 | C146: BAKKI SHESHU KUMAR | D146: AOBPB7494J | E146: 551418946023 | F146: 31349 | G146: MD | H146: YES | I146: BIOCHEMISTRY | J146: ASSOC PROF | K146: 45292 | L146: OTHERS | M146: 0 | N146: 480000 | O146: 0 | P146: 0 | Q146: 0 | R146: 1320000 | S146: =SUM(N146:R146) -> 1800000 | T146: 0 | U146: =S146+T146 -> 1800000 | V146: 0 | W146: 0 | X146: 0 | Y146: 0 | Z146: 0 | AA146: 2400 | AB146: 215800 | AC146: 0 | AD146: =W146+Y146+AA146+AB146+AC146 -> 218200 | AE146: =U146-AD146 -> 1581800 | AF146: 0 | AG146: Union Bank Of India | AH146: 107510100059289 | AI146: 0
B147: =B146+1 -> 53 | C147: VISHNU CHANDRA SEKHAR | D147: LHLPS5512G | E147: 471308035475 | F147: 32373 | G147: MD | H147: YES | I147: COMMUNITY MEDICINE | J147: ASST PROF | K147: 45323 | L147: OTHERS | M147: 0 | N147: 360000 | O147: 0 | P147: 0 | Q147: 0 | R147: 1440000 | S147: =SUM(N147:R147) -> 1800000 | T147: 0 | U147: =S147+T147 -> 1800000 | V147: 0 | W147: 0 | X147: 0 | Y147: 0 | Z147: 0 | AA147: 2400 | AB147: 215800 | AC147: 0 | AD147: =W147+Y147+AA147+AB147+AC147 -> 218200 | AE147: =U147-AD147 -> 1581800 | AF147: 0 | AG147: Union Bank Of India | AH147: 214812120000529 | AI147: UBIN0821489
B148: =B147+1 -> 54 | C148: SIDDA PRATHYUSHA | D148: NKIPS1623A | E148: 686734738317 | F148: 34994 | G148: MBBS | H148: YES | I148: BIOCHEMISTRY | J148: TUTOR | K148: 45292 | L148: OTHERS | M148: 0 | N148: 75000 | O148: 0 | P148: 0 | Q148: 0 | R148: 105000 | S148: =SUM(N148:R148) -> 180000 | T148: 0 | U148: =S148+T148 -> 180000 | V148: 0 | W148: 0 | X148: 0 | Y148: 0 | Z148: 0 | AA148: 600 | AB148: 0 | AC148: 0 | AD148: =W148+Y148+AA148+AB148+AC148 -> 600 | AE148: =U148-AD148 -> 179400 | AF148: 0 | AG148: Union Bank Of India | AH148: 214812010001373 | AI148: UBIN0821489
B149: =B148+1 -> 55 | C149: B. PRADYUMMA | D149: CODPB9685R | E149: 364368063621 | F149: 35174 | G149: MBBS | H149: YES | I149: MICROBIOLOGY | J149: TUTOR | K149: 43831 | L149: OTHERS | M149: 0 | N149: 300000 | O149: 0 | P149: 0 | Q149: 0 | R149: 420000 | S149: =SUM(N149:R149) -> 720000 | T149: 0 | U149: =S149+T149 -> 720000 | V149: 0 | W149: 0 | X149: 0 | Y149: 0 | Z149: 0 | AA149: 2400 | AB149: 0 | AC149: 0 | AD149: =W149+Y149+AA149+AB149+AC149 -> 2400 | AE149: =U149-AD149 -> 717600 | AF149: 0 | AG149: Union Bank Of India | AH149: 75710100107805 | AI149: 0
B150: =B149+1 -> 56 | C150: KALYANAM VAISHNAVI | D150: FVXPK1305R | E150: 610119611907 | F150: 35978 | G150: MBBS | H150: YES | I150: PHARMACOLOGY | J150: TUTOR | K150: 45323 | L150: OTHERS | M150: 0 | N150: 125000 | O150: 0 | P150: 0 | Q150: 0 | R150: 175000 | S150: =SUM(N150:R150) -> 300000 | T150: 0 | U150: =S150+T150 -> 300000 | V150: 0 | W150: 0 | X150: 0 | Y150: 0 | Z150: 0 | AA150: 1000 | AB150: 0 | AC150: 0 | AD150: =W150+Y150+AA150+AB150+AC150 -> 1000 | AE150: =U150-AD150 -> 299000 | AF150: 0 | AG150: Union Bank Of India | AH150: 199110100060054 | AI150: 0
B151: =B150+1 -> 57 | C151: CHILLA RAJYALAXMI | D151: BPLPC4131D | E151: 494975619181 | F151: 36292 | G151: MBBS | H151: YES | I151: FORENSIC MEDICINE | J151: TUTOR | K151: 45292 | L151: OTHERS | M151: 0 | N151: 300000 | O151: 0 | P151: 0 | Q151: 0 | R151: 420000 | S151: =SUM(N151:R151) -> 720000 | T151: 0 | U151: =S151+T151 -> 720000 | V151: 0 | W151: 0 | X151: 0 | Y151: 0 | Z151: 0 | AA151: 2400 | AB151: 0 | AC151: 0 | AD151: =W151+Y151+AA151+AB151+AC151 -> 2400 | AE151: =U151-AD151 -> 717600 | AF151: 0 | AG151: Union Bank Of India | AH151: 214812010000258 | AI151: UBIN0821489
B152: =B151+1 -> 58 | C152: MYANA ARUNA | D152: BSGPM9335M | E152: 718281059718 | F152: 32300 | G152: MBBS | H152: YES | I152: PHYSIOLOGY | J152: TUTOR | K152: 45383 | L152: OTHERS | M152: 0 | N152: 275000 | O152: 0 | P152: 0 | Q152: 0 | R152: 385000 | S152: =SUM(N152:R152) -> 660000 | T152: 0 | U152: =S152+T152 -> 660000 | V152: 0 | W152: 0 | X152: 0 | Y152: 0 | Z152: 0 | AA152: 2200 | AB152: 0 | AC152: 0 | AD152: =W152+Y152+AA152+AB152+AC152 -> 2200 | AE152: =U152-AD152 -> 657800 | AF152: 0 | AG152: Union Bank Of India | AH152: 104810011004055 | AI152: UBIN0810487
B153: =B152+1 -> 59 | C153: BODDULA ALEKHYA | D153: DTHPA5024F | E153: 708935919843 | F153: 35983 | G153: MBBS | H153: YES | I153: PHYSIOLOGY | J153: TUTOR | K153: 45383 | L153: OTHERS | M153: 0 | N153: 275000 | O153: 0 | P153: 0 | Q153: 0 | R153: 385000 | S153: =SUM(N153:R153) -> 660000 | T153: 0 | U153: =S153+T153 -> 660000 | V153: 0 | W153: 0 | X153: 0 | Y153: 0 | Z153: 0 | AA153: 2200 | AB153: 0 | AC153: 0 | AD153: =W153+Y153+AA153+AB153+AC153 -> 2200 | AE153: =U153-AD153 -> 657800 | AF153: 0 | AG153: Union Bank Of India | AH153: 147810100108372 | AI153: 0
...

Sheet SCH-6
C2: NAME OF THE INSTITUTION PRATHIMA INSTITUTE OF MEDICAL SCIENCES
C4: DETAILS OF ANCILLARY SERIVICES STAFF FOR THE PERIOD 2023-24 and 2024-25 | AF4: SCHEDULE -6
C5: (please furnish the details department wase course wise as per the following departments)
C7: 1. Cenral Record Section; 2. Cenral Animal House; 3. Central Library; 4. Central Photographic cum audiovisual unit; 5. Medical Education Unit; 6. Central Sterization Services Department; 7. Laundry; 8. Blood Bank; 9. Central Casualty Services; 10. Central Workshop; 11. Other Hospital Staff - Nursing Staff; 12 Any other Staff
C9: DETAILS OF ANCILLARY SERIVICES STAFF FOR THE PERIOD FOR 2023-24
C11: M.B.B.S
C13: S. No. | D13: EMPLOYEE NAME | E13: PAN No. | F13: AADHAR NO. | G13: DATE OF BIRTH | H13: QUALIFICATION | I13: WHETHER THE EMPLOYEE POSSESSES THE EQUIVALENT QUALIFICATION | J13: BRANCH | K13: DESIGNATION | L13: DATE OF APPOINTMENT TO DESIGNATION | M13: Vth PAY SCALE/ VIth PAY SCALE/ OTHERS | N13: PAY SCALE (BAND) | O13: FOR 01/04/2023 TO 31/03/2024 | W13: PREVIOUS YEARS ARREARS PAID (IF ANY) | X13: PF CONTRIBUTION | Z13: ESI CONTRIBUTION | AB13: PROF. TAX | AC13: TDS | AD13: OTHER DEDUCTIONS | AE13: TOTAL DEDUCTIONS | AF13: NET SALARY | AG13: GRATUITY CONTRIBUTION | AH13: BANK DETAILS IN WHICH SALARY IS BEING CREDITED
O14: BASIC PAY (including AGP) | P14: DA | Q14: HRA | R14: CCA | S14: OTHERS | T14: TOTAL | U14: ARREARS (2023-24) | V14: GROSS SALARY | X14: EMPLOYEE | Y14: EMPLOYER | Z14: EMPLOYEE | AA14: EMPLOYER | AH14: NAME | AI14: Account No. | AJ14: IFSC
C15: 1 | D15: 2 | E15: 3 | F15: 4 | G15: 5 | H15: 6 | I15: 7 | J15: 8 | K15: 9 | L15: 10 | M15: 11 | N15: 12 | O15: 13 | P15: 14 | Q15: 15 | R15: 16 | S15: 17 | T15: 18 = (13+14+15+16+17) | U15: 19 | V15: 20=(18+19) | W15: 21 | X15: 22 | Y15: 23 | Z15: 24 | AA15: 25 | AB15: 26 | AC15: 27 | AD15: 28 | AE15: 29= (22+24+26+27+28) | AF15: 30=(18-29) | AG15: 31 | AH15: 32 | AI15: 33 | AJ15: 34
B16: G00006 | C16: 1 | D16: R. VIJAY KUMAR | E16: ANFPR5295N | F16: 527378451963 | G16: 25004 | I16: YES | J16: SITE | K16: EXECUTIVE | L16: 36982 | M16: OTHERS | N16: 0 | O16: 380734 | P16: 0 | Q16: 0 | R16: 0 | S16: 437831 | T16: =SUM(O16:S16) -> 818565 | U16: 0 | V16: =T16+U16 -> 818565 | W16: 0 | X16: 0 | Y16: 0 | Z16: 0 | AA16: 0 | AB16: 2400 | AC16: 33130.76 | AD16: 110000 | AE16: =SUM(X16:AD16) -> 145530.76 | AF16: =V16-AE16 -> 673034.24 | AG16: 0 | AH16: Union Bank Of India | AI16: 328002011000155 | AJ16: UBIN0532801
B17: G00021 | C17: 2 | D17: S. J. RAJESHWAR RAO | E17: BPTPS9971K | F17: 380935253192 | G17: 27190 | I17: YES | J17: CORPORATE OFFICE | K17: SR EXECUTIVE | L17: 37084 | M17: OTHERS | N17: 0 | O17: 299319 | P17: 0 | Q17: 0 | R17: 0 | S17: 238707 | T17: =SUM(O17:S17) -> 538026 | U17: 0 | V17: =T17+U17 -> 538026 | W17: 0 | X17: 0 | Y17: 0 | Z17: 0 | AA17: 0 | AB17: 2400 | AC17: 0 | AD17: 0 | AE17: =SUM(X17:AD17) -> 2400 | AF17: =V17-AE17 -> 535626 | AG17: 0 | AH17: Union Bank Of India | AI17: 50820201000294 | AJ17: UBIN0550825
B18: G00032 | C18: 3 | D18: HAFEEZ SYED | F18: 470135957318 | G18: 22260 | I18: YES | J18: PATIENT CARE | K18: EXECUTIVE | L18: 37196 | M18: OTHERS | N18: 0 | O18: 64994 | P18: 0 | Q18: 0 | R18: 0 | S18: 79309 | T18: =SUM(O18:S18) -> 144303 | U18: 0 | V18: =T18+U18 -> 144303 | W18: 0 | X18: 11668 | Y18: 0 | Z18: 913 | AA18: 0 | AB18: 150 | AC18: 0 | AD18: 0 | AE18: =SUM(X18:AD18) -> 12731 | AF18: =V18-AE18 -> 131572 | AG18: 0 | AH18: Union Bank Of India | AI18: 328002011001912 | AJ18: UBIN0532801
B19: G00062 | C19: 4 | D19: VINAY KUMAR GUDA | E19: ALDPG7680C | F19: 407433032065 | G19: 29478 | H19: B.SC MLT | I19: YES | J19: BLOOD BANK | K19: EXECUTIVE | L19: 37288 | M19: OTHERS | N19: 0 | O19: 235565 | P19: 0 | Q19: 0 | R19: 0 | S19: 18238 | T19: =SUM(O19:S19) -> 253803 | U19: 0 | V19: =T19+U19 -> 253803 | W19: 0 | X19: 0 | Y19: 0 | Z19: 0 | AA19: 0 | AB19: 2400 | AC19: 0 | AD19: 0 | AE19: =SUM(X19:AD19) -> 2400 | AF19: =V19-AE19 -> 251403 | AG19: 0 | AH19: Union Bank Of India | AI19: 328002011000179 | AJ19: UBIN0532801
B20: G00080 | C20: 5 | D20: MALLIKARJUN YADAV MARRI | E20: AUQPM1591G | F20: 209109016746 | G20: 28347 | H20: B A DEGREE,ITI,ECE | I20: YES | J20: BIO MEDICAL | K20: SR EXECUTIVE | L20: 37315 | M20: OTHERS | N20: 0 | O20: 282207 | P20: 0 | Q20: 0 | R20: 0 | S20: 63780 | T20: =SUM(O20:S20) -> 345987 | U20: 0 | V20: =T20+U20 -> 345987 | W20: 0 | X20: 0 | Y20: 0 | Z20: 0 | AA20: 0 | AB20: 2400 | AC20: 0 | AD20: 0 | AE20: =SUM(X20:AD20) -> 2400 | AF20: =V20-AE20 -> 343587 | AG20: 0 | AH20: Union Bank Of India | AI20: 328002011000260 | AJ20: UBIN0532801
B21: G00081 | C21: 6 | D21: SRI RAM KUMAR P | E21: ARUPP5146K | F21: 396492159362 | G21: 24539 | I21: YES | J21: ADMINISTRATION | K21: MANAGER | L21: 37316 | M21: OTHERS | N21: 0 | O21: 383958 | P21: 0 | Q21: 0 | R21: 0 | S21: 516465 | T21: =SUM(O21:S21) -> 900423 | U21: 0 | V21: =T21+U21 -> 900423 | W21: 0 | X21: 0 | Y21: 0 | Z21: 0 | AA21: 0 | AB21: 2400 | AC21: 41643.992 | AD21: 0 | AE21: =SUM(X21:AD21) -> 44043.992 | AF21: =V21-AE21 -> 856379.01 | AG21: 0 | AH21: Union Bank Of India | AI21: 328002011000121 | AJ21: UBIN0532801
B22: G00086 | C22: 7 | D22: SURENDHER RAO A | F22: 834558492448 | G22: 23947 | H22: PG | I22: YES | J22: BOYS HOSTAL | K22: CARE TAKER | L22: 37319 | M22: OTHERS | N22: 0 | O22: 76950 | P22: 0 | Q22: 0 | R22: 0 | S22: 95434 | T22: =SUM(O22:S22) -> 172384 | U22: 0 | V22: =T22+U22 -> 172384 | W22: 0 | X22: 18474 | Y22: 0 | Z22: 1449 | AA22: 0 | AB22: 1800 | AC22: 0 | AD22: 0 | AE22: =SUM(X22:AD22) -> 21723 | AF22: =V22-AE22 -> 150661 | AG22: 0 | AH22: Union Bank Of India | AI22: 328002011000242 | AJ22: UBIN0532801
B23: G00098 | C23: 8 | D23: BIKSHAPATHI M | F23: 544442815979 | G23: 26096 | H23: SSC | I23: YES | J23: MAINTENANCE | K23: CARPENTER | L23: 37347 | M23: OTHERS | N23: 0 | O23: 69162 | P23: 0 | Q23: 0 | R23: 0 | S23: 90304 | T23: =SUM(O23:S23) -> 159466 | U23: 0 | V23: =T23+U23 -> 159466 | W23: 0 | X23: 16602 | Y23: 0 | Z23: 1302 | AA23: 0 | AB23: 750 | AC23: 0 | AD23: 0 | AE23: =SUM(X23:AD23) -> 18654 | AF23: =V23-AE23 -> 140812 | AG23: 0 | AH23: Union Bank Of India | AI23: 328002011000502 | AJ23: UBIN0532801
B24: G00099 | C24: 9 | D24: CHANDRAIAH N | F24: 880364085256 | G24: 27984 | H24: SSC | I24: YES | J24: MAINTENANCE | K24: ASSISTANT | L24: 37347 | M24: OTHERS | N24: 0 | O24: 57822 | P24: 0 | Q24: 0 | R24: 0 | S24: 92111 | T24: =SUM(O24:S24) -> 149933 | U24: 0 | V24: =T24+U24 -> 149933 | W24: 0 | X24: 13878 | Y24: 0 | Z24: 1083 | AA24: 0 | AB24: 300 | AC24: 0 | AD24: 0 | AE24: =SUM(X24:AD24) -> 15261 | AF24: =V24-AE24 -> 134672 | AG24: 0 | AH24: Union Bank Of India | AI24: 328002011001689 | AJ24: UBIN0532801
B25: G00114 | C25: 10 | D25: VENKATESHAM BINGI | F25: 230098946171 | G25: 26886 | H25: SSC | I25: YES | J25: ANATOMY | K25: ATTENDER | L25: 37412 | M25: OTHERS | N25: 0 | O25: 60000 | P25: 0 | Q25: 0 | R25: 0 | S25: 70009 | T25: =SUM(O25:S25) -> 130009 | U25: 0 | V25: =T25+U25 -> 130009 | W25: 0 | X25: 14412 | Y25: 0 | Z25: 1131 | AA25: 0 | AB25: 0 | AC25: 0 | AD25: 0 | AE25: =SUM(X25:AD25) -> 15543 | AF25: =V25-AE25 -> 114466 | AG25: 0 | AH25: Union Bank Of India | AI25: 328002011000246 | AJ25: UBIN0532801
B26: G00120 | C26: 11 | D26: RAJAIAH A | F26: 653917639326 | G26: 26475 | H26: INTERMEDIATE | I26: YES | J26: DENTISTRY | K26: TECHNICIAN | L26: 37420 | M26: OTHERS | N26: 0 | O26: 61215 | P26: 0 | Q26: 0 | R26: 0 | S26: 71821 | T26: =SUM(O26:S26) -> 133036 | U26: 0 | V26: =T26+U26 -> 133036 | W26: 0 | X26: 14706 | Y26: 0 | Z26: 1155 | AA26: 0 | AB26: 0 | AC26: 0 | AD26: 0 | AE26: =SUM(X26:AD26) -> 15861 | AF26: =V26-AE26 -> 117175 | AG26: 0 | AH26: Union Bank Of India | AI26: 328002011001811 | AJ26: UBIN0532801
B27: G00130 | C27: 12 | D27: NAINI RAJESH KHANNA | E27: CTPPA2109G | F27: 872829994485 | G27: 28038 | H27: DIPLOMA | I27: YES | J27: SITE | K27: SUPERVISOR | L27: 37469 | M27: OTHERS | N27: 0 | O27: 165311 | P27: 0 | Q27: 0 | R27: 0 | S27: 28036 | T27: =SUM(O27:S27) -> 193347 | U27: 0 | V27: =T27+U27 -> 193347 | W27: 0 | X27: 0 | Y27: 0 | Z27: 0 | AA27: 0 | AB27: 1850 | AC27: 0 | AD27: 0 | AE27: =SUM(X27:AD27) -> 1850 | AF27: =V27-AE27 -> 191497 | AG27: 0 | AH27: Union Bank Of India | AI27: 328002011000310 | AJ27: UBIN0532801
B28: G00135 | C28: 13 | D28: MAHESHWAR REDDY | F28: 823771303741 | G28: 27920 | H28: ITI | I28: YES | J28: MAINTENANCE | K28: EXECUTIVE | L28: 37469 | M28: OTHERS | N28: 0 | O28: 66748 | P28: 0 | Q28: 0 | R28: 0 | S28: 80124 | T28: =SUM(O28:S28) -> 146872 | U28: 0 | V28: =T28+U28 -> 146872 | W28: 0 | X28: 16024 | Y28: 0 | Z28: 1258 | AA28: 0 | AB28: 300 | AC28: 0 | AD28: 0 | AE28: =SUM(X28:AD28) -> 17582 | AF28: =V28-AE28 -> 129290 | AG28: 0 | AH28: Union Bank Of India | AI28: 328002011000365 | AJ28: UBIN0532801
B29: G00139 | C29: 14 | D29: M. ANURADHA | E29: AQZPM5650K | F29: 663411662478 | G29: 27169 | I29: YES | J29: CORPORATE OFFICE | K29: DEPUTY MANAGER | L29: 37469 | M29: OTHERS | N29: 0 | O29: 344850 | P29: 0 | Q29: 0 | R29: 0 | S29: 213264 | T29: =SUM(O29:S29) -> 558114 | U29: 0 | V29: =T29+U29 -> 558114 | W29: 0 | X29: 0 | Y29: 0 | Z29: 0 | AA29: 0 | AB29: 2400 | AC29: 0 | AD29: 0 | AE29: =SUM(X29:AD29) -> 2400 | AF29: =V29-AE29 -> 555714 | AG29: 0 | AH29: Union Bank Of India | AI29: 50820201000201 | AJ29: UBIN0550825
B30: G00154 | C30: 15 | D30: K. SURYANARAYANA | E30: AYDPK9488R | F30: 381849837031 | G30: 25703 | H30: M SC | I30: YES | J30: COMMUNITY MEDICINE | K30: DEPUTY MANAGER | L30: 37537 | M30: OTHERS | N30: 0 | O30: 282567 | P30: 0 | Q30: 0 | R30: 0 | S30: 76728 | T30: =SUM(O30:S30) -> 359295 | U30: 0 | V30: =T30+U30 -> 359295 | W30: 0 | X30: 0 | Y30: 0 | Z30: 0 | AA30: 0 | AB30: 2400 | AC30: 0 | AD30: 0 | AE30: =SUM(X30:AD30) -> 2400 | AF30: =V30-AE30 -> 356895 | AG30: 0 | AH30: Union Bank Of India | AI30: 328002011000448 | AJ30: UBIN0532801
B31: G00166 | C31: 16 | D31: YATHIRAJ K | E31: BMEPK2698R | F31: 694940637846 | G31: 25730 | I31: YES | J31: PATHOLOGY | K31: CURATOR | L31: 37599 | M31: OTHERS | N31: 0 | O31: 237747 | P31: 0 | Q31: 0 | R31: 0 | S31: 20394 | T31: =SUM(O31:S31) -> 258141 | U31: 0 | V31: =T31+U31 -> 258141 | W31: 0 | X31: 0 | Y31: 0 | Z31: 1584 | AA31: 0 | AB31: 2400 | AC31: 0 | AD31: 0 | AE31: =SUM(X31:AD31) -> 3984 | AF31: =V31-AE31 -> 254157 | AG31: 0 | AH31: Union Bank Of India | AI31: 328002011000505 | AJ31: UBIN0532801
B32: G00179 | C32: 17 | D32: KARUNAKAR G | F32: 501303769549 | G32: 29225 | H32: M.COM | I32: YES | J32: PATIENT CARE | K32: MANAGER | L32: 37700 | M32: OTHERS | N32: 0 | O32: 213051 | P32: 0 | Q32: 0 | R32: 0 | S32: 7587 | T32: =SUM(O32:S32) -> 220638 | U32: 0 | V32: =T32+U32 -> 220638 | W32: 0 | X32: 0 | Y32: 0 | Z32: 0 | AA32: 0 | AB32: 2400 | AC32: 0 | AD32: 0 | AE32: =SUM(X32:AD32) -> 2400 | AF32: =V32-AE32 -> 218238 | AG32: 0 | AH32: Union Bank Of India | AI32: 328002011000551 | AJ32: UBIN0532801
B33: G00184 | C33: 18 | D33: RAJAIAH D | F33: 452779837849 | G33: 25690 | I33: YES | J33: GENERAL SURGERY | K33: OT TECHNICIAN | L33: 37725 | M33: OTHERS | N33: 0 | O33: 74824 | P33: 0 | Q33: 0 | R33: 0 | S33: 92245 | T33: =SUM(O33:S33) -> 167069 | U33: 0 | V33: =T33+U33 -> 167069 | W33: 0 | X33: 17964 | Y33: 0 | Z33: 1409 | AA33: 0 | AB33: 1500 | AC33: 0 | AD33: 0 | AE33: =SUM(X33:AD33) -> 20873 | AF33: =V33-AE33 -> 146196 | AG33: 0 | AH33: Union Bank Of India | AI33: 328002011000601 | AJ33: UBIN0532801
B34: G00191 | C34: 19 | D34: B. SRINIVAS | F34: 616236408488 | G34: 29398 | H34: 10th | I34: YES | J34: COMMUNITY MEDICINE | K34: ATTENDER | L34: 37747 | M34: OTHERS | N34: 0 | O34: 51537 | P34: 0 | Q34: 0 | R34: 0 | S34: 59816 | T34: =SUM(O34:S34) -> 111353 | U34: 0 | V34: =T34+U34 -> 111353 | W34: 0 | X34: 12372 | Y34: 0 | Z34: 969 | AA34: 0 | AB34: 0 | AC34: 0 | AD34: 0 | AE34: =SUM(X34:AD34) -> 13341 | AF34: =V34-AE34 -> 98012 | AG34: 0 | AH34: Union Bank Of India | AI34: 328002011001443 | AJ34: UBIN0532801
B35: G00208 | C35: 20 | D35: V. SRINIVAS | F35: 295493588631 | G35: 25751 | H35: INTERMEDIATE | I35: YES | J35: COMMUNITY MEDICINE | K35: ATTENDER | L35: 37870 | M35: OTHERS | N35: 0 | O35: 51537 | P35: 0 | Q35: 0 | R35: 0 | S35: 59816 | T35: =SUM(O35:S35) -> 111353 | U35: 0 | V35: =T35+U35 -> 111353 | W35: 0 | X35: 12372 | Y35: 0 | Z35: 969 | AA35: 0 | AB35: 0 | AC35: 0 | AD35: 0 | AE35: =SUM(X35:AD35) -> 13341 | AF35: =V35-AE35 -> 98012 | AG35: 0 | AH35: Union Bank Of India | AI35: 328002011001719 | AJ35: UBIN0532801
B36: G00210 | C36: 21 | D36: SANDHYA RANI DEEKONDA | F36: 389605741878 | G36: 28289 | H36: DEGREE | I36: YES | J36: FRONT OFFICE | K36: EXECUTIVE | L36: 37874 | M36: OTHERS | N36: 0 | O36: 67365 | P36: 0 | Q36: 0 | R36: 0 | S36: 81046 | T36: =SUM(O36:S36) -> 148411 | U36: 0 | V36: =T36+U36 -> 148411 | W36: 0 | X36: 16182 | Y36: 0 | Z36: 1266 | AA36: 0 | AB36: 450 | AC36: 0 | AD36: 0 | AE36: =SUM(X36:AD36) -> 17898 | AF36: =V36-AE36 -> 130513 | AG36: 0 | AH36: Union Bank Of India | AI36: 328002011001688 | AJ36: UBIN0532801
B37: G00221 | C37: 22 | D37: SATYANARAYANA REDDY | F37: 824158425964 | G37: 26665 | H37: 10 th | I37: YES | J37: HEALTH CENTRES ( RHC & UHC) | K37: ATTENDER | L37: 37977 | M37: OTHERS | N37: 0 | O37: 36702 | P37: 0 | Q37: 0 | R37: 0 | S37: 37546 | T37: =SUM(O37:S37) -> 74248 | U37: 0 | V37: =T37+U37 -> 74248 | W37: 0 | X37: 8808 | Y37: 0 | Z37: 692 | AA37: 0 | AB37: 0 | AC37: 0 | AD37: 0 | AE37: =SUM(X37:AD37) -> 9500 | AF37: =V37-AE37 -> 64748 | AG37: 0 | AH37: Union Bank Of India | AI37: 455802010131467 | AJ37: UBIN0545589
B38: G00226 | C38: 23 | D38: ELLAIAH | F38: 994218236023 | G38: 22056 | I38: YES | J38: HEALTH CENTRES ( RHC & UHC) | K38: WATCH MAN | L38: 38047 | M38: OTHERS | N38: 0 | O38: 36900 | P38: 0 | Q38: 0 | R38: 0 | S38: 37844 | T38: =SUM(O38:S38) -> 74744 | U38: 0 | V38: =T38+U38 -> 74744 | W38: 0 | X38: 8856 | Y38: 0 | Z38: 696 | AA38: 0 | AB38: 0 | AC38: 0 | AD38: 0 | AE38: =SUM(X38:AD38) -> 9552 | AF38: =V38-AE38 -> 65192 | AG38: 0 | AH38: Union Bank Of India | AI38: 328002011019877 | AJ38: UBIN0532801
B39: G00227 | C39: 24 | D39: SHAKUNTALA | E39: EEKPA4299P | F39: 469590821185 | G39: 25416 | I39: YES | J39: HEALTH CENTRES ( RHC & UHC) | K39: GNM | L39: 38047 | M39: OTHERS | N39: 0 | O39: 41076 | P39: 0 | Q39: 0 | R39: 0 | S39: 44108 | T39: =SUM(O39:S39) -> 85184 | U39: 0 | V39: =T39+U39 -> 85184 | W39: 0 | X39: 9864 | Y39: 0 | Z39: 768 | AA39: 0 | AB39: 0 | AC39: 0 | AD39: 0 | AE39: =SUM(X39:AD39) -> 10632 | AF39: =V39-AE39 -> 74552 | AG39: 0 | AH39: Union Bank Of India | AI39: 328002011019881 | AJ39: UBIN0532801
B40: G00229 | C40: 25 | D40: USMAN KHAN MOHD | F40: 430671848448 | G40: 27560 | H40: INTERMEDIATE | I40: YES | J40: LIBRARY | K40: ASSISTANT | L40: 38064 | M40: OTHERS | N40: 0 | O40: 57595 | P40: 0 | Q40: 0 | R40: 0 | S40: 68890 | T40: =SUM(O40:S40) -> 126485 | U40: 0 | V40: =T40+U40 -> 126485 | W40: 0 | X40: 13832 | Y40: 0 | Z40: 1089 | AA40: 0 | AB40: 0 | AC40: 0 | AD40: 0 | AE40: =SUM(X40:AD40) -> 14921 | AF40: =V40-AE40 -> 111564 | AG40: 0 | AH40: Union Bank Of India | AI40: 328002011001691 | AJ40: UBIN0532801
B41: G00238 | C41: 26 | D41: JAYANTH KUMAR N | E41: ALSPN8439R | F41: 859479360833 | G41: 26456 | H41: INTERMEDIATE | I41: YES | J41: MEDICAL RECORDS | K41: ASSISTANT | L41: 38108 | M41: OTHERS | N41: 0 | O41: 56862 | P41: 0 | Q41: 0 | R41: 0 | S41: 67790 | T41: =SUM(O41:S41) -> 124652 | U41: 0 | V41: =T41+U41 -> 124652 | W41: 0 | X41: 13650 | Y41: 0 | Z41: 1068 | AA41: 0 | AB41: 0 | AC41: 0 | AD41: 0 | AE41: =SUM(X41:AD41) -> 14718 | AF41: =V41-AE41 -> 109934 | AG41: 0 | AH41: Union Bank Of India | AI41: 328002011001685 | AJ41: UBIN0532801
B42: G00256 | C42: 27 | D42: PRAKASH ABVS | E42: AFFPA8139Q | F42: 902430596332 | G42: 25352 | I42: YES | J42: CORPORATE OFFICE | K42: GENERAL MANAGER | L42: 38353 | M42: OTHERS | N42: 0 | O42: 718800 | P42: 0 | Q42: 0 | R42: 0 | S42: 3746100 | T42: =SUM(O42:S42) -> 4464900 | U42: 0 | V42: =T42+U42 -> 4464900 | W42: 0 | X42: 0 | Y42: 0 | Z42: 0 | AA42: 0 | AB42: 2400 | AC42: 1065448.8 | AD42: 0 | AE42: =SUM(X42:AD42) -> 1067848.8 | AF42: =V42-AE42 -> 3397051.2 | AG42: 0 | AH42: Union Bank Of India | AI42: 508202010000638 | AJ42: UBIN0550825
B43: G00262 | C43: 28 | D43: MOHIN KHAN MD | F43: 628242854193 | G43: 31224 | I43: YES | J43: PHYSIOLOGY | K43: ATTENDER | L43: 38394 | M43: OTHERS | N43: 0 | O43: 49776 | P43: 0 | Q43: 0 | R43: 0 | S43: 57164 | T43: =SUM(O43:S43) -> 106940 | U43: 0 | V43: =T43+U43 -> 106940 | W43: 0 | X43: 11952 | Y43: 0 | Z43: 933 | AA43: 0 | AB43: 0 | AC43: 0 | AD43: 0 | AE43: =SUM(X43:AD43) -> 12885 | AF43: =V43-AE43 -> 94055 | AG43: 0 | AH43: Union Bank Of India | AI43: 328002011001665 | AJ43: UBIN0532801
B44: G00264 | C44: 29 | D44: RAVINDER R | E44: AYYPR2683Q | F44: 319921203062 | G44: 27677 | H44: DEGRE.MLISc | I44: YES | J44: IT | K44: COMPUTER OPERATOR | L44: 38443 | M44: OTHERS | N44: 0 | O44: 58734 | P44: 0 | Q44: 0 | R44: 0 | S44: 70604 | T44: =SUM(O44:S44) -> 129338 | U44: 0 | V44: =T44+U44 -> 129338 | W44: 0 | X44: 14094 | Y44: 0 | Z44: 1104 | AA44: 0 | AB44: 0 | AC44: 0 | AD44: 0 | AE44: =SUM(X44:AD44) -> 15198 | AF44: =V44-AE44 -> 114140 | AG44: 0 | AH44: Union Bank Of India | AI44: 328002011001764 | AJ44: UBIN0532801
B45: G00265 | C45: 30 | D45: RAVI | F45: 967020437717 | G45: 31447 | H45: SSC | I45: YES | J45: TRANSPORT | K45: DRIVER | L45: 38443 | M45: OTHERS | N45: 0 | O45: 59466 | P45: 0 | Q45: 0 | R45: 0 | S45: 73458 | T45: =SUM(O45:S45) -> 132924 | U45: 0 | V45: =T45+U45 -> 132924 | W45: 0 | X45: 14288 | Y45: 0 | Z45: 1121 | AA45: 0 | AB45: 0 | AC45: 0 | AD45: 0 | AE45: =SUM(X45:AD45) -> 15409 | AF45: =V45-AE45 -> 117515 | AG45: 0 | AH45: Union Bank Of India | AI45: 328002011005702 | AJ45: UBIN0532801
B46: G00278 | C46: 31 | D46: PADMA POTTAVATHINI | F46: 445840397548 | G46: 27671 | I46: YES | J46: GIRLS HOSTEL | K46: ATTENDER | L46: 38572 | M46: OTHERS | N46: 0 | O46: 60159 | P46: 0 | Q46: 0 | R46: 0 | S46: 70234 | T46: =SUM(O46:S46) -> 130393 | U46: 0 | V46: =T46+U46 -> 130393 | W46: 0 | X46: 14442 | Y46: 0 | Z46: 1131 | AA46: 0 | AB46: 0 | AC46: 0 | AD46: 0 | AE46: =SUM(X46:AD46) -> 15573 | AF46: =V46-AE46 -> 114820 | AG46: 0 | AH46: Union Bank Of India | AI46: 328002011001774 | AJ46: UBIN0532801
B47: G00306 | C47: 32 | D47: RAMACHANDRA RAO B | E47: ABQPB1676A | F47: 479965057614 | G47: 17661 | I47: YES | J47: ADMINISTRATION | K47: C A O | L47: 38959 | M47: OTHERS | N47: 0 | O47: 628752 | P47: 0 | Q47: 0 | R47: 0 | S47: 161868 | T47: =SUM(O47:S47) -> 790620 | U47: 0 | V47: =T47+U47 -> 790620 | W47: 0 | X47: 0 | Y47: 0 | Z47: 0 | AA47: 0 | AB47: 2400 | AC47: 30224.48 | AD47: 0 | AE47: =SUM(X47:AD47) -> 32624.48 | AF47: =V47-AE47 -> 757995.52 | AG47: 0 | AH47: Union Bank Of India | AI47: 610002010005869 | AJ47: UBIN0815837
B48: G00317 | C48: 33 | D48: P. BIKSHAPATHI | E48: BFEPP0604M | F48: 397429407905 | G48: 23905 | I48: YES | J48: CORPORATE OFFICE | K48: DRIVER | L48: 39234 | M48: OTHERS | N48: 0 | O48: 203484 | P48: 0 | Q48: 0 | R48: 0 | S48: 32258 | T48: =SUM(O48:S48) -> 235742 | U48: 0 | V48: =T48+U48 -> 235742 | W48: 0 | X48: 0 | Y48: 0 | Z48: 0 | AA48: 0 | AB48: 2400 | AC48: 0 | AD48: 60000 | AE48: =SUM(X48:AD48) -> 62400 | AF48: =V48-AE48 -> 173342 | AG48: 0 | AH48: Union Bank Of India | AI48: 50820201004134 | AJ48: UBIN0550825
B49: G00328 | C49: 34 | D49: MURALI NAIDU A | E49: ASTPA8676K | F49: 856661262093 | G49: 30048 | I49: YES | J49: ADMINISTRATION | K49: EXECUTIVE | L49: 39419 | M49: OTHERS | N49: 0 | O49: 149871 | P49: 0 | Q49: 0 | R49: 0 | S49: 198183 | T49: =SUM(O49:S49) -> 348054 | U49: 0 | V49: =T49+U49 -> 348054 | W49: 0 | X49: 0 | Y49: 0 | Z49: 0 | AA49: 0 | AB49: 2400 | AC49: 0 | AD49: 12337 | AE49: =SUM(X49:AD49) -> 14737 | AF49: =V49-AE49 -> 333317 | AG49: 0 | AH49: Union Bank Of India | AI49: 328002011008839 | AJ49: UBIN0532801
B50: G00373 | C50: 35 | D50: MALATHI R | E50: AHJPR2449A | F50: 381602489391 | G50: 30112 | I50: YES | J50: ADMINISTRATION | K50: ASST MANAGER | L50: 39661 | M50: OTHERS | N50: 0 | O50: 296694 | P50: 0 | Q50: 0 | R50: 0 | S50: 251693 | T50: =SUM(O50:S50) -> 548387 | U50: 0 | V50: =T50+U50 -> 548387 | W50: 0 | X50: 0 | Y50: 0 | Z50: 0 | AA50: 0 | AB50: 2400 | AC50: 0 | AD50: 0 | AE50: =SUM(X50:AD50) -> 2400 | AF50: =V50-AE50 -> 545987 | AG50: 0 | AH50: Union Bank Of India | AI50: 328002011010090 | AJ50: UBIN0532801
B51: G00385 | C51: 36 | D51: SHARMILA R | E51: CJOPS5380N | F51: 299886642732 | G51: 29738 | H51: M SC (N) | I51: YES | J51: NURSING COLLEGE | K51: LECTURER | L51: 39911 | M51: OTHERS | N51: 0 | O51: 159856 | P51: 0 | Q51: 0 | R51: 0 | S51: 156972 | T51: =SUM(O51:S51) -> 316828 | U51: 0 | V51: =T51+U51 -> 316828 | W51: 0 | X51: 0 | Y51: 0 | Z51: 0 | AA51: 0 | AB51: 1200 | AC51: 0 | AD51: 3761.5 | AE51: =SUM(X51:AD51) -> 4961.5 | AF51: =V51-AE51 -> 311866.5 | AG51: 0 | AH51: Union Bank Of India | AI51: 328002011011803 | AJ51: UBIN0532801
B52: G00392 | C52: 37 | D52: SHASHIDHAR G | F52: 406302267450 | G52: 28856 | H52: INTERMEDIATE | I52: YES | J52: DERMATOLOGY | K52: ATTENDER | L52: 38964 | M52: OTHERS | N52: 0 | O52: 47970 | P52: 0 | Q52: 0 | R52: 0 | S52: 54455 | T52: =SUM(O52:S52) -> 102425 | U52: 0 | V52: =T52+U52 -> 102425 | W52: 0 | X52: 11514 | Y52: 0 | Z52: 897 | AA52: 0 | AB52: 0 | AC52: 0 | AD52: 0 | AE52: =SUM(X52:AD52) -> 12411 | AF52: =V52-AE52 -> 90014 | AG52: 0 | AH52: Union Bank Of India | AI52: 328002011012273 | AJ52: UBIN0532801
B53: G00393 | C53: 38 | D53: MALLAIAH USKAMALLA | F53: 444801290497 | G53: 27550 | H53: INTERMEDIATE | I53: YES | J53: GYNAECOLOGY | K53: ATTENDER | L53: 38688 | M53: OTHERS | N53: 0 | O53: 47970 | P53: 0 | Q53: 0 | R53: 0 | S53: 54455 | T53: =SUM(O53:S53) -> 102425 | U53: 0 | V53: =T53+U53 -> 102425 | W53: 0 | X53: 11514 | Y53: 0 | Z53: 897 | AA53: 0 | AB53: 0 | AC53: 0 | AD53: 0 | AE53: =SUM(X53:AD53) -> 12411 | AF53: =V53-AE53 -> 90014 | AG53: 0 | AH53: Union Bank Of India | AI53: 328002011001064 | AJ53: UBIN0532801
B54: G00401 | C54: 39 | D54: SWATHI YATAM | F54: 779837868756 | G54: 30817 | I54: YES | J54: PATHOLOGY | K54: ASSISTANT | L54: 39417 | M54: OTHERS | N54: 0 | O54: 57513 | P54: 0 | Q54: 0 | R54: 0 | S54: 68762 | T54: =SUM(O54:S54) -> 126275 | U54: 0 | V54: =T54+U54 -> 126275 | W54: 0 | X54: 13818 | Y54: 0 | Z54: 1080 | AA54: 0 | AB54: 0 | AC54: 0 | AD54: 0 | AE54: =SUM(X54:AD54) -> 14898 | AF54: =V54-AE54 -> 111377 | AG54: 0 | AH54: Union Bank Of India | AI54: 610002010009340 | AJ54: UBIN0815837
B55: G00403 | C55: 40 | D55: ASHFAQ HUSSAIN MD | F55: 956550868166 | G55: 25668 | H55: INTERMEDIATE | I55: YES | J55: MEDICAL RECORDS | K55: ASSISTANT | L55: 38869 | M55: OTHERS | N55: 0 | O55: 48081 | P55: 0 | Q55: 0 | R55: 0 | S55: 54617 | T55: =SUM(O55:S55) -> 102698 | U55: 0 | V55: =T55+U55 -> 102698 | W55: 0 | X55: 11538 | Y55: 0 | Z55: 900 | AA55: 0 | AB55: 0 | AC55: 0 | AD55: 0 | AE55: =SUM(X55:AD55) -> 12438 | AF55: =V55-AE55 -> 90260 | AG55: 0 | AH55: Union Bank Of India | AI55: 610002010001863 | AJ55: UBIN0815837
B56: G00409 | C56: 41 | D56: LAXMAIAH E | F56: 743057401584 | G56: 29769 | H56: SSC | I56: YES | J56: PHARMACOLOGY | K56: ATTENDER | L56: 38596 | M56: OTHERS | N56: 0 | O56: 48855 | P56: 0 | Q56: 0 | R56: 0 | S56: 55772 | T56: =SUM(O56:S56) -> 104627 | U56: 0 | V56: =T56+U56 -> 104627 | W56: 0 | X56: 11730 | Y56: 0 | Z56: 912 | AA56: 0 | AB56: 0 | AC56: 0 | AD56: 0 | AE56: =SUM(X56:AD56) -> 12642 | AF56: =V56-AE56 -> 91985 | AG56: 0 | AH56: Union Bank Of India | AI56: 328002011012355 | AJ56: UBIN0532801
B57: G00451 | C57: 42 | D57: MADHUSUDHAN BOLLAM | F57: 200588323495 | G57: 32421 | I57: YES | J57: GENERAL SURGERY | K57: OPD ASSISTANT | L57: 39689 | M57: OTHERS | N57: 0 | O57: 46573 | P57: 0 | Q57: 0 | R57: 0 | S57: 55594 | T57: =SUM(O57:S57) -> 102167 | U57: 0 | V57: =T57+U57 -> 102167 | W57: 0 | X57: 11180 | Y57: 0 | Z57: 873 | AA57: 0 | AB57: 0 | AC57: 0 | AD57: 0 | AE57: =SUM(X57:AD57) -> 12053 | AF57: =V57-AE57 -> 90114 | AG57: 0 | AH57: Union Bank Of India | AI57: 328002011013297 | AJ57: UBIN0532801
B58: G00453 | C58: 43 | D58: KISTA SWAMY DARA | F58: 556366494018 | G58: 27529 | H58: DMLT | I58: YES | J58: COMMUNITY MEDICINE | K58: TECHNICIAN | L58: 39484 | M58: OTHERS | N58: 0 | O58: 52105 | P58: 0 | Q58: 0 | R58: 0 | S58: 60664 | T58: =SUM(O58:S58) -> 112769 | U58: 0 | V58: =T58+U58 -> 112769 | W58: 0 | X58: 12508 | Y58: 0 | Z58: 975 | AA58: 0 | AB58: 0 | AC58: 0 | AD58: 0 | AE58: =SUM(X58:AD58) -> 13483 | AF58: =V58-AE58 -> 99286 | AG58: 0 | AH58: Union Bank Of India | AI58: 610002010009372 | AJ58: UBIN0815837
B59: G00460 | C59: 44 | D59: RAMANJANEYULU CH | E59: AEEPY9823R | F59: 270499664144 | G59: 31213 | I59: YES | J59: COVID LAB | K59: TECHNICIAN | L59: 39025 | M59: OTHERS | N59: 0 | O59: 45815 | P59: 0 | Q59: 0 | R59: 0 | S59: 51224 | T59: =SUM(O59:S59) -> 97039 | U59: 0 | V59: =T59+U59 -> 97039 | W59: 0 | X59: 11002 | Y59: 0 | Z59: 859 | AA59: 0 | AB59: 0 | AC59: 0 | AD59: 0 | AE59: =SUM(X59:AD59) -> 11861 | AF59: =V59-AE59 -> 85178 | AG59: 0 | AH59: Union Bank Of India | AI59: 610002010009370 | AJ59: UBIN0815837
B60: G00466 | C60: 45 | D60: ANJANEYULU U | F60: 822525103110 | G60: 31229 | H60: DIPLOMA | I60: YES | J60: RADIOLOGY | K60: TECHNICIAN | L60: 39426 | M60: OTHERS | N60: 0 | O60: 57484 | P60: 0 | Q60: 0 | R60: 0 | S60: 68725 | T60: =SUM(O60:S60) -> 126209 | U60: 0 | V60: =T60+U60 -> 126209 | W60: 0 | X60: 13790 | Y60: 0 | Z60: 1080 | AA60: 0 | AB60: 0 | AC60: 0 | AD60: 0 | AE60: =SUM(X60:AD60) -> 14870 | AF60: =V60-AE60 -> 111339 | AG60: 0 | AH60: Union Bank Of India | AI60: 610002010001429 | AJ60: UBIN0815837
B61: G00470 | C61: 46 | D61: KRISHNA K | F61: 964129648172 | G61: 31048 | H61: SSC | I61: YES | J61: TRANSPORT | K61: DRIVER | L61: 39722 | M61: OTHERS | N61: 0 | O61: 55056 | P61: 0 | Q61: 0 | R61: 0 | S61: 95205 | T61: =SUM(O61:S61) -> 150261 | U61: 0 | V61: =T61+U61 -> 150261 | W61: 0 | X61: 13212 | Y61: 0 | Z61: 1032 | AA61: 0 | AB61: 450 | AC61: 0 | AD61: 0 | AE61: =SUM(X61:AD61) -> 14694 | AF61: =V61-AE61 -> 135567 | AG61: 0 | AH61: Union Bank Of India | AI61: 610002010008951 | AJ61: UBIN0815837
B62: G00472 | C62: 47 | D62: SANTOSH KUMAR T | F62: 353518211236 | G62: 27558 | I62: YES | J62: GENERAL SURGERY | K62: OT TECHNICIAN | L62: 40091 | M62: OTHERS | N62: 0 | O62: 59973 | P62: 0 | Q62: 0 | R62: 0 | S62: 69952 | T62: =SUM(O62:S62) -> 129925 | U62: 0 | V62: =T62+U62 -> 129925 | W62: 0 | X62: 14412 | Y62: 0 | Z62: 1131 | AA62: 0 | AB62: 0 | AC62: 0 | AD62: 0 | AE62: =SUM(X62:AD62) -> 15543 | AF62: =V62-AE62 -> 114382 | AG62: 0 | AH62: Union Bank Of India | AI62: 328002011001733 | AJ62: UBIN0532801
B63: G00474 | C63: 48 | D63: RAMESH BOLLARAM | F63: 810908226670 | G63: 31277 | I63: YES | J63: CENTRAL LAB | K63: TECHNICIAN | L63: 39818 | M63: OTHERS | N63: 0 | O63: 35384 | P63: 0 | Q63: 0 | R63: 0 | S63: 41280 | T63: =SUM(O63:S63) -> 76664 | U63: 0 | V63: =T63+U63 -> 76664 | W63: 0 | X63: 8492 | Y63: 0 | Z63: 666 | AA63: 0 | AB63: 0 | AC63: 0 | AD63: 0 | AE63: =SUM(X63:AD63) -> 9158 | AF63: =V63-AE63 -> 67506 | AG63: 0 | AH63: Union Bank Of India | AI63: 610002010005798 | AJ63: UBIN0815837
B64: G00475 | C64: 49 | D64: ANJAIAH T | F64: 881061768325 | G64: 27395 | I64: YES | J64: PHYSIOLOGY | K64: ATTENDER | L64: 39641 | M64: OTHERS | N64: 0 | O64: 46173 | P64: 0 | Q64: 0 | R64: 0 | S64: 51761 | T64: =SUM(O64:S64) -> 97934 | U64: 0 | V64: =T64+U64 -> 97934 | W64: 0 | X64: 11070 | Y64: 0 | Z64: 861 | AA64: 0 | AB64: 0 | AC64: 0 | AD64: 0 | AE64: =SUM(X64:AD64) -> 11931 | AF64: =V64-AE64 -> 86003 | AG64: 0 | AH64: Union Bank Of India | AI64: 610002010009760 | AJ64: UBIN0815837
B65: G00479 | C65: 50 | D65: RAJU M | F65: 666615539148 | G65: 25702 | I65: YES | J65: GYNAECOLOGY | K65: OT TECHNICIAN | L65: 40565 | M65: OTHERS | N65: 0 | O65: 65484 | P65: 0 | Q65: 0 | R65: 0 | S65: 78229 | T65: =SUM(O65:S65) -> 143713 | U65: 0 | V65: =T65+U65 -> 143713 | W65: 0 | X65: 15720 | Y65: 0 | Z65: 1230 | AA65: 0 | AB65: 0 | AC65: 0 | AD65: 0 | AE65: =SUM(X65:AD65) -> 16950 | AF65: =V65-AE65 -> 126763 | AG65: 0 | AH65: Union Bank Of India | AI65: 610002010005791 | AJ65: UBIN0815837
B66: G00490 | C66: 51 | D66: SULTAN BASHEER KHAN | E66: APPPK4404A | F66: 359684490603 | G66: 21276 | H66: INTERMEDIATE ,ARMY | I66: YES | J66: SECURITY | K66: CHIEF SECURITY OFFICER | L66: 40695 | M66: OTHERS | N66: 0 | O66: 383760 | P66: 0 | Q66: 0 | R66: 0 | S66: 269640 | T66: =SUM(O66:S66) -> 653400 | U66: 0 | V66: =T66+U66 -> 653400 | W66: 0 | X66: 0 | Y66: 0 | Z66: 0 | AA66: 0 | AB66: 2400 | AC66: 0 | AD66: 16838.5 | AE66: =SUM(X66:AD66) -> 19238.5 | AF66: =V66-AE66 -> 634161.5 | AG66: 0 | AH66: Union Bank Of India | AI66: 328002011013416 | AJ66: UBIN0532801
B67: G00498 | C67: 52 | D67: LEELA RANI G | E67: AGYPG9602L | F67: 391035045094 | G67: 28109 | I67: YES | J67: ADMINISTRATION | K67: MANAGER | L67: 40695 | M67: OTHERS | N67: 0 | O67: 299194 | P67: 0 | Q67: 0 | R67: 0 | S67: 59838 | T67: =SUM(O67:S67) -> 359032 | U67: 0 | V67: =T67+U67 -> 359032 | W67: 0 | X67: 0 | Y67: 0 | Z67: 0 | AA67: 0 | AB67: 2400 | AC67: 0 | AD67: 0 | AE67: =SUM(X67:AD67) -> 2400 | AF67: =V67-AE67 -> 356632 | AG67: 0 | AH67: Union Bank Of India | AI67: 73610025259937 | AJ67: UBIN0807362
B68: G00519 | C68: 53 | D68: KEERTHI ABBAREDDY | F68: 417504973343 | G68: 31530 | H68: MA (PG) | I68: YES | J68: SKIL LAB | K68: SKILL LAB COORDINATOR | L68: 40817 | M68: OTHERS | N68: 0 | O68: 174000 | P68: 0 | Q68: 0 | R68: 0 | S68: 42000 | T68: =SUM(O68:S68) -> 216000 | U68: 0 | V68: =T68+U68 -> 216000 | W68: 0 | X68: 0 | Y68: 0 | Z68: 0 | AA68: 0 | AB68: 1950 | AC68: 0 | AD68: 0 | AE68: =SUM(X68:AD68) -> 1950 | AF68: =V68-AE68 -> 214050 | AG68: 0 | AH68: Union Bank Of India | AI68: 610002010007704 | AJ68: UBIN0815837
B69: G00530 | C69: 54 | D69: ANANTHANAGA RAO B | E69: AZXPB8224D | F69: 630383656777 | G69: 29869 | H69: B.COM | I69: YES | J69: AAROGYASRI | K69: MANAGER | L69: 40949 | M69: OTHERS | N69: 0 | O69: 246081 | P69: 0 | Q69: 0 | R69: 0 | S69: 78087 | T69: =SUM(O69:S69) -> 324168 | U69: 0 | V69: =T69+U69 -> 324168 | W69: 0 | X69: 0 | Y69: 0 | Z69: 0 | AA69: 0 | AB69: 2400 | AC69: 0 | AD69: 8071.5 | AE69: =SUM(X69:AD69) -> 10471.5 | AF69: =V69-AE69 -> 313696.5 | AG69: 0 | AH69: Union Bank Of India | AI69: 610002010008054 | AJ69: UBIN0815837
B70: G00532 | C70: 55 | D70: PRABHAKAR P | E70: BXVPP9361A | F70: 599773794225 | G70: 20590 | I70: YES | J70: CORPORATE OFFICE | K70: ASSISTANT | L70: 41000 | M70: OTHERS | N70: 0 | O70: 216219 | P70: 0 | Q70: 0 | R70: 0 | S70: 36558 | T70: =SUM(O70:S70) -> 252777 | U70: 0 | V70: =T70+U70 -> 252777 | W70: 0 | X70: 0 | Y70: 0 | Z70: 0 | AA70: 0 | AB70: 2400 | AC70: 0 | AD70: 0 | AE70: =SUM(X70:AD70) -> 2400 | AF70: =V70-AE70 -> 250377 | AG70: 0 | AH70: Union Bank Of India | AI70: 50820201004054 | AJ70: UBIN0550825
B71: G00533 | C71: 56 | D71: SIVA PRASAD P | E71: AMFPP2861H | F71: 538057637679 | G71: 23525 | I71: YES | J71: CORPORATE OFFICE | K71: MANAGER | L71: 41000 | M71: OTHERS | N71: 0 | O71: 381500 | P71: 0 | Q71: 0 | R71: 0 | S71: 345553 | T71: =SUM(O71:S71) -> 727053 | U71: 0 | V71: =T71+U71 -> 727053 | W71: 0 | X71: 0 | Y71: 0 | Z71: 0 | AA71: 0 | AB71: 2400 | AC71: 0 | AD71: 0 | AE71: =SUM(X71:AD71) -> 2400 | AF71: =V71-AE71 -> 724653 | AG71: 0 | AH71: Union Bank Of India | AI71: 50820201000226 | AJ71: UBIN0550825
B72: G00534 | C72: 57 | D72: YEDUBHUSHAN G | E72: BNTPG9854M | F72: 515459072990 | G72: 28689 | I72: YES | J72: CORPORATE OFFICE | K72: EXECUTIVE | L72: 41000 | M72: OTHERS | N72: 0 | O72: 290412 | P72: 0 | Q72: 0 | R72: 0 | S72: 138231 | T72: =SUM(O72:S72) -> 428643 | U72: 0 | V72: =T72+U72 -> 428643 | W72: 0 | X72: 0 | Y72: 0 | Z72: 0 | AA72: 0 | AB72: 2400 | AC72: 0 | AD72: 0 | AE72: =SUM(X72:AD72) -> 2400 | AF72: =V72-AE72 -> 426243 | AG72: 0 | AH72: Union Bank Of India | AI72: 50820201004203 | AJ72: UBIN0550825
B73: G00536 | C73: 58 | D73: G.BIKSHAPATHI | E73: AMBPG0421C | F73: 374299388689 | G73: 24530 | I73: YES | J73: CORPORATE OFFICE | K73: EXECUTIVE | L73: 41000 | M73: OTHERS | N73: 0 | O73: 268375 | P73: 0 | Q73: 0 | R73: 0 | S73: 218441 | T73: =SUM(O73:S73) -> 486816 | U73: 0 | V73: =T73+U73 -> 486816 | W73: 0 | X73: 0 | Y73: 0 | Z73: 0 | AA73: 0 | AB73: 2400 | AC73: 0 | AD73: 0 | AE73: =SUM(X73:AD73) -> 2400 | AF73: =V73-AE73 -> 484416 | AG73: 0 | AH73: Union Bank Of India | AI73: 50820201000105 | AJ73: UBIN0550825
B74: G00540 | C74: 59 | D74: DARAGANNA U | E74: ABEPU9405C | F74: 770446235452 | G74: 30016 | I74: YES | J74: CORPORATE OFFICE | K74: EXECUTIVE | L74: 41000 | M74: OTHERS | N74: 0 | O74: 227199 | P74: 0 | Q74: 0 | R74: 0 | S74: 33783 | T74: =SUM(O74:S74) -> 260982 | U74: 0 | V74: =T74+U74 -> 260982 | W74: 0 | X74: 0 | Y74: 0 | Z74: 0 | AA74: 0 | AB74: 2400 | AC74: 0 | AD74: 36000 | AE74: =SUM(X74:AD74) -> 38400 | AF74: =V74-AE74 -> 222582 | AG74: 0 | AH74: Union Bank Of India | AI74: 508202010043537 | AJ74: UBIN0550825
B75: G00542 | C75: 60 | D75: SRISAILAM E | E75: EFQPS0790G | F75: 689655857241 | G75: 32332 | I75: YES | J75: CORPORATE OFFICE | K75: ATTENDER | L75: 41000 | M75: OTHERS | N75: 0 | O75: 183882 | P75: 0 | Q75: 0 | R75: 0 | S75: 19794 | T75: =SUM(O75:S75) -> 203676 | U75: 0 | V75: =T75+U75 -> 203676 | W75: 0 | X75: 0 | Y75: 0 | Z75: 0 | AA75: 0 | AB75: 1950 | AC75: 0 | AD75: 20000 | AE75: =SUM(X75:AD75) -> 21950 | AF75: =V75-AE75 -> 181726 | AG75: 0 | AH75: Union Bank Of India | AI75: 50820201004387 | AJ75: UBIN0550825
B76: G00549 | C76: 61 | D76: NAGA RAJU D | E76: ANDPD0551B | F76: 689655857241 | G76: 29714 | I76: YES | J76: CORPORATE OFFICE | K76: ASST MANAGER | L76: 41068 | M76: OTHERS | N76: 0 | O76: 600000 | P76: 0 | Q76: 0 | R76: 0 | S76: 1560000 | T76: =SUM(O76:S76) -> 2160000 | U76: 0 | V76: =T76+U76 -> 2160000 | W76: 0 | X76: 0 | Y76: 0 | Z76: 0 | AA76: 0 | AB76: 2400 | AC76: 346400 | AD76: 15000 | AE76: =SUM(X76:AD76) -> 363800 | AF76: =V76-AE76 -> 1796200 | AG76: 0 | AH76: Union Bank Of India | AI76: 553902010004285 | AJ76: UBIN0561002
B77: G00559 | C77: 62 | D77: CHAKRAPANI V | E77: AKQPV3903K | F77: 761451039029 | G77: 23385 | H77: DIPLOMA | I77: YES | J77: SITE | K77: ENGINER | L77: 41183 | M77: OTHERS | N77: 0 | O77: 318978 | P77: 0 | Q77: 0 | R77: 0 | S77: 148528 | T77: =SUM(O77:S77) -> 467506 | U77: 0 | V77: =T77+U77 -> 467506 | W77: 0 | X77: 0 | Y77: 0 | Z77: 0 | AA77: 0 | AB77: 2400 | AC77: 0 | AD77: 40000 | AE77: =SUM(X77:AD77) -> 42400 | AF77: =V77-AE77 -> 425106 | AG77: 0 | AH77: Union Bank Of India | AI77: 610002010008480 | AJ77: UBIN0815837
B78: G00560 | C78: 63 | D78: SHANKAIRAIAH D | F78: 386344979186 | G78: 29587 | H78: SSC | I78: YES | J78: SITE | K78: SUPERVISOR | L78: 41183 | M78: OTHERS | N78: 0 | O78: 67817 | P78: 0 | Q78: 0 | R78: 0 | S78: 82160 | T78: =SUM(O78:S78) -> 149977 | U78: 0 | V78: =T78+U78 -> 149977 | W78: 0 | X78: 16290 | Y78: 0 | Z78: 1275 | AA78: 0 | AB78: 450 | AC78: 0 | AD78: 0 | AE78: =SUM(X78:AD78) -> 18015 | AF78: =V78-AE78 -> 131962 | AG78: 0 | AH78: Union Bank Of India | AI78: 610002010005626 | AJ78: UBIN0815837
B79: G00561 | C79: 64 | D79: SRILATHA NAIDU T | F79: 349074879528 | G79: 21715 | I79: YES | J79: ADMINISTRATION | K79: GENERAL MANAGER | L79: 41183 | M79: OTHERS | N79: 0 | O79: 107500 | P79: 0 | Q79: 0 | R79: 0 | S79: 0 | T79: =SUM(O79:S79) -> 107500 | U79: 0 | V79: =T79+U79 -> 107500 | W79: 0 | X79: 0 | Y79: 0 | Z79: 0 | AA79: 0 | AB79: 1000 | AC79: 0 | AD79: 0 | AE79: =SUM(X79:AD79) -> 1000 | AF79: =V79-AE79 -> 106500 | AG79: 0 | AH79: Union Bank Of India | AI79: 610002010008452 | AJ79: UBIN0815837
B80: G00562 | C80: 65 | D80: AMIYA PHUKAN | E80: BRCPP7580G | F80: 351245569369 | G80: 15773 | I80: YES | J80: ADMINISTRATION | K80: MANAGER | L80: 41214 | M80: OTHERS | N80: 0 | O80: 159516 | P80: 0 | Q80: 0 | R80: 0 | S80: 0 | T80: =SUM(O80:S80) -> 159516 | U80: 0 | V80: =T80+U80 -> 159516 | W80: 0 | X80: 0 | Y80: 0 | Z80: 0 | AA80: 0 | AB80: 0 | AC80: 0 | AD80: 0 | AE80: =SUM(X80:AD80) -> 0 | AF80: =V80-AE80 -> 159516 | AG80: 0 | AH80: Union Bank Of India | AI80: 386102010053379 | AJ80: 0
B81: G00563 | C81: 66 | D81: MANJU DUTTA | E81: AMMPM4618E | F81: 999529804871 | G81: 18997 | I81: YES | J81: ADMINISTRATION | K81: MANAGER | L81: 41214 | M81: OTHERS | N81: 0 | O81: 159516 | P81: 0 | Q81: 0 | R81: 0 | S81: 0 | T81: =SUM(O81:S81) -> 159516 | U81: 0 | V81: =T81+U81 -> 159516 | W81: 0 | X81: 0 | Y81: 0 | Z81: 0 | AA81: 0 | AB81: 0 | AC81: 0 | AD81: 0 | AE81: =SUM(X81:AD81) -> 0 | AF81: =V81-AE81 -> 159516 | AG81: 0 | AH81: Union Bank Of India | AI81: 608502010001792 | AJ81: UBIN0532801
B82: G00570 | C82: 67 | D82: NASREEN BEGUM | E82: AJAPN3394D | F82: 858250754493 | G82: 31230 | I82: YES | J82: ADMINISTRATION | K82: MANAGER | L82: 41275 | M82: OTHERS | N82: 0 | O82: 299194 | P82: 0 | Q82: 0 | R82: 0 | S82: 179516 | T82: =SUM(O82:S82) -> 478710 | U82: 0 | V82: =T82+U82 -> 478710 | W82: 0 | X82: 0 | Y82: 0 | Z82: 0 | AA82: 0 | AB82: 2400 | AC82: 0 | AD82: 0 | AE82: =SUM(X82:AD82) -> 2400 | AF82: =V82-AE82 -> 476310 | AG82: 0 | AH82: Union Bank Of India | AI82: 610002010008500 | AJ82: UBIN0815837
B83: G00573 | C83: 68 | D83: SATHISH KUMAR K | E83: CQUPK8055M | F83: 308803094731 | G83: 32154 | H83: DIPLOMA IN OT | I83: YES | J83: CARDIOLOGY | K83: TECHNICIAN | L83: 41321 | M83: OTHERS | N83: 0 | O83: 283823 | P83: 0 | Q83: 0 | R83: 0 | S83: 154710 | T83: =SUM(O83:S83) -> 438533 | U83: 0 | V83: =T83+U83 -> 438533 | W83: 0 | X83: 0 | Y83: 0 | Z83: 0 | AA83: 0 | AB83: 2400 | AC83: 0 | AD83: 0 | AE83: =SUM(X83:AD83) -> 2400 | AF83: =V83-AE83 -> 436133 | AG83: 0 | AH83: Union Bank Of India | AI83: 610002010009378 | AJ83: UBIN0815837
B84: G00579 | C84: 69 | D84: SAGAR T | F84: 343112693062 | G84: 27921 | I84: YES | J84: MICROBIOLOGY | K84: ATTENDER | L84: 41183 | M84: OTHERS | N84: 0 | O84: 50875 | P84: 0 | Q84: 0 | R84: 0 | S84: 58807 | T84: =SUM(O84:S84) -> 109682 | U84: 0 | V84: =T84+U84 -> 109682 | W84: 0 | X84: 12200 | Y84: 0 | Z84: 950 | AA84: 0 | AB84: 0 | AC84: 0 | AD84: 0 | AE84: =SUM(X84:AD84) -> 13150 | AF84: =V84-AE84 -> 96532 | AG84: 0 | AH84: Union Bank Of India | AI84: 328002011015299 | AJ84: UBIN0532801
B85: G00581 | C85: 70 | D85: MALLESHAM PENCHALA | F85: 803388728934 | G85: 28126 | I85: YES | J85: PHARMACOLOGY | K85: ATTENDER | L85: 41183 | M85: OTHERS | N85: 0 | O85: 45291 | P85: 0 | Q85: 0 | R85: 0 | S85: 50444 | T85: =SUM(O85:S85) -> 95735 | U85: 0 | V85: =T85+U85 -> 95735 | W85: 0 | X85: 10872 | Y85: 0 | Z85: 849 | AA85: 0 | AB85: 0 | AC85: 0 | AD85: 0 | AE85: =SUM(X85:AD85) -> 11721 | AF85: =V85-AE85 -> 84014 | AG85: 0 | AH85: Union Bank Of India | AI85: 610002010008960 | AJ85: UBIN0815837
B86: G00583 | C86: 71 | D86: RAJAIAH R | F86: 730145519994 | G86: 32273 | H86: SSC | I86: YES | J86: ANATOMY | K86: ATTENDER | L86: 41183 | M86: OTHERS | N86: 0 | O86: 47232 | P86: 0 | Q86: 0 | R86: 0 | S86: 53348 | T86: =SUM(O86:S86) -> 100580 | U86: 0 | V86: =T86+U86 -> 100580 | W86: 0 | X86: 11340 | Y86: 0 | Z86: 885 | AA86: 0 | AB86: 0 | AC86: 0 | AD86: 0 | AE86: =SUM(X86:AD86) -> 12225 | AF86: =V86-AE86 -> 88355 | AG86: 0 | AH86: Union Bank Of India | AI86: 328002011014840 | AJ86: UBIN0532801
B87: G00589 | C87: 72 | D87: NARSAIAH A | F87: 616051483224 | G87: 31506 | I87: YES | J87: BIOCHEMISTRY | K87: ATTENDER | L87: 41244 | M87: OTHERS | N87: 0 | O87: 42582 | P87: 0 | Q87: 0 | R87: 0 | S87: 46364 | T87: =SUM(O87:S87) -> 88946 | U87: 0 | V87: =T87+U87 -> 88946 | W87: 0 | X87: 10212 | Y87: 0 | Z87: 798 | AA87: 0 | AB87: 0 | AC87: 0 | AD87: 0 | AE87: =SUM(X87:AD87) -> 11010 | AF87: =V87-AE87 -> 77936 | AG87: 0 | AH87: Union Bank Of India | AI87: 610002010009016 | AJ87: UBIN0815837
B88: G00598 | C88: 73 | D88: SAMPATH J | E88: BQTPJ0185P | F88: 524048647434 | G88: 30835 | H88: DEGREE | I88: YES | J88: ADMINISTRATION | K88: COMPUTER OPERATOR | L88: 41306 | M88: OTHERS | N88: 0 | O88: 54255 | P88: 0 | Q88: 0 | R88: 0 | S88: 63890 | T88: =SUM(O88:S88) -> 118145 | U88: 0 | V88: =T88+U88 -> 118145 | W88: 0 | X88: 13014 | Y88: 0 | Z88: 1020 | AA88: 0 | AB88: 0 | AC88: 0 | AD88: 0 | AE88: =SUM(X88:AD88) -> 14034 | AF88: =V88-AE88 -> 104111 | AG88: 0 | AH88: Union Bank Of India | AI88: 328002011014172 | AJ88: UBIN0532801
B89: G00599 | C89: 74 | D89: SAMPATH A | F89: 719190989561 | G89: 33298 | I89: YES | J89: BIOCHEMISTRY | K89: TECHNICIAN | L89: 41306 | M89: OTHERS | N89: 0 | O89: 48891 | P89: 0 | Q89: 0 | R89: 0 | S89: 55832 | T89: =SUM(O89:S89) -> 104723 | U89: 0 | V89: =T89+U89 -> 104723 | W89: 0 | X89: 11736 | Y89: 0 | Z89: 921 | AA89: 0 | AB89: 0 | AC89: 0 | AD89: 0 | AE89: =SUM(X89:AD89) -> 12657 | AF89: =V89-AE89 -> 92066 | AG89: 0 | AH89: Union Bank Of India | AI89: 610002010008961 | AJ89: UBIN0815837
B90: G00600 | C90: 75 | D90: LAXMINARAYANA N | E90: CCXPN7666Q | F90: 366325787254 | G90: 32693 | H90: INTERMEDIATE | I90: YES | J90: ADMINISTRATION | K90: ATTENDER | L90: 41306 | M90: OTHERS | N90: 0 | O90: 38103 | P90: 0 | Q90: 0 | R90: 0 | S90: 39647 | T90: =SUM(O90:S90) -> 77750 | U90: 0 | V90: =T90+U90 -> 77750 | W90: 0 | X90: 9150 | Y90: 0 | Z90: 714 | AA90: 0 | AB90: 0 | AC90: 0 | AD90: 0 | AE90: =SUM(X90:AD90) -> 9864 | AF90: =V90-AE90 -> 67886 | AG90: 0 | AH90: Union Bank Of India | AI90: 610002010008963 | AJ90: UBIN0815837
B91: G00614 | C91: 76 | D91: CHANDRAMANI | E91: ABGPA5739D | F91: 546165044592 | G91: 22847 | I91: YES | J91: ADMINISTRATION | K91: GENERAL MANAGER | L91: 41396 | M91: OTHERS | N91: 0 | O91: 359032 | P91: 0 | Q91: 0 | R91: 0 | S91: 598387 | T91: =SUM(O91:S91) -> 957419 | U91: 0 | V91: =T91+U91 -> 957419 | W91: 0 | X91: 0 | Y91: 0 | Z91: 0 | AA91: 0 | AB91: 2400 | AC91: 47957.364 | AD91: 0 | AE91: =SUM(X91:AD91) -> 50357.364 | AF91: =V91-AE91 -> 907061.64 | AG91: 0 | AH91: Union Bank Of India | AI91: 328002011015280 | AJ91: UBIN0532801
B92: G00616 | C92: 77 | D92: SREENIVAS PATAKULA | E92: BUVPR3724E | F92: 387826375070 | G92: 27868 | I92: YES | J92: GENERAL SURGERY | K92: TECHNICIAN | L92: 41444 | M92: OTHERS | N92: 0 | O92: 61230 | P92: 0 | Q92: 0 | R92: 0 | S92: 71854 | T92: =SUM(O92:S92) -> 133084 | U92: 0 | V92: =T92+U92 -> 133084 | W92: 0 | X92: 14688 | Y92: 0 | Z92: 1146 | AA92: 0 | AB92: 0 | AC92: 0 | AD92: 0 | AE92: =SUM(X92:AD92) -> 15834 | AF92: =V92-AE92 -> 117250 | AG92: 0 | AH92: Union Bank Of India | AI92: 610002010009002 | AJ92: UBIN0815837
B93: G00617 | C93: 78 | D93: KOUSHIK K | E93: BQGPK8831G | F93: 249665141375 | G93: 31201 | H93: M BA | I93: YES | J93: MARKETING | K93: MANAGER | L93: 41435 | M93: OTHERS | N93: 0 | O93: 343068 | P93: 0 | Q93: 0 | R93: 0 | S93: 148071 | T93: =SUM(O93:S93) -> 491139 | U93: 0 | V93: =T93+U93 -> 491139 | W93: 0 | X93: 0 | Y93: 0 | Z93: 0 | AA93: 0 | AB93: 2400 | AC93: 0 | AD93: 0 | AE93: =SUM(X93:AD93) -> 2400 | AF93: =V93-AE93 -> 488739 | AG93: 0 | AH93: Union Bank Of India | AI93: 610002010008969 | AJ93: UBIN0815837
B94: G00621 | C94: 79 | D94: MOHD. HUSSAIN ALI | F94: 560866195280 | G94: 26025 | H94: BA | I94: YES | J94: MARKETING | K94: EXECUTIVE | L94: 41437 | M94: OTHERS | N94: 0 | O94: 72039 | P94: 0 | Q94: 0 | R94: 0 | S94: 88057 | T94: =SUM(O94:S94) -> 160096 | U94: 0 | V94: =T94+U94 -> 160096 | W94: 0 | X94: 12654 | Y94: 0 | Z94: 990 | AA94: 0 | AB94: 450 | AC94: 0 | AD94: 0 | AE94: =SUM(X94:AD94) -> 14094 | AF94: =V94-AE94 -> 146002 | AG94: 0 | AH94: Union Bank Of India | AI94: 328002011015503 | AJ94: UBIN0532801
B95: G00631 | C95: 80 | D95: DEVAIAH D | F95: 822401626668 | G95: 26403 | I95: YES | J95: GENERAL SURGERY | K95: OT TECHNICIAN | L95: 41488 | M95: OTHERS | N95: 0 | O95: 3067 | P95: 0 | Q95: 0 | R95: 0 | S95: 4600 | T95: =SUM(O95:S95) -> 7667 | U95: 0 | V95: =T95+U95 -> 7667 | W95: 0 | X95: 736 | Y95: 0 | Z95: 58 | AA95: 0 | AB95: 0 | AC95: 0 | AD95: 0 | AE95: =SUM(X95:AD95) -> 794 | AF95: =V95-AE95 -> 6873 | AG95: 0 | AH95: Union Bank Of India | AI95: 610002010009386 | AJ95: UBIN0815837
B96: G00633 | C96: 81 | D96: KRUSHNA MURTHY CH | F96: 974516882786 | G96: 29802 | H96: D MLT | I96: YES | J96: BLOOD BANK | K96: TECHNICIAN | L96: 41537 | M96: OTHERS | N96: 0 | O96: 70725 | P96: 0 | Q96: 0 | R96: 0 | S96: 86098 | T96: =SUM(O96:S96) -> 156823 | U96: 0 | V96: =T96+U96 -> 156823 | W96: 0 | X96: 16974 | Y96: 0 | Z96: 1329 | AA96: 0 | AB96: 450 | AC96: 0 | AD96: 0 | AE96: =SUM(X96:AD96) -> 18753 | AF96: =V96-AE96 -> 138070 | AG96: 0 | AH96: Union Bank Of India | AI96: 610002010009247 | AJ96: UBIN0815837
B97: G00636 | C97: 82 | D97: ANIL KUMAR L | F97: 857560472124 | G97: 21989 | H97: MBA | I97: YES | J97: MARKETING | K97: EXECUTIVE | L97: 41519 | M97: OTHERS | N97: 0 | O97: 60120 | P97: 0 | Q97: 0 | R97: 0 | S97: 70180 | T97: =SUM(O97:S97) -> 130300 | U97: 0 | V97: =T97+U97 -> 130300 | W97: 0 | X97: 14442 | Y97: 0 | Z97: 1128 | AA97: 0 | AB97: 0 | AC97: 0 | AD97: 0 | AE97: =SUM(X97:AD97) -> 15570 | AF97: =V97-AE97 -> 114730 | AG97: 0 | AH97: Union Bank Of India | AI97: 328002011015620 | AJ97: UBIN0532801
B98: G00640 | C98: 83 | D98: MOHD MOIZUDDIN | E98: FXIPM7393N | F98: 488291234546 | G98: 31362 | I98: YES | J98: NEPHROLOGY | K98: DIALYSIS TECHINICIAN | L98: 41551 | M98: OTHERS | N98: 0 | O98: 247998 | P98: 0 | Q98: 0 | R98: 0 | S98: 60427 | T98: =SUM(O98:S98) -> 308425 | U98: 0 | V98: =T98+U98 -> 308425 | W98: 0 | X98: 0 | Y98: 0 | Z98: 0 | AA98: 0 | AB98: 2400 | AC98: 0 | AD98: 0 | AE98: =SUM(X98:AD98) -> 2400 | AF98: =V98-AE98 -> 306025 | AG98: 0 | AH98: Union Bank Of India | AI98: 610002010009774 | AJ98: UBIN0815837
B99: G00658 | C99: 84 | D99: PADMA D | F99: 248345751636 | G99: 30107 | H99: DEGREE | I99: YES | J99: GENERAL MEDICINE | K99: COMPUTER OPERATOR | L99: 41129 | M99: OTHERS | N99: 0 | O99: 53658 | P99: 0 | Q99: 0 | R99: 0 | S99: 62988 | T99: =SUM(O99:S99) -> 116646 | U99: 0 | V99: =T99+U99 -> 116646 | W99: 0 | X99: 12892 | Y99: 0 | Z99: 1010 | AA99: 0 | AB99: 0 | AC99: 0 | AD99: 0 | AE99: =SUM(X99:AD99) -> 13902 | AF99: =V99-AE99 -> 102744 | AG99: 0 | AH99: Union Bank Of India | AI99: 328002011015966 | AJ99: UBIN0532801
B100: G00662 | C100: 85 | D100: PRAKASH RAO T | E100: DGSPR5914R | F100: 414348569016 | G100: 21217 | H100: SSC | I100: YES | J100: MARKETING | K100: EXECUTIVE | L100: 41639 | M100: OTHERS | N100: 0 | O100: 56784 | P100: 0 | Q100: 0 | R100: 0 | S100: 67676 | T100: =SUM(O100:S100) -> 124460 | U100: 0 | V100: =T100+U100 -> 124460 | W100: 0 | X100: 10224 | Y100: 0 | Z100: 801 | AA100: 0 | AB100: 0 | AC100: 0 | AD100: 0 | AE100: =SUM(X100:AD100) -> 11025 | AF100: =V100-AE100 -> 113435 | AG100: 0 | AH100: Union Bank Of India | AI100: 610002010009482 | AJ100: UBIN0815837
B101: G00678 | C101: 86 | D101: SAMPATH KUMAR L | E101: AIJPL0194P | F101: 973558480512 | G101: 33481 | H101: DEGREE | I101: YES | J101: AAROGYASRI | K101: EXECUTIVE | L101: 41736 | M101: OTHERS | N101: 0 | O101: 32732 | P101: 0 | Q101: 0 | R101: 0 | S101: 31598 | T101: =SUM(O101:S101) -> 64330 | U101: 0 | V101: =T101+U101 -> 64330 | W101: 0 | X101: 7868 | Y101: 0 | Z101: 616 | AA101: 0 | AB101: 0 | AC101: 0 | AD101: 0 | AE101: =SUM(X101:AD101) -> 8484 | AF101: =V101-AE101 -> 55846 | AG101: 0 | AH101: Union Bank Of India | AI101: 610002010009528 | AJ101: UBIN0815837
B102: G00683 | C102: 87 | D102: GANGA RAJU | F102: 935791213685 | G102: 29445 | H102: SSC | I102: YES | J102: GENERAL MEDICINE | K102: ATTENDER | L102: 41579 | M102: OTHERS | N102: 0 | O102: 27992 | P102: 0 | Q102: 0 | R102: 0 | S102: 24479 | T102: =SUM(O102:S102) -> 52471 | U102: 0 | V102: =T102+U102 -> 52471 | W102: 0 | X102: 6720 | Y102: 0 | Z102: 527 | AA102: 0 | AB102: 0 | AC102: 0 | AD102: 0 | AE102: =SUM(X102:AD102) -> 7247 | AF102: =V102-AE102 -> 45224 | AG102: 0 | AH102: Union Bank Of India | AI102: 610002010010861 | AJ102: UBIN0815837
B103: G00684 | C103: 88 | D103: RAVI M | F103: 735324741977 | G103: 28190 | I103: YES | J103: ORTHOPAEDICS | K103: OPD ASSISTANT | L103: 40033 | M103: OTHERS | N103: 0 | O103: 47664 | P103: 0 | Q103: 0 | R103: 0 | S103: 53999 | T103: =SUM(O103:S103) -> 101663 | U103: 0 | V103: =T103+U103 -> 101663 | W103: 0 | X103: 11442 | Y103: 0 | Z103: 897 | AA103: 0 | AB103: 0 | AC103: 0 | AD103: 0 | AE103: =SUM(X103:AD103) -> 12339 | AF103: =V103-AE103 -> 89324 | AG103: 0 | AH103: Union Bank Of India | AI103: 328002011014588 | AJ103: UBIN0532801
